Workbook
Name _UE01: DESIGN!$AP$133:$AQ$133
Name _UE03: DESIGN!$AP$133:$AU$133
Name _UE05: DESIGN!$AP$133:$AV$133
Name _UE06: DESIGN!$AP$133:$AV$133
Name _UE08: DESIGN!$AR$133:$AV$133
Name _UE18: DESIGN!$AT$133:$AV$133
Name _UG2: DESIGN!$AQ$133
Name Base: [1]DESIGN!#REF!
Name Base: [1]DESIGN!#REF!
Name Base: DESIGN!#REF!
Name BASE3: DESIGN!#REF!
Name BaseMax: [1]DESIGN!#REF!
Name BaseMax: [1]DESIGN!#REF!
Name BaseMax: DESIGN!#REF!
Name BASEmax3: DESIGN!#REF!
Name BaseMin: [1]DESIGN!#REF!
Name BaseMin: [1]DESIGN!#REF!
Name BaseMin: DESIGN!#REF!
Name BASEmin3: DESIGN!#REF!
Name ciao: DESIGN!#REF!
Name ciao: DESIGN!#REF!
Name Circuiti: [1]DESIGN!$M$78:$M$81
Name Circuiti: [1]DESIGN!$M$78:$M$81
Name Circuiti: DESIGN!#REF!
Name Circuiti3: DESIGN!#REF!
Name humidifier: DESIGN!$AA$145:$AB$151
Name language: LINGUA!$C$1:$H$1
Name LTubo: DESIGN!$AB$161:$AB$165
Name P: DESIGN!#REF!
Name P: DESIGN!#REF!
Name Pompa: [1]DESIGN!$F$94:$F$97
Name Pompa: [1]DESIGN!$F$94:$F$97
Name Pompa: DESIGN!#REF!
Name Pompa3: DESIGN!#REF!
Name Pressione: [1]DESIGN!#REF!
Name Pressione: [1]DESIGN!#REF!
Name Pressione: DESIGN!#REF!
Name Pressione3: DESIGN!#REF!
Name PressioneMax: [1]DESIGN!#REF!
Name PressioneMax: [1]DESIGN!#REF!
Name PressioneMax: DESIGN!#REF!
Name PressioneMax3: DESIGN!#REF!
Name PressioneMin: [1]DESIGN!#REF!
Name PressioneMin: [1]DESIGN!#REF!
Name PressioneMin: DESIGN!#REF!
Name PressioneMin2: DESIGN!#REF!
Name PressioneMin2: DESIGN!#REF!
Name Pressionemin3: DESIGN!#REF!
Name Primo: [1]DESIGN!#REF!
Name Primo: [1]DESIGN!#REF!
Name Primo: DESIGN!#REF!
Name Primo3: DESIGN!#REF!
Name PrimoMax: [1]DESIGN!#REF!
Name PrimoMax: [1]DESIGN!#REF!
Name PrimoMax: DESIGN!#REF!
Name PrimoMax3: DESIGN!#REF!
Name PrimoMin: [1]DESIGN!#REF!
Name PrimoMin: [1]DESIGN!#REF!
Name PrimoMin: DESIGN!#REF!
Name PrimoMin3: DESIGN!#REF!

Sheet CODICI
B1: 2016 price list
B2: Climate | D2: INSTRUCTIONS :
B3: valid from January 1st 2016 | D3: If needed change the prices in the grey cells
B5: Code | C5: Description | D5: Price list 2016 | F5: Price (selected currency)
A6: 1 | B6: DP035D22R0 | C6: =VLOOKUP(B6,LINGUA!$B:$H,2,0) -> Stainless steel steam distributor, inlet Ø=22 mm, l = 350 mm | D6: 74.6 | F6: =IF(SELECTION!$C$46="Eur",CODICI!D6,CODICI!D6*SELECTION!$C$48) -> 74.6
A7: =+A6+1 -> 2 | B7: DP045D22R0 | C7: =VLOOKUP(B7,LINGUA!$B:$H,2,0) -> Stainless steel steam distributor, inlet Ø=22 mm, l = 450 mm | D7: 85.1 | F7: =IF(SELECTION!$C$46="Eur",CODICI!D7,CODICI!D7*SELECTION!$C$48) -> 85.1
A8: =+A7+1 -> 3 | B8: DP060D22R0 | C8: =VLOOKUP(B8,LINGUA!$B:$H,2,0) -> Stainless steel steam distributor, inlet Ø=22 mm, l = 600 mm | D8: 92.5 | F8: =IF(SELECTION!$C$46="Eur",CODICI!D8,CODICI!D8*SELECTION!$C$48) -> 92.5
A9: =+A8+1 -> 4 | B9: DP085D22R0 | C9: =VLOOKUP(B9,LINGUA!$B:$H,2,0) -> Stainless steel steam distributor, inlet Ø=22 mm, l = 850 mm | D9: 114.5 | F9: =IF(SELECTION!$C$46="Eur",CODICI!D9,CODICI!D9*SELECTION!$C$48) -> 114.5
A10: =+A9+1 -> 5 | B10: DP035D30R0 | C10: =VLOOKUP(B10,LINGUA!$B:$H,2,0) -> Stainless steel steam distributor, inlet Ø=30 mm, l = 350 mm | D10: 85.1 | F10: =IF(SELECTION!$C$46="Eur",CODICI!D10,CODICI!D10*SELECTION!$C$48) -> 85.1
A11: =+A10+1 -> 6 | B11: DP045D30R0 | C11: =VLOOKUP(B11,LINGUA!$B:$H,2,0) -> Stainless steel steam distributor, inlet Ø=30 mm, l = 450 mm | D11: 103 | F11: =IF(SELECTION!$C$46="Eur",CODICI!D11,CODICI!D11*SELECTION!$C$48) -> 103
A12: =+A11+1 -> 7 | B12: DP060D30R0 | C12: =VLOOKUP(B12,LINGUA!$B:$H,2,0) -> Stainless steel steam distributor, inlet Ø=30 mm, l = 600 mm | D12: 114.5 | F12: =IF(SELECTION!$C$46="Eur",CODICI!D12,CODICI!D12*SELECTION!$C$48) -> 114.5
A13: =+A12+1 -> 8 | B13: DP085D30R0 | C13: =VLOOKUP(B13,LINGUA!$B:$H,2,0) -> Stainless steel steam distributor, inlet Ø=30 mm, l = 850 mm | D13: 140.8 | F13: =IF(SELECTION!$C$46="Eur",CODICI!D13,CODICI!D13*SELECTION!$C$48) -> 140.8
A14: =+A13+1 -> 9 | B14: DP105D30R0 | C14: =VLOOKUP(B14,LINGUA!$B:$H,2,0) -> Stainless steel steam distributor, inlet Ø=30 mm, l = 1,050 mm | D14: 152.3 | F14: =IF(SELECTION!$C$46="Eur",CODICI!D14,CODICI!D14*SELECTION!$C$48) -> 152.3
A15: =+A14+1 -> 10 | B15: DP125D30R0 | C15: =VLOOKUP(B15,LINGUA!$B:$H,2,0) -> Stainless steel steam distributor, inlet Ø=30 mm, l = 1,250 mm | D15: 157.6 | F15: =IF(SELECTION!$C$46="Eur",CODICI!D15,CODICI!D15*SELECTION!$C$48) -> 157.6
A16: =+A15+1 -> 11 | B16: DP165D30R0 | C16: =VLOOKUP(B16,LINGUA!$B:$H,2,0) -> Stainless steel steam distributor, inlet Ø=30 mm, l = 1.650 mm | D16: 162.8 | F16: =IF(SELECTION!$C$46="Eur",CODICI!D16,CODICI!D16*SELECTION!$C$48) -> 162.8
A17: =+A16+1 -> 12 | B17: DP085D40R0 | C17: =VLOOKUP(B17,LINGUA!$B:$H,2,0) -> Stainless steel steam distributor, inlet Ø=40 mm, l = 850 mm | D17: 200.6 | F17: =IF(SELECTION!$C$46="Eur",CODICI!D17,CODICI!D17*SELECTION!$C$48) -> 200.6
A18: =+A17+1 -> 13 | B18: DP105D40R0 | C18: =VLOOKUP(B18,LINGUA!$B:$H,2,0) -> Stainless steel steam distributor, inlet Ø=40 mm, l = 1,050 mm | D18: 216.4 | F18: =IF(SELECTION!$C$46="Eur",CODICI!D18,CODICI!D18*SELECTION!$C$48) -> 216.4
... A269: =+A268+1 -> 264 | B269: UE130XNC01 | C269: =VLOOKUP(B269,LINGUA!$B:$H,2,0) -> humiSteam X-plus 130 kg/h, 575Vac 3~, with regulation, cleanable cylinder | D269: 4360 | F269: =IF(SELECTION!$C$46="Eur",CODICI!D269,CODICI!D269*SELECTION!$C$48) -> 4360
A270: =+A269+1 -> 265 | B270: UR002CD002 | C270: =VLOOKUP(B270,LINGUA!$B:$H,2,0) -> heaterSteam 2 kg/h , 230Vac 1~, ON/OFF or proportional, basic version | D270: #N/A | F270: =IF(SELECTION!$C$46="Eur",CODICI!D270,CODICI!D270*SELECTION!$C$48) -> #N/A
A271: =+A270+1 -> 266 | B271: UR002CD102 | C271: =VLOOKUP(B271,LINGUA!$B:$H,2,0) -> heaterSteam 2 kg/h , 230Vac 1~, ON/OFF or proportional, full optional version | D271: #N/A | F271: =IF(SELECTION!$C$46="Eur",CODICI!D271,CODICI!D271*SELECTION!$C$48) -> #N/A
A272: =+A271+1 -> 267 | B272: UR002CU002 | C272: =VLOOKUP(B272,LINGUA!$B:$H,2,0) -> heaterSteam 2 kg/h , 208Vac 1~, ON/OFF or proportional, basic version | D272: #N/A | F272: =IF(SELECTION!$C$46="Eur",CODICI!D272,CODICI!D272*SELECTION!$C$48) -> #N/A
A273: =+A272+1 -> 268 | B273: UR002CU102 | C273: =VLOOKUP(B273,LINGUA!$B:$H,2,0) -> heaterSteam 2 kg/h , 208Vac 1~, ON/OFF or proportional, full optional version | D273: #N/A | F273: =IF(SELECTION!$C$46="Eur",CODICI!D273,CODICI!D273*SELECTION!$C$48) -> #N/A
A274: =+A273+1 -> 269 | B274: UR002HD003 | C274: =VLOOKUP(B274,LINGUA!$B:$H,2,0) -> heaterSteam process, 2 kg/h , 230Vac 1~, with regulation | D274: 1547 | F274: =IF(SELECTION!$C$46="Eur",CODICI!D274,CODICI!D274*SELECTION!$C$48) -> 1547
A275: =+A274+1 -> 270 | B275: UR002HD103 | C275: =VLOOKUP(B275,LINGUA!$B:$H,2,0) -> heaterSteam 2 kg/h , 230Vac 1~, with regulation, Titanium version | D275: 1705 | F275: =IF(SELECTION!$C$46="Eur",CODICI!D275,CODICI!D275*SELECTION!$C$48) -> 1705
A276: =+A275+1 -> 271 | B276: UR002HU002 | C276: =VLOOKUP(B276,LINGUA!$B:$H,2,0) -> heaterSteam 2 kg/h , 208Vac 1~, with regulation, basic version | D276: 1547 | F276: =IF(SELECTION!$C$46="Eur",CODICI!D276,CODICI!D276*SELECTION!$C$48) -> 1547
A277: =+A276+1 -> 272 | B277: UR002HU102 | C277: =VLOOKUP(B277,LINGUA!$B:$H,2,0) -> heaterSteam 2 kg/h , 208Vac 1~, with regulation, full optional version | D277: 1655 | F277: =IF(SELECTION!$C$46="Eur",CODICI!D277,CODICI!D277*SELECTION!$C$48) -> 1655
A278: =+A277+1 -> 273 | B278: UR004CD002 | C278: =VLOOKUP(B278,LINGUA!$B:$H,2,0) -> heaterSteam 4 kg/h , 230Vac 1~, ON/OFF or proportional, basic version | D278: #N/A | F278: =IF(SELECTION!$C$46="Eur",CODICI!D278,CODICI!D278*SELECTION!$C$48) -> #N/A
A279: =+A278+1 -> 274 | B279: UR004CD102 | C279: =VLOOKUP(B279,LINGUA!$B:$H,2,0) -> heaterSteam 4 kg/h , 230Vac 1~, ON/OFF or proportional, full optional version | D279: #N/A | F279: =IF(SELECTION!$C$46="Eur",CODICI!D279,CODICI!D279*SELECTION!$C$48) -> #N/A
A280: =+A279+1 -> 275 | B280: UR004CU002 | C280: =VLOOKUP(B280,LINGUA!$B:$H,2,0) -> heaterSteam 4 kg/h , 208Vac 1~, ON/OFF or proportional, basic version | D280: #N/A | F280: =IF(SELECTION!$C$46="Eur",CODICI!D280,CODICI!D280*SELECTION!$C$48) -> #N/A
A281: =+A280+1 -> 276 | B281: UR004CU102 | C281: =VLOOKUP(B281,LINGUA!$B:$H,2,0) -> heaterSteam 4 kg/h , 208Vac 1~, ON/OFF or proportional, full optional version | D281: #N/A | F281: =IF(SELECTION!$C$46="Eur",CODICI!D281,CODICI!D281*SELECTION!$C$48) -> #N/A
A282: =+A281+1 -> 277 | B282: UR004HD003 | C282: =VLOOKUP(B282,LINGUA!$B:$H,2,0) -> heaterSteam process, 4 kg/h , 230Vac 1~, with regulation | D282: 1655 | F282: =IF(SELECTION!$C$46="Eur",CODICI!D282,CODICI!D282*SELECTION!$C$48) -> 1655
A283: =+A282+1 -> 278 | B283: UR004HD103 | C283: =VLOOKUP(B283,LINGUA!$B:$H,2,0) -> heaterSteam 4 kg/h , 230Vac 1~, with regulation, Titanium version | D283: 1817 | F283: =IF(SELECTION!$C$46="Eur",CODICI!D283,CODICI!D283*SELECTION!$C$48) -> 1817
A284: =+A283+1 -> 279 | B284: UR004HU002 | C284: =VLOOKUP(B284,LINGUA!$B:$H,2,0) -> heaterSteam 4 kg/h , 208Vac 1~, with regulation, basic version | D284: 1655 | F284: =IF(SELECTION!$C$46="Eur",CODICI!D284,CODICI!D284*SELECTION!$C$48) -> 1655
A285: =+A284+1 -> 280 | B285: UR004HU102 | C285: =VLOOKUP(B285,LINGUA!$B:$H,2,0) -> heaterSteam 4 kg/h , 208Vac 1~, with regulation, full optional version | D285: 1764 | F285: =IF(SELECTION!$C$46="Eur",CODICI!D285,CODICI!D285*SELECTION!$C$48) -> 1764
A286: =+A285+1 -> 281 | B286: UR006CD002 | C286: =VLOOKUP(B286,LINGUA!$B:$H,2,0) -> heaterSteam 6 kg/h , 230Vac 1~, ON/OFF or proportional, basic version | D286: #N/A | F286: =IF(SELECTION!$C$46="Eur",CODICI!D286,CODICI!D286*SELECTION!$C$48) -> #N/A
A287: =+A286+1 -> 282 | B287: UR006CD102 | C287: =VLOOKUP(B287,LINGUA!$B:$H,2,0) -> heaterSteam 6 kg/h , 230Vac 1~, ON/OFF or proportional, full optional version | D287: #N/A | F287: =IF(SELECTION!$C$46="Eur",CODICI!D287,CODICI!D287*SELECTION!$C$48) -> #N/A
A288: =+A287+1 -> 283 | B288: UR006CK002 | C288: =VLOOKUP(B288,LINGUA!$B:$H,2,0) -> heaterSteam 6 kg/h , 230Vac 3~, ON/OFF or proportional, basic version | D288: #N/A | F288: =IF(SELECTION!$C$46="Eur",CODICI!D288,CODICI!D288*SELECTION!$C$48) -> #N/A
A289: =+A288+1 -> 284 | B289: UR006CK102 | C289: =VLOOKUP(B289,LINGUA!$B:$H,2,0) -> heaterSteam 6 kg/h , 230Vac 3~, ON/OFF or proportional, full optional version | D289: #N/A | F289: =IF(SELECTION!$C$46="Eur",CODICI!D289,CODICI!D289*SELECTION!$C$48) -> #N/A
A290: =+A289+1 -> 285 | B290: UR006CL002 | C290: =VLOOKUP(B290,LINGUA!$B:$H,2,0) -> heaterSteam 6 kg/h , 400Vac 3~, ON/OFF or proportional, basic version | D290: #N/A | F290: =IF(SELECTION!$C$46="Eur",CODICI!D290,CODICI!D290*SELECTION!$C$48) -> #N/A
A291: =+A290+1 -> 286 | B291: UR006CL102 | C291: =VLOOKUP(B291,LINGUA!$B:$H,2,0) -> heaterSteam 6 kg/h , 400Vac 3~, ON/OFF or proportional, full optional version | D291: #N/A | F291: =IF(SELECTION!$C$46="Eur",CODICI!D291,CODICI!D291*SELECTION!$C$48) -> #N/A
A292: =+A291+1 -> 287 | B292: UR006CM002 | C292: =VLOOKUP(B292,LINGUA!$B:$H,2,0) -> heaterSteam 6 kg/h , 460Vac 3~, ON/OFF or proportional, basic version | D292: #N/A | F292: =IF(SELECTION!$C$46="Eur",CODICI!D292,CODICI!D292*SELECTION!$C$48) -> #N/A
A293: =+A292+1 -> 288 | B293: UR006CM102 | C293: =VLOOKUP(B293,LINGUA!$B:$H,2,0) -> heaterSteam 6 kg/h , 460Vac 3~, ON/OFF or proportional, full optional version | D293: #N/A | F293: =IF(SELECTION!$C$46="Eur",CODICI!D293,CODICI!D293*SELECTION!$C$48) -> #N/A
A294: =+A293+1 -> 289 | B294: UR006CN002 | C294: =VLOOKUP(B294,LINGUA!$B:$H,2,0) -> heaterSteam 6 kg/h , 575Vac 3~, ON/OFF or proportional, basic version | D294: #N/A | F294: =IF(SELECTION!$C$46="Eur",CODICI!D294,CODICI!D294*SELECTION!$C$48) -> #N/A
A295: =+A294+1 -> 290 | B295: UR006CN102 | C295: =VLOOKUP(B295,LINGUA!$B:$H,2,0) -> heaterSteam 6 kg/h , 575Vac 3~, ON/OFF or proportional, full optional version | D295: #N/A | F295: =IF(SELECTION!$C$46="Eur",CODICI!D295,CODICI!D295*SELECTION!$C$48) -> #N/A
A296: =+A295+1 -> 291 | B296: UR006CU002 | C296: =VLOOKUP(B296,LINGUA!$B:$H,2,0) -> heaterSteam 6 kg/h , 208Vac 1~, ON/OFF or proportional, basic version | D296: #N/A | F296: =IF(SELECTION!$C$46="Eur",CODICI!D296,CODICI!D296*SELECTION!$C$48) -> #N/A
A297: =+A296+1 -> 292 | B297: UR006CU102 | C297: =VLOOKUP(B297,LINGUA!$B:$H,2,0) -> heaterSteam 6 kg/h , 208Vac 1~, ON/OFF or proportional, full optional version | D297: #N/A | F297: =IF(SELECTION!$C$46="Eur",CODICI!D297,CODICI!D297*SELECTION!$C$48) -> #N/A
... A299: =+A298+1 -> 294 | B299: UR006CW102 | C299: =VLOOKUP(B299,LINGUA!$B:$H,2,0) -> heaterSteam 6 kg/h , 208Vac 3~, ON/OFF or proportional, full optional version | D299: #N/A | F299: =IF(SELECTION!$C$46="Eur",CODICI!D299,CODICI!D299*SELECTION!$C$48) -> #N/A
A300: =+A299+1 -> 295 | B300: UR006HD003 | C300: =VLOOKUP(B300,LINGUA!$B:$H,2,0) -> heaterSteam process, 6 kg/h , 230Vac 1~, with regulationn | D300: 2226 | F300: =IF(SELECTION!$C$46="Eur",CODICI!D300,CODICI!D300*SELECTION!$C$48) -> 2226
A301: =+A300+1 -> 296 | B301: UR006HD103 | C301: =VLOOKUP(B301,LINGUA!$B:$H,2,0) -> heaterSteam 6 kg/h , 230Vac 1~, with regulation, Titanium version | D301: 2516 | F301: =IF(SELECTION!$C$46="Eur",CODICI!D301,CODICI!D301*SELECTION!$C$48) -> 2516
A302: =+A301+1 -> 297 | B302: UR006HK003 | C302: =VLOOKUP(B302,LINGUA!$B:$H,2,0) -> heaterSteam process, 6 kg/h , 230Vac 3~, with regulation | D302: 2226 | F302: =IF(SELECTION!$C$46="Eur",CODICI!D302,CODICI!D302*SELECTION!$C$48) -> 2226
A303: =+A302+1 -> 298 | B303: UR006HK103 | C303: =VLOOKUP(B303,LINGUA!$B:$H,2,0) -> heaterSteam 6 kg/h , 230Vac 3~, with regulation, Titanium version | D303: 2516 | F303: =IF(SELECTION!$C$46="Eur",CODICI!D303,CODICI!D303*SELECTION!$C$48) -> 2516
A304: =+A303+1 -> 299 | B304: UR006HL003 | C304: =VLOOKUP(B304,LINGUA!$B:$H,2,0) -> heaterSteam process, 6 kg/h , 400Vac 3~, with regulation | D304: 2226 | F304: =IF(SELECTION!$C$46="Eur",CODICI!D304,CODICI!D304*SELECTION!$C$48) -> 2226
A305: =+A304+1 -> 300 | B305: UR006HL103 | C305: =VLOOKUP(B305,LINGUA!$B:$H,2,0) -> heaterSteam 6 kg/h , 400Vac 3~, with regulation, Titanium version | D305: 2516 | F305: =IF(SELECTION!$C$46="Eur",CODICI!D305,CODICI!D305*SELECTION!$C$48) -> 2516
A306: =+A305+1 -> 301 | B306: UR006HM002 | C306: =VLOOKUP(B306,LINGUA!$B:$H,2,0) -> #N/A | D306: 2226 | F306: =IF(SELECTION!$C$46="Eur",CODICI!D306,CODICI!D306*SELECTION!$C$48) -> 2226
A307: =+A306+1 -> 302 | B307: UR006HM102 | C307: =VLOOKUP(B307,LINGUA!$B:$H,2,0) -> #N/A | D307: 2442 | F307: =IF(SELECTION!$C$46="Eur",CODICI!D307,CODICI!D307*SELECTION!$C$48) -> 2442
A308: =+A307+1 -> 303 | B308: UR006HN002 | C308: =VLOOKUP(B308,LINGUA!$B:$H,2,0) -> heaterSteam 6 kg/h , 575Vac 3~, with regulation, basic version | D308: 2226 | F308: =IF(SELECTION!$C$46="Eur",CODICI!D308,CODICI!D308*SELECTION!$C$48) -> 2226
A309: =+A308+1 -> 304 | B309: UR006HN102 | C309: =VLOOKUP(B309,LINGUA!$B:$H,2,0) -> heaterSteam 6 kg/h , 575Vac 3~, with regulation, full optional version | D309: 2442 | F309: =IF(SELECTION!$C$46="Eur",CODICI!D309,CODICI!D309*SELECTION!$C$48) -> 2442
A310: =+A309+1 -> 305 | B310: UR006HU002 | C310: =VLOOKUP(B310,LINGUA!$B:$H,2,0) -> heaterSteam 6 kg/h , 208Vac 1~, with regulation, basic version | D310: 2226 | F310: =IF(SELECTION!$C$46="Eur",CODICI!D310,CODICI!D310*SELECTION!$C$48) -> 2226
A311: =+A310+1 -> 306 | B311: UR006HU102 | C311: =VLOOKUP(B311,LINGUA!$B:$H,2,0) -> heaterSteam 6 kg/h , 208Vac 1~, with regulation, full optional version | D311: 2442 | F311: =IF(SELECTION!$C$46="Eur",CODICI!D311,CODICI!D311*SELECTION!$C$48) -> 2442
... A313: =+A312+1 -> 308 | B313: UR006HW102 | C313: =VLOOKUP(B313,LINGUA!$B:$H,2,0) -> heaterSteam 6 kg/h , 208Vac 3~, with regulation, full optional version | D313: 2442 | F313: =IF(SELECTION!$C$46="Eur",CODICI!D313,CODICI!D313*SELECTION!$C$48) -> 2442
A314: =+A313+1 -> 309 | B314: UR010CK002 | C314: =VLOOKUP(B314,LINGUA!$B:$H,2,0) -> heaterSteam 10 kg/h , 230Vac 3~, ON/OFF or proportional, basic version | D314: #N/A | F314: =IF(SELECTION!$C$46="Eur",CODICI!D314,CODICI!D314*SELECTION!$C$48) -> #N/A
A315: =+A314+1 -> 310 | B315: UR010CK102 | C315: =VLOOKUP(B315,LINGUA!$B:$H,2,0) -> heaterSteam 10 kg/h , 230Vac 3~, ON/OFF or proportional, full optional version | D315: #N/A | F315: =IF(SELECTION!$C$46="Eur",CODICI!D315,CODICI!D315*SELECTION!$C$48) -> #N/A
A316: =+A315+1 -> 311 | B316: UR010CL002 | C316: =VLOOKUP(B316,LINGUA!$B:$H,2,0) -> heaterSteam 10 kg/h , 400Vac 3~, ON/OFF or proportional, basic version | D316: #N/A | F316: =IF(SELECTION!$C$46="Eur",CODICI!D316,CODICI!D316*SELECTION!$C$48) -> #N/A
A317: =+A316+1 -> 312 | B317: UR010CL102 | C317: =VLOOKUP(B317,LINGUA!$B:$H,2,0) -> heaterSteam 10 kg/h , 400Vac 3~, ON/OFF or proportional, full optional version | D317: #N/A | F317: =IF(SELECTION!$C$46="Eur",CODICI!D317,CODICI!D317*SELECTION!$C$48) -> #N/A
A318: =+A317+1 -> 313 | B318: UR010CM002 | C318: =VLOOKUP(B318,LINGUA!$B:$H,2,0) -> heaterSteam 10 kg/h , 460Vac 3~, ON/OFF or proportional, basic version | D318: #N/A | F318: =IF(SELECTION!$C$46="Eur",CODICI!D318,CODICI!D318*SELECTION!$C$48) -> #N/A
A319: =+A318+1 -> 314 | B319: UR010CM102 | C319: =VLOOKUP(B319,LINGUA!$B:$H,2,0) -> heaterSteam 10 kg/h , 460Vac 3~, ON/OFF or proportional, full optional version | D319: #N/A | F319: =IF(SELECTION!$C$46="Eur",CODICI!D319,CODICI!D319*SELECTION!$C$48) -> #N/A
A320: =+A319+1 -> 315 | B320: UR010CN002 | C320: =VLOOKUP(B320,LINGUA!$B:$H,2,0) -> heaterSteam 10 kg/h , 575Vac 3~, ON/OFF or proportional, basic version | D320: #N/A | F320: =IF(SELECTION!$C$46="Eur",CODICI!D320,CODICI!D320*SELECTION!$C$48) -> #N/A
A321: =+A320+1 -> 316 | B321: UR010CN102 | C321: =VLOOKUP(B321,LINGUA!$B:$H,2,0) -> heaterSteam 10 kg/h , 575Vac 3~, ON/OFF or proportional, full optional version | D321: #N/A | F321: =IF(SELECTION!$C$46="Eur",CODICI!D321,CODICI!D321*SELECTION!$C$48) -> #N/A
A322: =+A321+1 -> 317 | B322: UR010CW002 | C322: =VLOOKUP(B322,LINGUA!$B:$H,2,0) -> heaterSteam 10 kg/h , 208Vac 3~, ON/OFF or proportional, basic version | D322: #N/A | F322: =IF(SELECTION!$C$46="Eur",CODICI!D322,CODICI!D322*SELECTION!$C$48) -> #N/A
A323: =+A322+1 -> 318 | B323: UR010CW102 | C323: =VLOOKUP(B323,LINGUA!$B:$H,2,0) -> heaterSteam 10 kg/h , 208Vac 3~, ON/OFF or proportional, full optional version | D323: #N/A | F323: =IF(SELECTION!$C$46="Eur",CODICI!D323,CODICI!D323*SELECTION!$C$48) -> #N/A
A324: =+A323+1 -> 319 | B324: UR010HK003 | C324: =VLOOKUP(B324,LINGUA!$B:$H,2,0) -> heaterSteam process, 10 kg/h , 230Vac 3~, with regulation | D324: 2442 | F324: =IF(SELECTION!$C$46="Eur",CODICI!D324,CODICI!D324*SELECTION!$C$48) -> 2442
A325: =+A324+1 -> 320 | B325: UR010HK103 | C325: =VLOOKUP(B325,LINGUA!$B:$H,2,0) -> heaterSteam 10 kg/h , 230Vac 3~, with regulation, Titanium version | D325: 2740 | F325: =IF(SELECTION!$C$46="Eur",CODICI!D325,CODICI!D325*SELECTION!$C$48) -> 2740
A326: =+A325+1 -> 321 | B326: UR010HL003 | C326: =VLOOKUP(B326,LINGUA!$B:$H,2,0) -> heaterSteam process, 10 kg/h , 400Vac 3~, with regulation | D326: 2442 | F326: =IF(SELECTION!$C$46="Eur",CODICI!D326,CODICI!D326*SELECTION!$C$48) -> 2442
A327: =+A326+1 -> 322 | B327: UR010HL103 | C327: =VLOOKUP(B327,LINGUA!$B:$H,2,0) -> heaterSteam 10 kg/h , 400Vac 3~, with regulation, Titanium version | D327: 2740 | F327: =IF(SELECTION!$C$46="Eur",CODICI!D327,CODICI!D327*SELECTION!$C$48) -> 2740
A328: =+A327+1 -> 323 | B328: UR010HM003 | C328: =VLOOKUP(B328,LINGUA!$B:$H,2,0) -> heaterSteam process, 10 kg/h , 460Vac 3~, with regulation | D328: 2467 | F328: =IF(SELECTION!$C$46="Eur",CODICI!D328,CODICI!D328*SELECTION!$C$48) -> 2467
A329: =+A328+1 -> 324 | B329: UR010HM103 | C329: =VLOOKUP(B329,LINGUA!$B:$H,2,0) -> heaterSteam 10 kg/h , 460Vac 3~, with regulation, Titanium version | D329: 2767 | F329: =IF(SELECTION!$C$46="Eur",CODICI!D329,CODICI!D329*SELECTION!$C$48) -> 2767
A330: =+A329+1 -> 325 | B330: UR010HN002 | C330: =VLOOKUP(B330,LINGUA!$B:$H,2,0) -> heaterSteam 10 kg/h , 575Vac 3~, with regulation, basic version | D330: 2442 | F330: =IF(SELECTION!$C$46="Eur",CODICI!D330,CODICI!D330*SELECTION!$C$48) -> 2442
A331: =+A330+1 -> 326 | B331: UR010HN102 | C331: =VLOOKUP(B331,LINGUA!$B:$H,2,0) -> heaterSteam 10 kg/h , 575Vac 3~, with regulation, full optional version | D331: 2660 | F331: =IF(SELECTION!$C$46="Eur",CODICI!D331,CODICI!D331*SELECTION!$C$48) -> 2660
A332: =+A331+1 -> 327 | B332: UR010HW002 | C332: =VLOOKUP(B332,LINGUA!$B:$H,2,0) -> heaterSteam 10 kg/h , 208Vac 3~, with regulation, basic version | D332: 2442 | F332: =IF(SELECTION!$C$46="Eur",CODICI!D332,CODICI!D332*SELECTION!$C$48) -> 2442
A333: =+A332+1 -> 328 | B333: UR010HW102 | C333: =VLOOKUP(B333,LINGUA!$B:$H,2,0) -> heaterSteam 10 kg/h , 208Vac 3~, with regulation, full optional version | D333: 2660 | F333: =IF(SELECTION!$C$46="Eur",CODICI!D333,CODICI!D333*SELECTION!$C$48) -> 2660
A334: =+A333+1 -> 329 | B334: UR013HW002 | C334: =VLOOKUP(B334,LINGUA!$B:$H,2,0) -> heaterSteam 13 kg/h , 208Vac 3~, with regulation, basic version | D334: 2714 | F334: =IF(SELECTION!$C$46="Eur",CODICI!D334,CODICI!D334*SELECTION!$C$48) -> 2714
A335: =+A334+1 -> 330 | B335: UR013HW102 | C335: =VLOOKUP(B335,LINGUA!$B:$H,2,0) -> heaterSteam 13 kg/h , 208Vac 3~, with regulation, full optional version | D335: 2890 | F335: =IF(SELECTION!$C$46="Eur",CODICI!D335,CODICI!D335*SELECTION!$C$48) -> 2890
... A343: =+A342+1 -> 338 | B343: UR013HN102 | C343: =VLOOKUP(B343,LINGUA!$B:$H,2,0) -> heaterSteam 13 kg/h , 575Vac 3~, with regulation, full optional version | D343: 2890 | F343: =IF(SELECTION!$C$46="Eur",CODICI!D343,CODICI!D343*SELECTION!$C$48) -> 2890
A344: =+A343+1 -> 339 | B344: UR020CK002 | C344: =VLOOKUP(B344,LINGUA!$B:$H,2,0) -> heaterSteam 20 kg/h , 230Vac 3~, ON/OFF or proportional, basic version | D344: #N/A | F344: =IF(SELECTION!$C$46="Eur",CODICI!D344,CODICI!D344*SELECTION!$C$48) -> #N/A
A345: =+A344+1 -> 340 | B345: UR020CK102 | C345: =VLOOKUP(B345,LINGUA!$B:$H,2,0) -> heaterSteam 20 kg/h , 230Vac 3~, ON/OFF or proportional, full optional version | D345: #N/A | F345: =IF(SELECTION!$C$46="Eur",CODICI!D345,CODICI!D345*SELECTION!$C$48) -> #N/A
A346: =+A345+1 -> 341 | B346: UR020CL002 | C346: =VLOOKUP(B346,LINGUA!$B:$H,2,0) -> heaterSteam 20 kg/h , 400Vac 3~, ON/OFF or proportional, basic version | D346: #N/A | F346: =IF(SELECTION!$C$46="Eur",CODICI!D346,CODICI!D346*SELECTION!$C$48) -> #N/A
A347: =+A346+1 -> 342 | B347: UR020CL102 | C347: =VLOOKUP(B347,LINGUA!$B:$H,2,0) -> heaterSteam 20 kg/h , 400Vac 3~, ON/OFF or proportional, full optional version | D347: #N/A | F347: =IF(SELECTION!$C$46="Eur",CODICI!D347,CODICI!D347*SELECTION!$C$48) -> #N/A
A348: =+A347+1 -> 343 | B348: UR020CM002 | C348: =VLOOKUP(B348,LINGUA!$B:$H,2,0) -> heaterSteam 20 kg/h , 460Vac 3~, ON/OFF or proportional, basic version | D348: #N/A | F348: =IF(SELECTION!$C$46="Eur",CODICI!D348,CODICI!D348*SELECTION!$C$48) -> #N/A
A349: =+A348+1 -> 344 | B349: UR020CM102 | C349: =VLOOKUP(B349,LINGUA!$B:$H,2,0) -> heaterSteam 20 kg/h , 460Vac 3~, ON/OFF or proportional, full optional version | D349: #N/A | F349: =IF(SELECTION!$C$46="Eur",CODICI!D349,CODICI!D349*SELECTION!$C$48) -> #N/A
A350: =+A349+1 -> 345 | B350: UR020CN002 | C350: =VLOOKUP(B350,LINGUA!$B:$H,2,0) -> heaterSteam 20 kg/h , 575Vac 3~, ON/OFF or proportional, basic version | D350: #N/A | F350: =IF(SELECTION!$C$46="Eur",CODICI!D350,CODICI!D350*SELECTION!$C$48) -> #N/A
A351: =+A350+1 -> 346 | B351: UR020CN102 | C351: =VLOOKUP(B351,LINGUA!$B:$H,2,0) -> heaterSteam 20 kg/h , 575Vac 3~, ON/OFF or proportional, full optional version | D351: #N/A | F351: =IF(SELECTION!$C$46="Eur",CODICI!D351,CODICI!D351*SELECTION!$C$48) -> #N/A
A352: =+A351+1 -> 347 | B352: UR020CW002 | C352: =VLOOKUP(B352,LINGUA!$B:$H,2,0) -> heaterSteam 20 kg/h , 208Vac 3~, ON/OFF or proportional, basic version | D352: #N/A | F352: =IF(SELECTION!$C$46="Eur",CODICI!D352,CODICI!D352*SELECTION!$C$48) -> #N/A
A353: =+A352+1 -> 348 | B353: UR020CW102 | C353: =VLOOKUP(B353,LINGUA!$B:$H,2,0) -> heaterSteam 20 kg/h , 208Vac 3~, ON/OFF or proportional, full optional version | D353: #N/A | F353: =IF(SELECTION!$C$46="Eur",CODICI!D353,CODICI!D353*SELECTION!$C$48) -> #N/A
A354: =+A353+1 -> 349 | B354: UR020HK003 | C354: =VLOOKUP(B354,LINGUA!$B:$H,2,0) -> heaterSteam process, 20 kg/h , 230Vac 3~, with regulation | D354: 3047 | F354: =IF(SELECTION!$C$46="Eur",CODICI!D354,CODICI!D354*SELECTION!$C$48) -> 3047
A355: =+A354+1 -> 350 | B355: UR020HK103 | C355: =VLOOKUP(B355,LINGUA!$B:$H,2,0) -> heaterSteam 20 kg/h , 230Vac 3~, with regulation, Titanium version | D355: 3493 | F355: =IF(SELECTION!$C$46="Eur",CODICI!D355,CODICI!D355*SELECTION!$C$48) -> 3493
A356: =+A355+1 -> 351 | B356: UR020HL003 | C356: =VLOOKUP(B356,LINGUA!$B:$H,2,0) -> heaterSteam process, 20 kg/h , 400Vac 3~, with regulation | D356: 3047 | F356: =IF(SELECTION!$C$46="Eur",CODICI!D356,CODICI!D356*SELECTION!$C$48) -> 3047
A357: =+A356+1 -> 352 | B357: UR020HL103 | C357: =VLOOKUP(B357,LINGUA!$B:$H,2,0) -> heaterSteam 20 kg/h , 400Vac 3~, with regulation, Titanium version | D357: 3493 | F357: =IF(SELECTION!$C$46="Eur",CODICI!D357,CODICI!D357*SELECTION!$C$48) -> 3493
A358: =+A357+1 -> 353 | B358: UR020HM003 | C358: =VLOOKUP(B358,LINGUA!$B:$H,2,0) -> heaterSteam process, 20 kg/h , 460Vac 3~, with regulation | D358: 3078 | F358: =IF(SELECTION!$C$46="Eur",CODICI!D358,CODICI!D358*SELECTION!$C$48) -> 3078
A359: =+A358+1 -> 354 | B359: UR020HM103 | C359: =VLOOKUP(B359,LINGUA!$B:$H,2,0) -> heaterSteam 20 kg/h , 460Vac 3~, with regulation, Titanium version | D359: 3528 | F359: =IF(SELECTION!$C$46="Eur",CODICI!D359,CODICI!D359*SELECTION!$C$48) -> 3528
A360: =+A359+1 -> 355 | B360: UR020HN002 | C360: =VLOOKUP(B360,LINGUA!$B:$H,2,0) -> heaterSteam 20 kg/h , 575Vac 3~, with regulation, basic version | D360: 3047 | F360: =IF(SELECTION!$C$46="Eur",CODICI!D360,CODICI!D360*SELECTION!$C$48) -> 3047
...

Sheet LINGUA
B1: If needed change the language in the grey cells DO NOT MODIFY IN ANY WAY THE FIRST THREE COLUMNS A, B AND C | C1: ENGLISH | D1: ITALIANO | E1: ENGLISH | F1: FRANCAIS | G1: DEUTSCH | H1: ESPAÑOL
B2: AZIONE AUTOMATICA | C2: SENTENCE TO INSERT | D2: FRASI DA INSERIRE | E2: SENTENCE TO INSERT | H2: FRASES A INSERTAR | J2: Unità di misura e limiti
B3: =CONCATENATE(IF(A3=1," ",""),C3) -> INSTRUCTIONS: insert input data in grey cells. Results appear in green cells. | C3: INSTRUCTIONS: insert input data in grey cells. Results appear in green cells. | D3: ISTRUZIONI: inserire i dati nelle caselle grigie. I dati elaborati compaiono nelle caselle color verde | E3: INSTRUCTIONS: insert input data in grey cells. Results appear in green cells. | F3: INSTRUCTION: insérer les données dans les cellules grisées. Les résultats apparaissent dans les cellules vert. | G3: Anleitung: Die Eingabe der Daten erfolgt in die grauen Zellen. Die berechneten Ergebnisse werden in den grün Zellen ausgegeben. | H3: INSTRUCCIONES: Insertar los datos en las casillas grises. Los datos elaborados aparecen en las casillas de color verde. | J3: mm | K3: mm
B4: =CONCATENATE(IF(A4=1," ",""),C4) -> Altitude a.s.l. | C4: Altitude a.s.l. | D4: Altitudine s.l.m. | E4: Altitude a.s.l. | F4: Altitude a.s.l | G4: Höhe ü.d.M. | H4: Altitud s.n.m. | J4: g/kg | K4: g/kg
B5: =CONCATENATE(IF(A5=1," ",""),C5) -> Altitude error | C5: Altitude error | D5: Errore altitudine | E5: Altitude error | F5: Erreur altitude | G5: Fehler Höheneingabe | H5: Error altitud | J5: m/sec | K5: m/sec
B6: =CONCATENATE(IF(A6=1," ",""),C6) -> External Air | C6: External Air | D6: Aria esterna | E6: External Air | H6: Aire en la entrada | J6: °C | K6: °C
B7: =CONCATENATE(IF(A7=1," ",""),C7) -> Air after the humidifier | C7: Air after the humidifier | D7: Aria in uscita | E7: Air after the humidifier | F7: Air après humidification | G7: Luft nach dem Befeuchter | H7: Aire en la salida | J7: m^3/h | K7: m^3/h
B8: =CONCATENATE(IF(A8=1," ",""),C8) -> m | C8: m | D8: m | E8: m | F8: m | G8: m | H8: m | J8: kg/h | K8: kg/h
B9: =CONCATENATE(IF(A9=1," ",""),C9) -> Relative humidity | C9: Relative humidity | D9: Umidità relativa | E9: Relative humidity | F9: Hygrométrie relative | G9: relative Feuchte | H9: Humedad relativa | J9: bar | K9: bar
B10: =CONCATENATE(IF(A10=1," ",""),C10) -> Temperature | C10: Temperature | D10: Temperatura | E10: Temperature | F10: Température | G10: Temperatur | H10: Temperatura | J10: Hz | K10: Hz
B11: =CONCATENATE(IF(A11=1," ",""),C11) -> Specific humidity | C11: Specific humidity | D11: Umidità specifica | E11: Specific humidity | F11: Hygrométrie spécifique | G11: absolute Feuchte | H11: Humedad específica | J11: RPM | K11: PRM
B12: =CONCATENATE(IF(A12=1," ",""),C12) -> Difference x2-x1 | C12: Difference x2-x1 | D12: Delta x2-x1 | E12: Difference x2-x1 | F12: Différence x2-x1 | G12: Differenz x2-x1 | H12: Delta x2-x1 | J12: rH | K12: rH
B13: =CONCATENATE(IF(A13=1," ",""),C13) -> The following diagram shows the isothermal transformation in red. Blue lines represent curves at a fixed relative humidity, while cyan ones are constant-enthalpy curves. | C13: The following diagram shows the isothermal transformation in red. Blue lines represent curves at a fixed relative humidity, while cyan ones are constant-enthalpy curves. | D13: Nel diagramma successivo è rappresentata in rosso la trasformazione isotermica scelta. In azzurro sono rappresentate le curve isoentalpiche mentre in blu sono riportate quelle ad umidità relativa costante. | E13: The following diagram shows the isothermal transformation in red. Blue lines represent curves at a fixed relative humidity, while cyan ones are constant-enthalpy curves. | F13: Le schéma suivant présente les transformations adiabatiques en rouge. Les lignes bleues représentent les courbes à humidité relative constante, les lignes cyans, les courbes à enthalpie constante. | G13: Das folgende Diagramm wird die Enthalpie-Veränderung durch die adiabate Befeuchtung in roter Farbe dargstellt. Die blauen Linien zeigen die relative Luftfeuchte an und Cyan gibt die konstante Enthalpien an. | H13: En el siguiente diagrama se representa en rojo la transformación isotérmica seleccionada. En azul se representan las curvas isentálpicas mientras que en celeste se muestran las de humedad relativa constante.
B14: =CONCATENATE(IF(A14=1," ",""),C14) -> Duct | C14: Duct | D14: Condotta | E14: Duct | F14: Gaine | G14: Kanal | H14: Conducto
B15: =CONCATENATE(IF(A15=1," ",""),C15) -> Internal width C1 | C15: Internal width C1 | D15: Larghezza interna C1 | E15: Internal width C1 | F15: Largeur interne C1 | G15: Innere Kanalbreite C1 | H15: Anchura interna C1
B16: =CONCATENATE(IF(A16=1," ",""),C16) -> Internal height C2 | C16: Internal height C2 | D16: Altezza interna C2 | E16: Internal height C2 | F16: Hauteur interne C2 | G16: Innere Kanalhöhe C2 | H16: Altura interna C2
B17: =CONCATENATE(IF(A17=1," ",""),C17) -> Percentage of recirculation air | C17: Percentage of recirculation air | D17: Percentuale di aria ricircolata | E17: Percentage of recirculation air | F17: Percentage of recirculation air | G17: Percentage of recirculation air | H17: Percentual de aire recirculada
B18: =CONCATENATE(IF(A18=1," ",""),C18) -> Air flow V | C18: Air flow V | D18: Portata oraria V | E18: Air flow V | F18: Débit d'air V | G18: Luftvolumenstrom V | H18: Producción horaria V
B19: =CONCATENATE(IF(A19=1," ",""),C19) -> Air flow GA | C19: Air flow GA | D19: Portata oraria GA | E19: Air flow GA | F19: Débit d'air GA | G19: Muftmassenstrom m | H19: Producción horaria GA
B20: =CONCATENATE(IF(A20=1," ",""),C20) -> Air speed | C20: Air speed | D20: Velocità dell'aria | E20: Air speed | F20: Vitesse d'air | G20: Luftgeschwindigkeit | H20: Velocidad del aire
B21: =CONCATENATE(IF(A21=1," ",""),C21) -> Total water flow Gw | C21: Total water flow Gw | D21: Acqua totale Gw | E21: Total water flow Gw | F21: Débit total d'eau Gw | G21: Gesamt-Wassermenge | H21: Agua total Gw
B22: =CONCATENATE(IF(A22=1," ",""),C22) -> Internal width too small | C22: Internal width too small | D22: Larghezza della condotta insufficiente! | E22: Internal width too small | F22: Largeur interne trop courte | G22: Innere Kanalbreite C1 zu klein | H22: ¡Anchura del conducto insuficiente!
B23: =CONCATENATE(IF(A23=1," ",""),C23) -> Internal height too small | C23: Internal height too small | D23: Altezza della condotta insufficiente! | E23: Internal height too small | F23: Hauteur interne trop courte | G23: Innere Kanalhöhe C2 zu klein | H23: ¡Altura del conducto insuficiente!
B24: =CONCATENATE(IF(A24=1," ",""),C24) -> Error | C24: Error | D24: Errore | E24: Error | F24: Erreur | G24: Fehler | H24: Error
... B31: =CONCATENATE(IF(A31=1," ",""),C31) -> Do you want it? (Yes or No)? | C31: Do you want it? (Yes or No)? | D31: Lo si vuole (Si o No)? | E31: Do you want it? (Yes or No)? | F31: Voulez-vous? (Oui ou Non)? | G31: Gewünscht? (Ja oder Nein) | H31: ¿Lo desea (Si o No)?
A32: 1 | B32: =CONCATENATE(IF(A32=1," ",""),C32) -> Yes/No? | C32: Yes/No? | D32: Si/No? | E32: Yes/No? | F32: Oui/Non? | G32: (Ja/Nein) | H32: ¿Si/No?
B33: =CONCATENATE(IF(A33=1," ",""),C33) -> Total list price | C33: Total list price | D33: Totale prezzo di listino | E33: Total list price | F33: Total prix liste | G33: Gesamt Listenpreis | H33: Total precio de lista
B34: =CONCATENATE(IF(A34=1," ",""),C34) -> Yes | C34: Yes | D34: Si | E34: Yes | F34: Oui? | G34: Ja | H34: Si
B35: =CONCATENATE(IF(A35=1," ",""),C35) -> No | C35: No | D35: No | E35: No | F35: Non | G35: Nein | H35: No
B36: =CONCATENATE(IF(A36=1," ",""),C36) -> Discount | C36: Discount | D36: Sconto | E36: Discount | F36: Remise | G36: Rabatt | H36: Descuento
B37: =CONCATENATE(IF(A37=1," ",""),C37) -> Temperature probe (0-50 °C) and humidity (10-90% rH) | C37: Temperature probe (0-50 °C) and humidity (10-90% rH) | D37: Sonda di temperatura (0..50 °C) e di umidità (10..90% rH) | E37: Temperature probe (0-50 °C) and humidity (10-90% rH) | F37: Sonde de température (0-50°C) et humidité (10-90% rH) | G37: Temperatur- (0-50°C) und Feuchtefühler (10-90% r.F.) | H37: Sonda de temperatura (0..50 °C) y de humedad (10..90% HR)
B38: =CONCATENATE(IF(A38=1," ",""),C38) -> Temperature probe (-10-70 °C) and humidity (0-100% rH) | C38: Temperature probe (-10-70 °C) and humidity (0-100% rH) | D38: Sonda di temperatura (-10..70 °C) e di umidità (0..100% rH) | E38: Temperature probe (-10-70 °C) and humidity (0-100% rH) | F38: Sonde de température (-10-70°C) et humidité (0-100% rH) | G38: Temperatur- (-10-50°C) und Feuchtefühler (0-100% r.F.) | H38: Sonda de temperatura (-10..70 °C) y de humedad (0..100% HR)
B39: =CONCATENATE(IF(A39=1," ",""),C39) -> Humidity probe 10-90% rH | C39: Humidity probe 10-90% rH | D39: Sonda d'umidità 10..90% rH | E39: Humidity probe 10-90% rH | F39: Sonde d'hygrométrie 10-90% rH | G39: Feuchtefühler (10-90% r.F.) | H39: Sonda de humedad 10..90% HR
B40: =CONCATENATE(IF(A40=1," ",""),C40) -> Humidity probe 0-100% rH | C40: Humidity probe 0-100% rH | D40: Sonda d'umidità 0..100% rH | E40: Humidity probe 0-100% rH | F40: Sonde d'hygrométrie 0-100% rH | G40: Feuchtefühler (0-100% r.F.) | H40: Sonda de humedad 0..100% HR
B41: =CONCATENATE(IF(A41=1," ",""),C41) -> Position | C41: Position | D41: Posizione | E41: Position | F41: Position | G41: Position | H41: Posición
B42: =CONCATENATE(IF(A42=1," ",""),C42) -> Code | C42: Code | D42: Articolo | E42: Code | F42: Code | G42: Code | H42: Artículo
B43: =CONCATENATE(IF(A43=1," ",""),C43) -> Price | C43: Price | D43: Prezzo | E43: Price | F43: Prix | G43: Preis | H43: Precio
B44: =CONCATENATE(IF(A44=1," ",""),C44) -> Humidifier | C44: Humidifier | D44: Umidificatore | E44: Humidifier | F44: Humidificateur | G44: Befeuchter | H44: Humidificador
... B75: =CONCATENATE(IF(A75=1," ",""),C75) -> capacity of humidifier is less than the requested load | C75: capacity of humidifier is less than the requested load | D75: capacity of humidifier is less than the requested load | E75: capacity of humidifier is less than the requested load | F75: capacity of humidifier is less than the requested load | G75: capacity of humidifier is less than the requested load | H75: capacity of humidifier is less than the requested load
B76: Codice | C76: English description | D76: Descrizione italiana | E76: English description | F76: Description en français | G76: Deutsche Version | H76: Descripción italiana
B77: DP035D22R0 | C77: Stainless steel steam distributor, inlet Ø=22 mm, l = 350 mm | D77: Distributore di vapore inox, ingresso Ø=22 mm, L = 350 mm | E77: Stainless steel steam distributor, inlet Ø=22 mm, l = 350 mm | F77: Rampe distribution de vapeur Inox, int. Ø=22 mm, l = 350 mm | G77: Edelstahl-Dampflanze, Anschluss Dampfschlauch Ø=22 mm, l = 350 mm | H77: Distribuidor de vapor inox, entrada Ø=22 mm, L = 350 mm
B78: DP045D22R0 | C78: Stainless steel steam distributor, inlet Ø=22 mm, l = 450 mm | D78: Distributore di vapore inox, ingresso Ø=22 mm, L = 450 mm | E78: Stainless steel steam distributor, inlet Ø=22 mm, l = 450 mm | F78: Rampe distribution de vapeur Inox, int. Ø=22 mm, l = 450 mm | G78: Edelstahl-Dampflanze, Anschluss Dampfschlauch Ø=22 mm, l = 450 mm | H78: Distribuidor de vapor inox, entrada Ø=22 mm, L = 450 mm
B79: DP060D22R0 | C79: Stainless steel steam distributor, inlet Ø=22 mm, l = 600 mm | D79: Distributore di vapore inox, ingresso Ø=22 mm, L = 600 mm | E79: Stainless steel steam distributor, inlet Ø=22 mm, l = 600 mm | F79: Rampe distribution de vapeur Inox, int. Ø=22 mm, l = 600 mm | G79: Edelstahl-Dampflanze, Anschluss Dampfschlauch Ø=22 mm, l = 600 mm | H79: Distribuidor de vapor inox, entrada Ø=22 mm, L = 600 mm
B80: DP085D22R0 | C80: Stainless steel steam distributor, inlet Ø=22 mm, l = 850 mm | D80: Distributore di vapore inox, ingresso Ø=22 mm, L = 850 mm | E80: Stainless steel steam distributor, inlet Ø=22 mm, l = 850 mm | F80: Rampe distribution de vapeur Inox, int. Ø=22 mm, l = 850 mm | G80: Edelstahl-Dampflanze, Anschluss Dampfschlauch Ø=22 mm, l = 850 mm | H80: Distribuidor de vapor inox, entrada Ø=22 mm, L = 850 mm
B81: DP035D30R0 | C81: Stainless steel steam distributor, inlet Ø=30 mm, l = 350 mm | D81: Distributore di vapore inox, ingresso Ø=30 mm, L = 350 mm | E81: Stainless steel steam distributor, inlet Ø=30 mm, l = 350 mm | F81: Rampe distribution de vapeur Inox, int. Ø=30 mm, l = 350 mm | G81: Edelstahl-Dampflanze, Anschluss Dampfschlauch Ø=30 mm, l = 350 mm | H81: Distribuidor de vapor inox, entrada Ø=30 mm, L = 350 mm
B82: DP045D30R0 | C82: Stainless steel steam distributor, inlet Ø=30 mm, l = 450 mm | D82: Distributore di vapore inox, ingresso Ø=30 mm, L = 450 mm | E82: Stainless steel steam distributor, inlet Ø=30 mm, l = 450 mm | F82: Rampe distribution de vapeur Inox, int. Ø=30 mm, l = 450 mm | G82: Edelstahl-Dampflanze, Anschluss Dampfschlauch Ø=30 mm, l = 450 mm | H82: Distribuidor de vapor inox, entrada Ø=30 mm, L = 450 mm
B83: DP060D30R0 | C83: Stainless steel steam distributor, inlet Ø=30 mm, l = 600 mm | D83: Distributore di vapore inox, ingresso Ø=30 mm, L = 600 mm | E83: Stainless steel steam distributor, inlet Ø=30 mm, l = 600 mm | F83: Rampe distribution de vapeur Inox, int. Ø=30 mm, l = 600 mm | G83: Edelstahl-Dampflanze, Anschluss Dampfschlauch Ø=30 mm, l = 600 mm | H83: Distribuidor de vapor inox, entrada Ø=30 mm, L = 600 mm
B84: DP085D30R0 | C84: Stainless steel steam distributor, inlet Ø=30 mm, l = 850 mm | D84: Distributore di vapore inox, ingresso Ø=30 mm, L = 850 mm | E84: Stainless steel steam distributor, inlet Ø=30 mm, l = 850 mm | F84: Rampe distribution de vapeur Inox, int. Ø=30 mm, l = 850 mm | G84: Edelstahl-Dampflanze, Anschluss Dampfschlauch Ø=30 mm, l = 850 mm | H84: Distribuidor de vapor inox, entrada Ø=30 mm, L = 850 mm
B85: DP105D30R0 | C85: Stainless steel steam distributor, inlet Ø=30 mm, l = 1,050 mm | D85: Distributore di vapore inox, ingresso Ø=30 mm, L = 1.050 mm | E85: Stainless steel steam distributor, inlet Ø=30 mm, l = 1,050 mm | F85: Rampe distribution de vapeur Inox, int. Ø=30 mm, l = 1,050 mm | G85: Edelstahl-Dampflanze, Anschluss Dampfschlauch Ø=30 mm, l = 1,050 mm | H85: Distribuidor de vapor inox, entrada Ø=30 mm, L = 1.050 mm
B86: DP125D30R0 | C86: Stainless steel steam distributor, inlet Ø=30 mm, l = 1,250 mm | D86: Distributore di vapore inox, ingresso Ø=30 mm, L = 1.250 mm | E86: Stainless steel steam distributor, inlet Ø=30 mm, l = 1,250 mm | F86: Rampe distribution de vapeur Inox, int. Ø=30 mm, l = 1,250 mm | G86: Edelstahl-Dampflanze, Anschluss Dampfschlauch Ø=30 mm, l = 1,250 mm | H86: Distribuidor de vapor inox, entrada Ø=30 mm, L = 1.250 mm
B87: DP165D30R0 | C87: Stainless steel steam distributor, inlet Ø=30 mm, l = 1.650 mm | D87: Distributore di vapore inox, ingresso Ø=30 mm, L = 1.650 mm | E87: Stainless steel steam distributor, inlet Ø=30 mm, l = 1.650 mm | F87: Rampe distribution de vapeur Inox, int. Ø=30 mm, l = 1.650 mm | G87: Edelstahl-Dampflanze, Anschluss Dampfschlauch Ø=30 mm, l = 1.650 mm | H87: Distribuidor de vapor inox, entrada Ø=30 mm, L = 1.650 mm
... B128: UE003YMC01 | C128: humiSteam Basic 3 kg/h, 460V 3~, ON/OFF or proportional, cleanable cylinder | D128: humiSteam Basic 3 kg/h, 460V 3~, ON/OFF o proporzionale, cilindro apribile | E128: humiSteam Basic 3 kg/h, 460V 3~, ON/OFF or proportional, cleanable cylinder | F128: humiSteam Basic 3 kg/h, 460V 3~, ON/OFF ou proportionnel, cylindre ouvrant | G128: humiSteam Basic 3 kg/h, 460V 3~, EIN/AUS-Betrieb oder proportional Regelung, Reinigungsfähig-Dampfzylinder | H128: humiSteam Basic 3 kg/h, 460V 3~, todo/nada o proporcional, cilindro practicable
H129: humiSteam Basic 3 kg/h, 575V 3~, todo/nada o proporcional, cilindro no practicable
H130: humiSteam Basic 3 kg/h, 575V 3~, todo/nada o proporcional, cilindro practicable
B131: UE003YU001 | C131: humiSteam Basic 3 kg/h, 208V 1~, ON/OFF or proportional, disposable cylinder | D131: humiSteam Basic 3 kg/h, 208V 1~, ON/OFF o proporzionale, cilindro non apribile | E131: humiSteam Basic 3 kg/h, 208V 1~, ON/OFF or proportional, disposable cylinder | F131: humiSteam Basic 3 kg/h, 208V 1~, ON/OFF ou proportionnel, cylindre non ouvrant | G131: humiSteam Basic 3 kg/h, 208V 1~, EIN/AUS-Betrieb oder proportional Regelung, Einweg-Dampfzylinder | H131: humiSteam Basic 3 kg/h, 208V 1~, todo/nada o proporcional, cilindro no practicable
B132: UE003YUC01 | C132: humiSteam Basic 3 kg/h, 208V 1~, ON/OFF or proportional, cleanable cylinder | D132: humiSteam Basic 3 kg/h, 208V 1~, ON/OFF o proporzionale, cilindro apribile | E132: humiSteam Basic 3 kg/h, 208V 1~, ON/OFF or proportional, cleanable cylinder | F132: humiSteam Basic 3 kg/h, 208V 1~, ON/OFF ou proportionnel, cylindre ouvrant | G132: humiSteam Basic 3 kg/h, 208V 1~, EIN/AUS-Betrieb oder proportional Regelung, Reinigungsfähig-Dampfzylinder | H132: humiSteam Basic 3 kg/h, 208V 1~, todo/nada o proporcional, cilindro practicable
B133: UE003YW001 | C133: humiSteam Basic 3 kg/h, 208V 3~, ON/OFF or proportional, disposable cylinder | D133: humiSteam Basic 3 kg/h, 208V 3~, ON/OFF o proporzionale, cilindro non apribile | E133: humiSteam Basic 3 kg/h, 208V 3~, ON/OFF or proportional, disposable cylinder | F133: humiSteam Basic 3 kg/h, 208V 3~, ON/OFF ou proportionnel, cylindre non ouvrant | G133: humiSteam Basic 3 kg/h, 208V 3~, EIN/AUS-Betrieb oder proportional Regelung, Einweg-Dampfzylinder | H133: humiSteam Basic 3 kg/h, 208V 3~, todo/nada o proporcional, cilindro no practicable
B134: UE003YWC01 | C134: humiSteam Basic 3 kg/h, 208V 3~, ON/OFF or proportional, cleanable cylinder | D134: humiSteam Basic 3 kg/h, 208V 3~, ON/OFF o proporzionale, cilindro apribile | E134: humiSteam Basic 3 kg/h, 208V 3~, ON/OFF or proportional, cleanable cylinder | F134: humiSteam Basic 3 kg/h, 208V 3~, ON/OFF ou proportionnel, cylindre ouvrant | G134: humiSteam Basic 3 kg/h, 208V 3~, EIN/AUS-Betrieb oder proportional Regelung, Reinigungsfähig-Dampfzylinder | H134: humiSteam Basic 3 kg/h, 208V 3~, todo/nada o proporcional, cilindro practicable
B135: UE005YD001 | C135: humiSteam Basic 5 kg/h, 230V 1~, ON/OFF or proportional, disposable cylinder | D135: humiSteam Basic 5 kg/h, 230V 1~, ON/OFF o proporzionale, cilindro non apribile | E135: humiSteam Basic 5 kg/h, 230V 1~, ON/OFF or proportional, disposable cylinder | F135: humiSteam Basic 5 kg/h, 230V 1~, ON/OFF ou proportionnel, cylindre non ouvrant | G135: humiSteam Basic 5 kg/h, 230V 1~, EIN/AUS-Betrieb oder proportional Regelung, Einweg-Dampfzylinder | H135: humiSteam Basic 5 kg/h, 230V 1~, todo/nada o proporcional, cilindro no practicable
B136: UE005YDC01 | C136: humiSteam Basic 5 kg/h, 230V 1~, ON/OFF or proportional, cleanable cylinder | D136: humiSteam Basic 5 kg/h, 230V 1~, ON/OFF o proporzionale, cilindro apribile | E136: humiSteam Basic 5 kg/h, 230V 1~, ON/OFF or proportional, cleanable cylinder | F136: humiSteam Basic 5 kg/h, 230V 1~, ON/OFF ou proportionnel, cylindre ouvrant | G136: humiSteam Basic 5 kg/h, 230V 1~, EIN/AUS-Betrieb oder proportional Regelung, Reinigungsfähig-Dampfzylinder | H136: humiSteam Basic 5 kg/h, 230V 1~, todo/nada o proporcional, cilindro practicable
B137: UE005YK001 | C137: humiSteam Basic 5 kg/h, 230V 3~, ON/OFF or proportional, disposable cylinder | D137: humiSteam Basic 5 kg/h, 230V 3~, ON/OFF o proporzionale, cilindro non apribile | E137: humiSteam Basic 5 kg/h, 230V 3~, ON/OFF or proportional, disposable cylinder | F137: humiSteam Basic 5 kg/h, 230V 3~, ON/OFF ou proportionnel, cylindre non ouvrant | G137: humiSteam Basic 5 kg/h, 230V 3~, EIN/AUS-Betrieb oder proportional Regelung, Einweg-Dampfzylinder | H137: humiSteam Basic 5 kg/h, 230V 3~, todo/nada o proporcional, cilindro no practicable
B138: UE005YKC01 | C138: humiSteam Basic 5 kg/h, 230V 3~, ON/OFF or proportional, cleanable cylinder | D138: humiSteam Basic 5 kg/h, 230V 3~, ON/OFF o proporzionale, cilindro apribile | E138: humiSteam Basic 5 kg/h, 230V 3~, ON/OFF or proportional, cleanable cylinder | F138: humiSteam Basic 5 kg/h, 230V 3~, ON/OFF ou proportionnel, cylindre ouvrant | G138: humiSteam Basic 5 kg/h, 230V 3~, EIN/AUS-Betrieb oder proportional Regelung, Reinigungsfähig-Dampfzylinder | H138: humiSteam Basic 5 kg/h, 230V 3~, todo/nada o proporcional, cilindro practicable
B139: UE005YL001 | C139: humiSteam Basic 5 kg/h, 400V 3~, ON/OFF or proportional, disposable cylinder | D139: humiSteam Basic 5 kg/h, 400V 3~, ON/OFF o proporzionale, cilindro non apribile | E139: humiSteam Basic 5 kg/h, 400V 3~, ON/OFF or proportional, disposable cylinder | F139: humiSteam Basic 5 kg/h, 400V 3~, ON/OFF ou proportionnel, cylindre non ouvrant | G139: humiSteam Basic 5 kg/h, 400V 3~, EIN/AUS-Betrieb oder proportional Regelung, Einweg-Dampfzylinder | H139: humiSteam Basic 5 kg/h, 400V 3~, todo/nada o proporcional, cilindro no practicable
B140: UE005YLC01 | C140: humiSteam Basic 5 kg/h, 400V 3~, ON/OFF or proportional, cleanable cylinder | D140: humiSteam Basic 5 kg/h, 400V 3~, ON/OFF o proporzionale, cilindro apribile | E140: humiSteam Basic 5 kg/h, 400V 3~, ON/OFF or proportional, cleanable cylinder | F140: humiSteam Basic 5 kg/h, 400V 3~, ON/OFF ou proportionnel, cylindre ouvrant | G140: humiSteam Basic 5 kg/h, 400V 3~, EIN/AUS-Betrieb oder proportional Regelung, Reinigungsfähig-Dampfzylinder | H140: humiSteam Basic 5 kg/h, 400V 3~, todo/nada o proporcional, cilindro practicable
B141: UE005YM001 | C141: humiSteam Basic 5 kg/h, 460V 3~, ON/OFF or proportional, disposable cylinder | D141: humiSteam Basic 5 kg/h, 460V 3~, ON/OFF o proporzionale, cilindro non apribile | E141: humiSteam Basic 5 kg/h, 460V 3~, ON/OFF or proportional, disposable cylinder | F141: humiSteam Basic 5 kg/h, 460V 3~, ON/OFF ou proportionnel, cylindre non ouvrant | G141: humiSteam Basic 5 kg/h, 460V 3~, EIN/AUS-Betrieb oder proportional Regelung, Einweg-Dampfzylinder | H141: humiSteam Basic 5 kg/h, 460V 3~, todo/nada o proporcional, cilindro no practicable
B142: UE005YMC01 | C142: humiSteam Basic 5 kg/h, 460V 3~, ON/OFF or proportional, cleanable cylinder | D142: humiSteam Basic 5 kg/h, 460V 3~, ON/OFF o proporzionale, cilindro apribile | E142: humiSteam Basic 5 kg/h, 460V 3~, ON/OFF or proportional, cleanable cylinder | F142: humiSteam Basic 5 kg/h, 460V 3~, ON/OFF ou proportionnel, cylindre ouvrant | G142: humiSteam Basic 5 kg/h, 460V 3~, EIN/AUS-Betrieb oder proportional Regelung, Reinigungsfähig-Dampfzylinder | H142: humiSteam Basic 5 kg/h, 460V 3~, todo/nada o proporcional, cilindro practicable
... B236: UE003XMC01 | C236: humiSteam X-plus 3 kg/h, 460Vac 3~, with regulation, cleanable cylinder | D236: humiSteam X-plus 3 kg/h, 460V 3~, regolazione integrata, cilindro apribile | E236: humiSteam X-plus 3 kg/h, 460Vac 3~, with regulation, cleanable cylinder | F236: humiSteam X-plus 3 kg/h, 460Vac 3~, avec régulateur, cylindre ouvrant | G236: humiSteam X-plus 3 kg/h, 460Vac 3~, mit Feuchte-Regelung, Reinigungsfähig-Dampfzylinder | H236: humiSteam X-plus 3 kg/h, 460V 3~, regulación integrada, cilindro practicable
H237: humiSteam X-plus 3 kg/h, 575V 3~, regulación integrada, cilindro no practicable
H238: humiSteam X-plus 3 kg/h, 575V 3~, regulación integrada, cilindro practicable
B239: UE003XU001 | C239: humiSteam X-plus 3 kg/h, 208Vac 1~, with regulation, disposable cylinder | D239: humiSteam X-plus 3 kg/h, 208V 1~, regolazione integrata, cilindro non apribile | E239: humiSteam X-plus 3 kg/h, 208Vac 1~, with regulation, disposable cylinder | F239: humiSteam X-plus 3 kg/h, 208Vac 1~, avec régulateur, cylindre non ouvrant | G239: humiSteam X-plus 3 kg/h, 208Vac 1~, mit Feuchte-Regelung, Einweg-Dampfzylinder | H239: humiSteam X-plus 3 kg/h, 208V 1~, regulación integrada, cilindro no practicable
B240: UE003XUC01 | C240: humiSteam X-plus 3 kg/h, 208Vac 1~, with regulation, cleanable cylinder | D240: humiSteam X-plus 3 kg/h, 208V 1~, regolazione integrata, cilindro apribile | E240: humiSteam X-plus 3 kg/h, 208Vac 1~, with regulation, cleanable cylinder | F240: humiSteam X-plus 3 kg/h, 208Vac 1~, avec régulateur, cylindre ouvrant | G240: humiSteam X-plus 3 kg/h, 208Vac 1~, mit Feuchte-Regelung, Reinigungsfähig-Dampfzylinder | H240: humiSteam X-plus 3 kg/h, 208V 1~, regulación integrada, cilindro practicable
B241: UE003XW001 | C241: humiSteam X-plus 3 kg/h, 208Vac 3~, with regulation, disposable cylinder | D241: humiSteam X-plus 3 kg/h, 208V 3~, regolazione integrata, cilindro non apribile | E241: humiSteam X-plus 3 kg/h, 208Vac 3~, with regulation, disposable cylinder | F241: humiSteam X-plus 3 kg/h, 208Vac 3~, avec régulateur, cylindre non ouvrant | G241: humiSteam X-plus 3 kg/h, 208Vac 3~, mit Feuchte-Regelung, Einweg-Dampfzylinder | H241: humiSteam X-plus 3 kg/h, 208V 3~, regulación integrada, cilindro no practicable
B242: UE003XWC01 | C242: humiSteam X-plus 3 kg/h, 208Vac 3~, with regulation, cleanable cylinder | D242: humiSteam X-plus 3 kg/h, 208V 3~, regolazione integrata, cilindro apribile | E242: humiSteam X-plus 3 kg/h, 208Vac 3~, with regulation, cleanable cylinder | F242: humiSteam X-plus 3 kg/h, 208Vac 3~, avec régulateur, cylindre ouvrant | G242: humiSteam X-plus 3 kg/h, 208Vac 3~, mit Feuchte-Regelung, Reinigungsfähig-Dampfzylinder | H242: humiSteam X-plus 3 kg/h, 208V 3~, regulación integrada, cilindro practicable
B243: UE005XD001 | C243: humiSteam X-plus 5 kg/h, 230Vac 1~, with regulation, disposable cylinder | D243: humiSteam X-plus 5 kg/h, 230V 1~, regolazione integrata, cilindro non apribile | E243: humiSteam X-plus 5 kg/h, 230Vac 1~, with regulation, disposable cylinder | F243: humiSteam X-plus 5 kg/h, 230Vac 1~, avec régulateur, cylindre non ouvrant | G243: humiSteam X-plus 5 kg/h, 230Vac 1~, mit Feuchte-Regelung, Einweg-Dampfzylinder | H243: humiSteam X-plus 5 kg/h, 230V 1~, regulación integrada, cilindro no practicable
B244: UE005XDC01 | C244: humiSteam X-plus 5 kg/h, 230Vac 1~, with regulation, cleanable cylinder | D244: humiSteam X-plus 5 kg/h, 230V 1~, regolazione integrata, cilindro apribile | E244: humiSteam X-plus 5 kg/h, 230Vac 1~, with regulation, cleanable cylinder | F244: humiSteam X-plus 5 kg/h, 230Vac 1~, avec régulateur, cylindre ouvrant | G244: humiSteam X-plus 5 kg/h, 230Vac 1~, mit Feuchte-Regelung, Reinigungsfähig-Dampfzylinder | H244: humiSteam X-plus 5 kg/h, 230V 1~, regulación integrada, cilindro practicable
B245: UE005XK001 | C245: humiSteam X-plus 5 kg/h, 230Vac 3~, with regulation, disposable cylinder | D245: humiSteam X-plus 5 kg/h, 230V 3~, regolazione integrata, cilindro non apribile | E245: humiSteam X-plus 5 kg/h, 230Vac 3~, with regulation, disposable cylinder | F245: humiSteam X-plus 5 kg/h, 230Vac 3~, avec régulateur, cylindre non ouvrant | G245: humiSteam X-plus 5 kg/h, 230Vac 3~, mit Feuchte-Regelung, Einweg-Dampfzylinder | H245: humiSteam X-plus 5 kg/h, 230V 3~, regulación integrada, cilindro no practicable
B246: UE005XKC01 | C246: humiSteam X-plus 5 kg/h, 230Vac 3~, with regulation, cleanable cylinder | D246: humiSteam X-plus 5 kg/h, 230V 3~, regolazione integrata, cilindro apribile | E246: humiSteam X-plus 5 kg/h, 230Vac 3~, with regulation, cleanable cylinder | F246: humiSteam X-plus 5 kg/h, 230Vac 3~, avec régulateur, cylindre ouvrant | G246: humiSteam X-plus 5 kg/h, 230Vac 3~, mit Feuchte-Regelung, Reinigungsfähig-Dampfzylinder | H246: humiSteam X-plus 5 kg/h, 230V 3~, regulación integrada, cilindro practicable
B247: UE005XL001 | C247: humiSteam X-plus 5 kg/h, 400Vac 3~, with regulation, disposable cylinder | D247: humiSteam X-plus 5 kg/h, 400V 3~, regolazione integrata, cilindro non apribile | E247: humiSteam X-plus 5 kg/h, 400Vac 3~, with regulation, disposable cylinder | F247: humiSteam X-plus 5 kg/h, 400Vac 3~, avec régulateur, cylindre non ouvrant | G247: humiSteam X-plus 5 kg/h, 400Vac 3~, mit Feuchte-Regelung, Einweg-Dampfzylinder | H247: humiSteam X-plus 5 kg/h, 400V 3~, regulación integrada, cilindro no practicable
B248: UE005XLC01 | C248: humiSteam X-plus 5 kg/h, 400Vac 3~, with regulation, cleanable cylinder | D248: humiSteam X-plus 5 kg/h, 400V 3~, regolazione integrata, cilindro apribile | E248: humiSteam X-plus 5 kg/h, 400Vac 3~, with regulation, cleanable cylinder | F248: humiSteam X-plus 5 kg/h, 400Vac 3~, avec régulateur, cylindre ouvrant | G248: humiSteam X-plus 5 kg/h, 400Vac 3~, mit Feuchte-Regelung, Reinigungsfähig-Dampfzylinder | H248: humiSteam X-plus 5 kg/h, 400V 3~, regulación integrada, cilindro practicable
B249: UE005XM001 | C249: humiSteam X-plus 5 kg/h, 460Vac 3~, with regulation, disposable cylinder | D249: humiSteam X-plus 5 kg/h, 460V 3~, regolazione integrata, cilindro non apribile | E249: humiSteam X-plus 5 kg/h, 460Vac 3~, with regulation, disposable cylinder | F249: humiSteam X-plus 5 kg/h, 460Vac 3~, avec régulateur, cylindre non ouvrant | G249: humiSteam X-plus 5 kg/h, 460Vac 3~, mit Feuchte-Regelung, Einweg-Dampfzylinder | H249: humiSteam X-plus 5 kg/h, 460V 3~, regulación integrada, cilindro no practicable
B250: UE005XMC01 | C250: humiSteam X-plus 5 kg/h, 460Vac 3~, with regulation, cleanable cylinder | D250: humiSteam X-plus 5 kg/h, 460V 3~, regolazione integrata, cilindro apribile | E250: humiSteam X-plus 5 kg/h, 460Vac 3~, with regulation, cleanable cylinder | F250: humiSteam X-plus 5 kg/h, 460Vac 3~, avec régulateur, cylindre ouvrant | G250: humiSteam X-plus 5 kg/h, 460Vac 3~, mit Feuchte-Regelung, Reinigungsfähig-Dampfzylinder | H250: humiSteam X-plus 5 kg/h, 460V 3~, regulación integrada, cilindro practicable
... B517: WARNING | C517: WARNING: the pre-heating must be supplied by an external device | D517: ATTENZIONE: il preriscaldo deve essere fornito da un dispositivo esterno | E517: WARNING: the pre-heating must be supplied by an external device | F517: WARNING: the pre-heating must be supplied by an external device | G517: WARNING: the pre-heating must be supplied by an external device | H517: WARNING: the pre-heating must be supplied by an external device
B519: =CONCATENATE(IF(A519=1," ",""),C519) -> WARNING: the input steam flow generates condensation | C519: WARNING: the input steam flow generates condensation | D519: ATTENZIONE: la portata di vapore indicata genera condensazione | E519: WARNING: the input steam flow generates condensation | F519: ATTENTION - le jet de vapeur indiqué produit de la condensation | G519: ACHTUNG: Der angegebene Dampffluss führt zur Kondensatbildung
C521: View Partial net prices | D521: Visuallizzare prezzi netti parziali | E521: View Partial net prices | F521: View Partial net prices | G521: View Partial net prices | H521: View Partial net prices
C522: WTS revers osmosis system | D522: Sistema WTS a osmosi inversa | E522: WTS revers osmosis system | F522: WTS revers osmosis system | G522: WTS revers osmosis system | H522: WTS revers osmosis system
B523: ROL1005U00 | C523: Reverse osmosis system 100 l / h - 230V 50Hz - for steel | D523: Sistema osmosi inversa 100 l/h – 230V 50Hz – per acciaio | E523: Reverse osmosis system 100 l / h - 230V 50Hz - for steel | F523: Reverse osmosis system 100 l / h - 230V 50Hz - for steel | G523: Reverse osmosis system 100 l / h - 230V 50Hz - for steel | H523: Reverse osmosis system 100 l / h - 230V 50Hz - for steel
B524: ROL1006U00 | C524: Reverse osmosis system 100 l / h - 230V 60Hz - for steel | D524: Sistema osmosi inversa 100 l/h – 230V 60Hz – per acciaio | E524: Reverse osmosis system 100 l / h - 230V 60Hz - for steel | F524: Reverse osmosis system 100 l / h - 230V 60Hz - for steel | G524: Reverse osmosis system 100 l / h - 230V 60Hz - for steel | H524: Reverse osmosis system 100 l / h - 230V 60Hz - for steel
B525: ROL3205U00 | C525: Reverse osmosis system 320 l / h - 230V 50Hz - for steel | D525: Sistema osmosi inversa 320 l/h – 230V 50Hz – per acciaio | E525: Reverse osmosis system 320 l / h - 230V 50Hz - for steel | F525: Reverse osmosis system 320 l / h - 230V 50Hz - for steel | G525: Reverse osmosis system 320 l / h - 230V 50Hz - for steel | H525: Reverse osmosis system 320 l / h - 230V 50Hz - for steel
B526: ROL3206U00 | C526: Reverse osmosis system 320 l / h - 230V 60Hz - for steel | D526: Sistema osmosi inversa 320 l/h – 230V 60Hz – per acciaio | E526: Reverse osmosis system 320 l / h - 230V 60Hz - for steel | F526: Reverse osmosis system 320 l / h - 230V 60Hz - for steel | G526: Reverse osmosis system 320 l / h - 230V 60Hz - for steel | H526: Reverse osmosis system 320 l / h - 230V 60Hz - for steel
B527: ROC0605000 | C527: Reverse osmosis system 60 l / h - 230V 50Hz - for steel | D527: Sistema osmosi inversa 60 l/h – 230V 50Hz – per acciaio | E527: Reverse osmosis system 60 l / h - 230V 50Hz - for steel | F527: Reverse osmosis system, 60 l/h – 230V 50 Hz – for steel | G527: Reverse osmosis system, 60 l/h – 230V 50 Hz – for steel | H527: Reverse osmosis system, 60 l/h – 230V 50 Hz – for steel
B528: ROC0606000 | C528: Reverse osmosis system 60 l / h - 230V 60Hz - for steel | D528: Sistema osmosi inversa 60 l/h – 230V 60Hz – per acciaio | E528: Reverse osmosis system 60 l / h - 230V 60Hz - for steel | F528: Reverse osmosis system 60 l / h - 230V 60Hz - for steel | G528: Reverse osmosis system 60 l / h - 230V 60Hz - for steel | H528: Reverse osmosis system 60 l / h - 230V 60Hz - for steel
B529: ROC025500N | C529: WTS compact 25 KG/H with pump | D529: WTS compact 25 KG/H CON POMPA | E529: WTS compact 25 KG/H with pump | F529: WTS compact 25 KG/H with pump | G529: WTS compact 25 KG/H with pump | H529: WTS compact 25 KG/H with pump
C530: grid frequency | D530: Frequenza di rete | E530: grid frequency | F530: grid frequency | G530: grid frequency | H530: grid frequency
B533: ROKC00KTVE | C533: Kit expansion vessel with hoses and fittings | D533: Kit vaso di espansione con tubi e raccordi | E533: Kit expansion vessel with hoses and fittings | F533: Kit expansion vessel with hoses and fittings | G533: Kit expansion vessel with hoses and fittings | H533: Kit expansion vessel with hoses and fittings
B534: AUC1000000 | C534: AUTOCLAVE 100 Liters (expansion vessel) | D534: AUTOCLAVE 100 LITRI VERTICALE (Vaso di espansione) | E534: AUTOCLAVE 100 Liters (expansion vessel) | F534: AUTOCLAVE 100 Liters (expansion vessel) | G534: AUTOCLAVE 100 Liters (expansion vessel) | H534: AUTOCLAVE 100 Liters (expansion vessel)
B535: AUC2000000 | C535: AUTOCLAVE 200 Liters (expansion vessel) | D535: AUTOCLAVE 200 LITRI VERTICALE (vaso di espansione) | E535: AUTOCLAVE 200 Liters (expansion vessel) | F535: AUTOCLAVE 200 Liters (expansion vessel) | G535: AUTOCLAVE 200 Liters (expansion vessel) | H535: AUTOCLAVE 200 Liters (expansion vessel)
B536: AUC3000000 | C536: AUTOCLAVE 300 Liters (expansion vessel) | D536: AUTOCLAVE 300 LITRI VERTICALE (vaso di espansione) | E536: AUTOCLAVE 300 Liters (expansion vessel) | F536: AUTOCLAVE 300 Liters (expansion vessel) | G536: AUTOCLAVE 300 Liters (expansion vessel) | H536: AUTOCLAVE 300 Liters (expansion vessel)
B539: ROKL00AS01 | C539: Antiscale liquid 25Kg (antiscalant) | D539: Antiscalant 25Kg | E539: Antiscale liquid 25Kg (antiscalant) | F539: Antiscale liquid 25Kg (antiscalant) | G539: Antiscale liquid 25Kg (antiscalant) | H539: Antiscale liquid 25Kg (antiscalant)
B540: ROKL00AS00 | C540: Antiscale liquid NSF- 25Kg (antiscalant) | D540: Antiscalant NSF - 25Kg | E540: Antiscale liquid NSF- 25Kg (antiscalant) | F540: Antiscale liquid NSF- 25Kg (antiscalant) | G540: Antiscale liquid NSF- 25Kg (antiscalant) | H540: Antiscale liquid NSF- 25Kg (antiscalant)
C541: No NSF Certification | D541: Senza Certificazione NSF | E541: No NSF Certification | F541: No NSF Certification | G541: No NSF Certification | H541: No NSF Certification
...

Sheet GRAFICI
A1: Coeff. Psat | C1: Altri coefficienti
A2: -5674.359 | B2: -5800.2206 | C2: c.s. aria J/(°C*g)= | E2: 1.006 | I2: Errore nella prima iterazione | M2: =DESIGN!W59 -> 0
A3: 6.3925247 | B3: 1.3914993 | C3: c.s. vapo J/(°C*g)= | E3: 1.805 | I3: Valore di k della prima iterazione | M3: 3
A4: -0.009677843 | B4: -0.048640239 | C4: c latente J/g= | E4: 2501
A5: 6.2215701e-07 | B5: 4.1764768e-05 | C5: R Joule/Kmole*°K= | E5: 8313.6
A6: 2.0747825e-09 | B6: -1.4452093e-08 | C6: P atm Pa = | E6: =101325*(1-$B$12*0.0000225577)^5.2559 -> 101325 | I6: Numero massimo di umidificatori ammissibili | M6: =DESIGN!E86 -> 1 | N6: Valore massimo 99
A7: -9.484024e-13 | B7: 0 | C7: f s | E7: 1.004 | I7: Percentuale da cui considerare la portata | M7: 0.5
A8: 4.1635019 | B8: 6.5459673 | C8: 0 °C = °K | E8: 273.15
A10: t start °C | B10: -5 | I10: Visualezzare possibilità raccordi (Si o No?) | M10: Si
A11: t step °C | B11: 2 | I11: Limite altezza condotta mm | M11: 200
A12: H slm m | B12: =DESIGN!E33 -> 0
N18: h | O18: h | P18: h | Q18: h | R18: h | S18: h | T18: h | U18: h | V18: h | W18: h | X18: h | Y18: h | Z18: h | AA18: h | AB18: h | AC18: h | AD18: h | AE18: h | AF18: h | AG18: h | AH18: h | AI18: h | AJ18: h | AK18: h | AL18: h | AM18: h | AN18: h | AO18: h | AP18: h | AQ18: h | AR18: h
N19: =$E$2*N20+N21*($E$4+$E$3*N20)/1000 -> 1.1690961 | O19: =$E$2*O20+O21*($E$4+$E$3*O20)/1000 -> 4.3434678 | P19: =$E$2*P20+P21*($E$4+$E$3*P20)/1000 -> 7.7148858 | Q19: =$E$2*Q20+Q21*($E$4+$E$3*Q20)/1000 -> 11.207643 | R19: =$E$2*R20+R21*($E$4+$E$3*R20)/1000 -> 14.815988 | S19: =$E$2*S20+S21*($E$4+$E$3*S20)/1000 -> 18.644486 | T19: =$E$2*T20+T21*($E$4+$E$3*T20)/1000 -> 22.719588 | U19: =$E$2*U20+U21*($E$4+$E$3*U20)/1000 -> 27.070527 | ... AR19: =$E$2*AR20+AR21*($E$4+$E$3*AR20)/1000 -> 354.62536
D20: x da UR | N20: =$B$10 -> -5 | O20: =N20+$B$11 -> -3 | P20: =O20+$B$11 -> -1 | Q20: =P20+$B$11 -> 1 | R20: =Q20+$B$11 -> 3 | S20: =R20+$B$11 -> 5 | T20: =S20+$B$11 -> 7 | U20: =T20+$B$11 -> 9 | V20: =U20+$B$11 -> 11 | ... AR20: =AQ20+$B$11 -> 55
A21: t °C | B21: T °K | C21: Pvs Pa | D21: 0.1 | E21: 0.2 | F21: 0.3 | G21: 0.4 | H21: 0.5 | I21: 0.6 | J21: 0.7 | K21: 0.8 | L21: 0.9 | M21: 1 | N21: =M22 -> 2.4876237 | O21: =M23 -> 2.9497965 | P21: =M24 -> 3.489478 | Q21: =M25 -> 4.0760839 | R21: =M26 -> 4.7071165 | S21: =M27 -> 5.424044 | T21: =M28 -> 6.2370185 | U21: =M29 -> 7.1572403 | V21: =M30 -> 8.1970617 | W21: =M31 -> 9.3701022 | X21: =M32 -> 10.691379 | Y21: =M33 -> 12.177454 | Z21: =M34 -> 13.846603 | AA21: =M35 -> 15.719007 | AB21: =M36 -> 17.816972 | AC21: =M37 -> 20.165186 | AD21: =M38 -> 22.791016 | AE21: =M39 -> 25.724852 | AF21: =M40 -> 29.000515 | AG21: =M41 -> 32.65574 | AH21: =M42 -> 36.73274 | AI21: =M43 -> 41.278886 | AJ21: =M44 -> 46.347525 | AK21: =M45 -> 51.998956 | AL21: =M46 -> 58.301625 | AM21: =M47 -> 65.333575 | AN21: =M48 -> 73.184234 | AO21: =M49 -> 81.956624 | AP21: =M50 -> 91.770121 | AQ21: =M51 -> 102.76392 | AR21: =M52 -> 115.10143
A22: =$B$10 -> -5 | B22: =A22+$E$8 -> 268.15 | C22: =IF(A22<0,EXP($A$2/B22+$A$3+$A$4*B22+$A$5*(B22^2)+$A$6*(B22^3)+$A$7*(B22^4)+$A$8*LN(B22)),EXP($B$2/B22+$B$3+$B$4*B22+$B$5*(B22^2)+$B$6*(B22^3)+$B$7*(B22^4)+$B$8*LN(B22))) -> 402.02926 | D22: =0.62198*1000*$E$7*D$21*$C22/($E$6-$E$7*D$21*$C22) -> 0.24787014 | E22: =0.62198*1000*$E$7*E$21*$C22/($E$6-$E$7*E$21*$C22) -> 0.49593793 | F22: =0.62198*1000*$E$7*F$21*$C22/($E$6-$E$7*F$21*$C22) -> 0.74420359 | G22: =0.62198*1000*$E$7*G$21*$C22/($E$6-$E$7*G$21*$C22) -> 0.99266736 | H22: =0.62198*1000*$E$7*H$21*$C22/($E$6-$E$7*H$21*$C22) -> 1.2413295 | I22: =0.62198*1000*$E$7*I$21*$C22/($E$6-$E$7*I$21*$C22) -> 1.4901902 | J22: =0.62198*1000*$E$7*J$21*$C22/($E$6-$E$7*J$21*$C22) -> 1.7392497 | K22: =0.62198*1000*$E$7*K$21*$C22/($E$6-$E$7*K$21*$C22) -> 1.9885083 | ... M22: =0.62198*1000*$E$7*M$21*$C22/($E$6-$E$7*M$21*$C22) -> 2.4876237 | N22: =1000*(N$19-$E$2*$A22)/($E$4+$E$3*$A22) -> 2.4876237 | O22: =1000*(O$19-$E$2*$A22)/($E$4+$E$3*$A22) -> 3.7614614 | P22: =1000*(P$19-$E$2*$A22)/($E$4+$E$3*$A22) -> 5.1143715 | Q22: =1000*(Q$19-$E$2*$A22)/($E$4+$E$3*$A22) -> 6.5159735 | R22: =1000*(R$19-$E$2*$A22)/($E$4+$E$3*$A22) -> 7.9639593 | S22: =1000*(S$19-$E$2*$A22)/($E$4+$E$3*$A22) -> 9.5002904 | T22: =1000*(T$19-$E$2*$A22)/($E$4+$E$3*$A22) -> 11.13558 | U22: =1000*(U$19-$E$2*$A22)/($E$4+$E$3*$A22) -> 12.881561 | ... AR22: =1000*(AR$19-$E$2*$A22)/($E$4+$E$3*$A22) -> 144.32543
A23: =A22+$B$11 -> -3 | B23: =A23+$E$8 -> 270.15 | C23: =IF(A23<0,EXP($A$2/B23+$A$3+$A$4*B23+$A$5*(B23^2)+$A$6*(B23^3)+$A$7*(B23^4)+$A$8*LN(B23)),EXP($B$2/B23+$B$3+$B$4*B23+$B$5*(B23^2)+$B$6*(B23^3)+$B$7*(B23^4)+$B$8*LN(B23))) -> 476.36925 | D23: =0.62198*1000*$E$7*D$21*$C23/($E$6-$E$7*D$21*$C23) -> 0.29372593 | E23: =0.62198*1000*$E$7*E$21*$C23/($E$6-$E$7*E$21*$C23) -> 0.58772941 | F23: =0.62198*1000*$E$7*F$21*$C23/($E$6-$E$7*F$21*$C23) -> 0.88201083 | G23: =0.62198*1000*$E$7*G$21*$C23/($E$6-$E$7*G$21*$C23) -> 1.1765706 | H23: =0.62198*1000*$E$7*H$21*$C23/($E$6-$E$7*H$21*$C23) -> 1.4714091 | I23: =0.62198*1000*$E$7*I$21*$C23/($E$6-$E$7*I$21*$C23) -> 1.7665267 | J23: =0.62198*1000*$E$7*J$21*$C23/($E$6-$E$7*J$21*$C23) -> 2.0619239 | K23: =0.62198*1000*$E$7*K$21*$C23/($E$6-$E$7*K$21*$C23) -> 2.357601 | ... M23: =0.62198*1000*$E$7*M$21*$C23/($E$6-$E$7*M$21*$C23) -> 2.9497965 | N23: =1000*(N$19-$E$2*$A23)/($E$4+$E$3*$A23) -> 1.6778014 | O23: =1000*(O$19-$E$2*$A23)/($E$4+$E$3*$A23) -> 2.9497965 | P23: =1000*(P$19-$E$2*$A23)/($E$4+$E$3*$A23) -> 4.3007495 | Q23: =1000*(Q$19-$E$2*$A23)/($E$4+$E$3*$A23) -> 5.700324 | R23: =1000*(R$19-$E$2*$A23)/($E$4+$E$3*$A23) -> 7.1462152 | S23: =1000*(S$19-$E$2*$A23)/($E$4+$E$3*$A23) -> 8.6803239 | T23: =1000*(T$19-$E$2*$A23)/($E$4+$E$3*$A23) -> 10.313248 | U23: =1000*(U$19-$E$2*$A23)/($E$4+$E$3*$A23) -> 12.056703 | ... AR23: =1000*(AR$19-$E$2*$A23)/($E$4+$E$3*$A23) -> 143.31043
A24: =A23+$B$11 -> -1 | B24: =A24+$E$8 -> 272.15 | C24: =IF(A24<0,EXP($A$2/B24+$A$3+$A$4*B24+$A$5*(B24^2)+$A$6*(B24^3)+$A$7*(B24^4)+$A$8*LN(B24)),EXP($B$2/B24+$B$3+$B$4*B24+$B$5*(B24^2)+$B$6*(B24^3)+$B$7*(B24^4)+$B$8*LN(B24))) -> 563.03739 | D24: =0.62198*1000*$E$7*D$21*$C24/($E$6-$E$7*D$21*$C24) -> 0.34719472 | E24: =0.62198*1000*$E$7*E$21*$C24/($E$6-$E$7*E$21*$C24) -> 0.69477728 | F24: =0.62198*1000*$E$7*F$21*$C24/($E$6-$E$7*F$21*$C24) -> 1.0427483 | G24: =0.62198*1000*$E$7*G$21*$C24/($E$6-$E$7*G$21*$C24) -> 1.3911085 | H24: =0.62198*1000*$E$7*H$21*$C24/($E$6-$E$7*H$21*$C24) -> 1.7398584 | I24: =0.62198*1000*$E$7*I$21*$C24/($E$6-$E$7*I$21*$C24) -> 2.0889988 | J24: =0.62198*1000*$E$7*J$21*$C24/($E$6-$E$7*J$21*$C24) -> 2.4385303 | K24: =0.62198*1000*$E$7*K$21*$C24/($E$6-$E$7*K$21*$C24) -> 2.7884536 | ... M24: =0.62198*1000*$E$7*M$21*$C24/($E$6-$E$7*M$21*$C24) -> 3.489478 | N24: =1000*(N$19-$E$2*$A24)/($E$4+$E$3*$A24) -> 0.87031867 | O24: =1000*(O$19-$E$2*$A24)/($E$4+$E$3*$A24) -> 2.1404764 | P24: =1000*(P$19-$E$2*$A24)/($E$4+$E$3*$A24) -> 3.489478 | Q24: =1000*(Q$19-$E$2*$A24)/($E$4+$E$3*$A24) -> 4.8870309 | R24: =1000*(R$19-$E$2*$A24)/($E$4+$E$3*$A24) -> 6.3308335 | S24: =1000*(S$19-$E$2*$A24)/($E$4+$E$3*$A24) -> 7.8627262 | T24: =1000*(T$19-$E$2*$A24)/($E$4+$E$3*$A24) -> 9.493292 | U24: =1000*(U$19-$E$2*$A24)/($E$4+$E$3*$A24) -> 11.234228 | ... AR24: =1000*(AR$19-$E$2*$A24)/($E$4+$E$3*$A24) -> 142.29836
A25: =A24+$B$11 -> 1 | B25: =A25+$E$8 -> 274.15 | C25: =IF(A25<0,EXP($A$2/B25+$A$3+$A$4*B25+$A$5*(B25^2)+$A$6*(B25^3)+$A$7*(B25^4)+$A$8*LN(B25)),EXP($B$2/B25+$B$3+$B$4*B25+$B$5*(B25^2)+$B$6*(B25^3)+$B$7*(B25^4)+$B$8*LN(B25))) -> 657.07172 | D25: =0.62198*1000*$E$7*D$21*$C25/($E$6-$E$7*D$21*$C25) -> 0.40521839 | E25: =0.62198*1000*$E$7*E$21*$C25/($E$6-$E$7*E$21*$C25) -> 0.81096512 | F25: =0.62198*1000*$E$7*F$21*$C25/($E$6-$E$7*F$21*$C25) -> 1.2172412 | G25: =0.62198*1000*$E$7*G$21*$C25/($E$6-$E$7*G$21*$C25) -> 1.6240477 | H25: =0.62198*1000*$E$7*H$21*$C25/($E$6-$E$7*H$21*$C25) -> 2.0313857 | I25: =0.62198*1000*$E$7*I$21*$C25/($E$6-$E$7*I$21*$C25) -> 2.4392562 | J25: =0.62198*1000*$E$7*J$21*$C25/($E$6-$E$7*J$21*$C25) -> 2.8476602 | K25: =0.62198*1000*$E$7*K$21*$C25/($E$6-$E$7*K$21*$C25) -> 3.2565988 | ... M25: =0.62198*1000*$E$7*M$21*$C25/($E$6-$E$7*M$21*$C25) -> 4.0760839 | N25: =1000*(N$19-$E$2*$A25)/($E$4+$E$3*$A25) -> 0.065165309 | O25: =1000*(O$19-$E$2*$A25)/($E$4+$E$3*$A25) -> 1.333491 | P25: =1000*(P$19-$E$2*$A25)/($E$4+$E$3*$A25) -> 2.6805468 | Q25: =1000*(Q$19-$E$2*$A25)/($E$4+$E$3*$A25) -> 4.0760839 | R25: =1000*(R$19-$E$2*$A25)/($E$4+$E$3*$A25) -> 5.517804 | S25: =1000*(S$19-$E$2*$A25)/($E$4+$E$3*$A25) -> 7.0474872 | T25: =1000*(T$19-$E$2*$A25)/($E$4+$E$3*$A25) -> 8.675701 | U25: =1000*(U$19-$E$2*$A25)/($E$4+$E$3*$A25) -> 10.414126 | ... AR25: =1000*(AR$19-$E$2*$A25)/($E$4+$E$3*$A25) -> 141.28922
A26: =A25+$B$11 -> 3 | B26: =A26+$E$8 -> 276.15 | C26: =IF(A26<0,EXP($A$2/B26+$A$3+$A$4*B26+$A$5*(B26^2)+$A$6*(B26^3)+$A$7*(B26^4)+$A$8*LN(B26)),EXP($B$2/B26+$B$3+$B$4*B26+$B$5*(B26^2)+$B$6*(B26^3)+$B$7*(B26^4)+$B$8*LN(B26))) -> 758.03121 | D26: =0.62198*1000*$E$7*D$21*$C26/($E$6-$E$7*D$21*$C26) -> 0.46752725 | E26: =0.62198*1000*$E$7*E$21*$C26/($E$6-$E$7*E$21*$C26) -> 0.93575789 | F26: =0.62198*1000*$E$7*F$21*$C26/($E$6-$E$7*F$21*$C26) -> 1.4046935 | G26: =0.62198*1000*$E$7*G$21*$C26/($E$6-$E$7*G$21*$C26) -> 1.8743357 | H26: =0.62198*1000*$E$7*H$21*$C26/($E$6-$E$7*H$21*$C26) -> 2.344686 | I26: =0.62198*1000*$E$7*I$21*$C26/($E$6-$E$7*I$21*$C26) -> 2.8157462 | J26: =0.62198*1000*$E$7*J$21*$C26/($E$6-$E$7*J$21*$C26) -> 3.2875176 | K26: =0.62198*1000*$E$7*K$21*$C26/($E$6-$E$7*K$21*$C26) -> 3.7600021 | ... M26: =0.62198*1000*$E$7*M$21*$C26/($E$6-$E$7*M$21*$C26) -> 4.7071165 | N26: =1000*(N$19-$E$2*$A26)/($E$4+$E$3*$A26) -> -0.73766872 | O26: =1000*(O$19-$E$2*$A26)/($E$4+$E$3*$A26) -> 0.52883016 | P26: =1000*(P$19-$E$2*$A26)/($E$4+$E$3*$A26) -> 1.8739458 | Q26: =1000*(Q$19-$E$2*$A26)/($E$4+$E$3*$A26) -> 3.2674729 | R26: =1000*(R$19-$E$2*$A26)/($E$4+$E$3*$A26) -> 4.7071165 | S26: =1000*(S$19-$E$2*$A26)/($E$4+$E$3*$A26) -> 6.2345965 | T26: =1000*(T$19-$E$2*$A26)/($E$4+$E$3*$A26) -> 7.8604652 | U26: =1000*(U$19-$E$2*$A26)/($E$4+$E$3*$A26) -> 9.5963866 | ... AR26: =1000*(AR$19-$E$2*$A26)/($E$4+$E$3*$A26) -> 140.28298
A27: =A26+$B$11 -> 5 | B27: =A27+$E$8 -> 278.15 | C27: =IF(A27<0,EXP($A$2/B27+$A$3+$A$4*B27+$A$5*(B27^2)+$A$6*(B27^3)+$A$7*(B27^4)+$A$8*LN(B27)),EXP($B$2/B27+$B$3+$B$4*B27+$B$5*(B27^2)+$B$6*(B27^3)+$B$7*(B27^4)+$B$8*LN(B27))) -> 872.48665 | D27: =0.62198*1000*$E$7*D$21*$C27/($E$6-$E$7*D$21*$C27) -> 0.53818047 | E27: =0.62198*1000*$E$7*E$21*$C27/($E$6-$E$7*E$21*$C27) -> 1.0772931 | F27: =0.62198*1000*$E$7*F$21*$C27/($E$6-$E$7*F$21*$C27) -> 1.6173403 | G27: =0.62198*1000*$E$7*G$21*$C27/($E$6-$E$7*G$21*$C27) -> 2.1583245 | H27: =0.62198*1000*$E$7*H$21*$C27/($E$6-$E$7*H$21*$C27) -> 2.7002481 | I27: =0.62198*1000*$E$7*I$21*$C27/($E$6-$E$7*I$21*$C27) -> 3.2431137 | J27: =0.62198*1000*$E$7*J$21*$C27/($E$6-$E$7*J$21*$C27) -> 3.7869235 | K27: =0.62198*1000*$E$7*K$21*$C27/($E$6-$E$7*K$21*$C27) -> 4.3316803 | ... M27: =0.62198*1000*$E$7*M$21*$C27/($E$6-$E$7*M$21*$C27) -> 5.424044 | N27: =1000*(N$19-$E$2*$A27)/($E$4+$E$3*$A27) -> -1.5381934 | O27: =1000*(O$19-$E$2*$A27)/($E$4+$E$3*$A27) -> -0.27351606 | P27: =1000*(P$19-$E$2*$A27)/($E$4+$E$3*$A27) -> 1.069665 | Q27: =1000*(Q$19-$E$2*$A27)/($E$4+$E$3*$A27) -> 2.4611879 | R27: =1000*(R$19-$E$2*$A27)/($E$4+$E$3*$A27) -> 3.898761 | S27: =1000*(S$19-$E$2*$A27)/($E$4+$E$3*$A27) -> 5.424044 | T27: =1000*(T$19-$E$2*$A27)/($E$4+$E$3*$A27) -> 7.0475744 | U27: =1000*(U$19-$E$2*$A27)/($E$4+$E$3*$A27) -> 8.7809991 | ... AR27: =1000*(AR$19-$E$2*$A27)/($E$4+$E$3*$A27) -> 139.27963
A28: =A27+$B$11 -> 7 | B28: =A28+$E$8 -> 280.15 | C28: =IF(A28<0,EXP($A$2/B28+$A$3+$A$4*B28+$A$5*(B28^2)+$A$6*(B28^3)+$A$7*(B28^4)+$A$8*LN(B28)),EXP($B$2/B28+$B$3+$B$4*B28+$B$5*(B28^2)+$B$6*(B28^3)+$B$7*(B28^4)+$B$8*LN(B28))) -> 1001.9596 | D28: =0.62198*1000*$E$7*D$21*$C28/($E$6-$E$7*D$21*$C28) -> 0.61812333 | E28: =0.62198*1000*$E$7*E$21*$C28/($E$6-$E$7*E$21*$C28) -> 1.2374765 | F28: =0.62198*1000*$E$7*F$21*$C28/($E$6-$E$7*F$21*$C28) -> 1.8580631 | G28: =0.62198*1000*$E$7*G$21*$C28/($E$6-$E$7*G$21*$C28) -> 2.4798869 | H28: =0.62198*1000*$E$7*H$21*$C28/($E$6-$E$7*H$21*$C28) -> 3.1029515 | I28: =0.62198*1000*$E$7*I$21*$C28/($E$6-$E$7*I$21*$C28) -> 3.7272608 | J28: =0.62198*1000*$E$7*J$21*$C28/($E$6-$E$7*J$21*$C28) -> 4.3528183 | K28: =0.62198*1000*$E$7*K$21*$C28/($E$6-$E$7*K$21*$C28) -> 4.9796279 | ... M28: =0.62198*1000*$E$7*M$21*$C28/($E$6-$E$7*M$21*$C28) -> 6.2370185 | N28: =1000*(N$19-$E$2*$A28)/($E$4+$E$3*$A28) -> -2.3364187 | O28: =1000*(O$19-$E$2*$A28)/($E$4+$E$3*$A28) -> -1.0735577 | P28: =1000*(P$19-$E$2*$A28)/($E$4+$E$3*$A28) -> 0.26769433 | Q28: =1000*(Q$19-$E$2*$A28)/($E$4+$E$3*$A28) -> 1.6572188 | R28: =1000*(R$19-$E$2*$A28)/($E$4+$E$3*$A28) -> 3.0927273 | S28: =1000*(S$19-$E$2*$A28)/($E$4+$E$3*$A28) -> 4.6158198 | T28: =1000*(T$19-$E$2*$A28)/($E$4+$E$3*$A28) -> 6.2370185 | U28: =1000*(U$19-$E$2*$A28)/($E$4+$E$3*$A28) -> 7.9679537 | ... AR28: =1000*(AR$19-$E$2*$A28)/($E$4+$E$3*$A28) -> 138.27917
A29: =A28+$B$11 -> 9 | B29: =A29+$E$8 -> 282.15 | C29: =IF(A29<0,EXP($A$2/B29+$A$3+$A$4*B29+$A$5*(B29^2)+$A$6*(B29^3)+$A$7*(B29^4)+$A$8*LN(B29)),EXP($B$2/B29+$B$3+$B$4*B29+$B$5*(B29^2)+$B$6*(B29^3)+$B$7*(B29^4)+$B$8*LN(B29))) -> 1148.109 | D29: =0.62198*1000*$E$7*D$21*$C29/($E$6-$E$7*D$21*$C29) -> 0.70838763 | E29: =0.62198*1000*$E$7*E$21*$C29/($E$6-$E$7*E$21*$C29) -> 1.4183907 | F29: =0.62198*1000*$E$7*F$21*$C29/($E$6-$E$7*F$21*$C29) -> 2.1300148 | G29: =0.62198*1000*$E$7*G$21*$C29/($E$6-$E$7*G$21*$C29) -> 2.8432653 | H29: =0.62198*1000*$E$7*H$21*$C29/($E$6-$E$7*H$21*$C29) -> 3.558148 | I29: =0.62198*1000*$E$7*I$21*$C29/($E$6-$E$7*I$21*$C29) -> 4.2746684 | J29: =0.62198*1000*$E$7*J$21*$C29/($E$6-$E$7*J$21*$C29) -> 4.9928322 | K29: =0.62198*1000*$E$7*K$21*$C29/($E$6-$E$7*K$21*$C29) -> 5.7126449 | ... M29: =0.62198*1000*$E$7*M$21*$C29/($E$6-$E$7*M$21*$C29) -> 7.1572403 | N29: =1000*(N$19-$E$2*$A29)/($E$4+$E$3*$A29) -> -3.1323546 | O29: =1000*(O$19-$E$2*$A29)/($E$4+$E$3*$A29) -> -1.8713046 | P29: =1000*(P$19-$E$2*$A29)/($E$4+$E$3*$A29) -> -0.53197609 | Q29: =1000*(Q$19-$E$2*$A29)/($E$4+$E$3*$A29) -> 0.85555565 | R29: =1000*(R$19-$E$2*$A29)/($E$4+$E$3*$A29) -> 2.2890054 | S29: =1000*(S$19-$E$2*$A29)/($E$4+$E$3*$A29) -> 3.8099137 | T29: =1000*(T$19-$E$2*$A29)/($E$4+$E$3*$A29) -> 5.4287874 | U29: =1000*(U$19-$E$2*$A29)/($E$4+$E$3*$A29) -> 7.1572403 | ... AR29: =1000*(AR$19-$E$2*$A29)/($E$4+$E$3*$A29) -> 137.28158
A30: =A29+$B$11 -> 11 | B30: =A30+$E$8 -> 284.15 | C30: =IF(A30<0,EXP($A$2/B30+$A$3+$A$4*B30+$A$5*(B30^2)+$A$6*(B30^3)+$A$7*(B30^4)+$A$8*LN(B30)),EXP($B$2/B30+$B$3+$B$4*B30+$B$5*(B30^2)+$B$6*(B30^3)+$B$7*(B30^4)+$B$8*LN(B30))) -> 1312.7394 | D30: =0.62198*1000*$E$7*D$21*$C30/($E$6-$E$7*D$21*$C30) -> 0.81009754 | E30: =0.62198*1000*$E$7*E$21*$C30/($E$6-$E$7*E$21*$C30) -> 1.622308 | F30: =0.62198*1000*$E$7*F$21*$C30/($E$6-$E$7*F$21*$C30) -> 2.4366398 | G30: =0.62198*1000*$E$7*G$21*$C30/($E$6-$E$7*G$21*$C30) -> 3.2531011 | H30: =0.62198*1000*$E$7*H$21*$C30/($E$6-$E$7*H$21*$C30) -> 4.0717004 | I30: =0.62198*1000*$E$7*I$21*$C30/($E$6-$E$7*I$21*$C30) -> 4.892446 | J30: =0.62198*1000*$E$7*J$21*$C30/($E$6-$E$7*J$21*$C30) -> 5.7153465 | K30: =0.62198*1000*$E$7*K$21*$C30/($E$6-$E$7*K$21*$C30) -> 6.5404102 | ... M30: =0.62198*1000*$E$7*M$21*$C30/($E$6-$E$7*M$21*$C30) -> 8.1970617 | N30: =1000*(N$19-$E$2*$A30)/($E$4+$E$3*$A30) -> -3.9260108 | O30: =1000*(O$19-$E$2*$A30)/($E$4+$E$3*$A30) -> -2.6667667 | P30: =1000*(P$19-$E$2*$A30)/($E$4+$E$3*$A30) -> -1.3293562 | Q30: =1000*(Q$19-$E$2*$A30)/($E$4+$E$3*$A30) -> 0.056188545 | R30: =1000*(R$19-$E$2*$A30)/($E$4+$E$3*$A30) -> 1.4875856 | S30: =1000*(S$19-$E$2*$A30)/($E$4+$E$3*$A30) -> 3.0063158 | T30: =1000*(T$19-$E$2*$A30)/($E$4+$E$3*$A30) -> 4.6228712 | U30: =1000*(U$19-$E$2*$A30)/($E$4+$E$3*$A30) -> 6.3488488 | ... AR30: =1000*(AR$19-$E$2*$A30)/($E$4+$E$3*$A30) -> 136.28684
A31: =A30+$B$11 -> 13 | B31: =A31+$E$8 -> 286.15 | C31: =IF(A31<0,EXP($A$2/B31+$A$3+$A$4*B31+$A$5*(B31^2)+$A$6*(B31^3)+$A$7*(B31^4)+$A$8*LN(B31)),EXP($B$2/B31+$B$3+$B$4*B31+$B$5*(B31^2)+$B$6*(B31^3)+$B$7*(B31^4)+$B$8*LN(B31))) -> 1497.8108 | D31: =0.62198*1000*$E$7*D$21*$C31/($E$6-$E$7*D$21*$C31) -> 0.92447575 | E31: =0.62198*1000*$E$7*E$21*$C31/($E$6-$E$7*E$21*$C31) -> 1.8517038 | F31: =0.62198*1000*$E$7*F$21*$C31/($E$6-$E$7*F$21*$C31) -> 2.7816964 | G31: =0.62198*1000*$E$7*G$21*$C31/($E$6-$E$7*G$21*$C31) -> 3.7144659 | H31: =0.62198*1000*$E$7*H$21*$C31/($E$6-$E$7*H$21*$C31) -> 4.6500249 | I31: =0.62198*1000*$E$7*I$21*$C31/($E$6-$E$7*I$21*$C31) -> 5.5883858 | J31: =0.62198*1000*$E$7*J$21*$C31/($E$6-$E$7*J$21*$C31) -> 6.5295612 | K31: =0.62198*1000*$E$7*K$21*$C31/($E$6-$E$7*K$21*$C31) -> 7.4735639 | ... M31: =0.62198*1000*$E$7*M$21*$C31/($E$6-$E$7*M$21*$C31) -> 9.3701022 | N31: =1000*(N$19-$E$2*$A31)/($E$4+$E$3*$A31) -> -4.7173971 | O31: =1000*(O$19-$E$2*$A31)/($E$4+$E$3*$A31) -> -3.4599538 | P31: =1000*(P$19-$E$2*$A31)/($E$4+$E$3*$A31) -> -2.1244557 | Q31: =1000*(Q$19-$E$2*$A31)/($E$4+$E$3*$A31) -> -0.74089236 | R31: =1000*(R$19-$E$2*$A31)/($E$4+$E$3*$A31) -> 0.68845776 | S31: =1000*(S$19-$E$2*$A31)/($E$4+$E$3*$A31) -> 2.2050162 | T31: =1000*(T$19-$E$2*$A31)/($E$4+$E$3*$A31) -> 3.8192599 | U31: =1000*(U$19-$E$2*$A31)/($E$4+$E$3*$A31) -> 5.5427694 | ... AR31: =1000*(AR$19-$E$2*$A31)/($E$4+$E$3*$A31) -> 135.29495
A32: =A31+$B$11 -> 15 | B32: =A32+$E$8 -> 288.15 | C32: =IF(A32<0,EXP($A$2/B32+$A$3+$A$4*B32+$A$5*(B32^2)+$A$6*(B32^3)+$A$7*(B32^4)+$A$8*LN(B32)),EXP($B$2/B32+$B$3+$B$4*B32+$B$5*(B32^2)+$B$6*(B32^3)+$B$7*(B32^4)+$B$8*LN(B32))) -> 1705.4478 | D32: =0.62198*1000*$E$7*D$21*$C32/($E$6-$E$7*D$21*$C32) -> 1.0528499 | E32: =0.62198*1000*$E$7*E$21*$C32/($E$6-$E$7*E$21*$C32) -> 2.1092703 | F32: =0.62198*1000*$E$7*F$21*$C32/($E$6-$E$7*F$21*$C32) -> 3.1692793 | G32: =0.62198*1000*$E$7*G$21*$C32/($E$6-$E$7*G$21*$C32) -> 4.2328953 | H32: =0.62198*1000*$E$7*H$21*$C32/($E$6-$E$7*H$21*$C32) -> 5.3001367 | I32: =0.62198*1000*$E$7*I$21*$C32/($E$6-$E$7*I$21*$C32) -> 6.371022 | J32: =0.62198*1000*$E$7*J$21*$C32/($E$6-$E$7*J$21*$C32) -> 7.44557 | K32: =0.62198*1000*$E$7*K$21*$C32/($E$6-$E$7*K$21*$C32) -> 8.5237995 | ... M32: =0.62198*1000*$E$7*M$21*$C32/($E$6-$E$7*M$21*$C32) -> 10.691379 | N32: =1000*(N$19-$E$2*$A32)/($E$4+$E$3*$A32) -> -5.5065233 | O32: =1000*(O$19-$E$2*$A32)/($E$4+$E$3*$A32) -> -4.2508755 | P32: =1000*(P$19-$E$2*$A32)/($E$4+$E$3*$A32) -> -2.9172846 | Q32: =1000*(Q$19-$E$2*$A32)/($E$4+$E$3*$A32) -> -1.5356969 | R32: =1000*(R$19-$E$2*$A32)/($E$4+$E$3*$A32) -> -0.1083878 | S32: =1000*(S$19-$E$2*$A32)/($E$4+$E$3*$A32) -> 1.406005 | T32: =1000*(T$19-$E$2*$A32)/($E$4+$E$3*$A32) -> 3.0179436 | U32: =1000*(U$19-$E$2*$A32)/($E$4+$E$3*$A32) -> 4.738992 | ... AR32: =1000*(AR$19-$E$2*$A32)/($E$4+$E$3*$A32) -> 134.30589
A33: =A32+$B$11 -> 17 | B33: =A33+$E$8 -> 290.15 | C33: =IF(A33<0,EXP($A$2/B33+$A$3+$A$4*B33+$A$5*(B33^2)+$A$6*(B33^3)+$A$7*(B33^4)+$A$8*LN(B33)),EXP($B$2/B33+$B$3+$B$4*B33+$B$5*(B33^2)+$B$6*(B33^3)+$B$7*(B33^4)+$B$8*LN(B33))) -> 1937.9488 | D33: =0.62198*1000*$E$7*D$21*$C33/($E$6-$E$7*D$21*$C33) -> 1.1966595 | E33: =0.62198*1000*$E$7*E$21*$C33/($E$6-$E$7*E$21*$C33) -> 2.3979324 | F33: =0.62198*1000*$E$7*F$21*$C33/($E$6-$E$7*F$21*$C33) -> 3.6038456 | G33: =0.62198*1000*$E$7*G$21*$C33/($E$6-$E$7*G$21*$C33) -> 4.814426 | H33: =0.62198*1000*$E$7*H$21*$C33/($E$6-$E$7*H$21*$C33) -> 6.0297007 | I33: =0.62198*1000*$E$7*I$21*$C33/($E$6-$E$7*I$21*$C33) -> 7.2496971 | J33: =0.62198*1000*$E$7*J$21*$C33/($E$6-$E$7*J$21*$C33) -> 8.4744427 | K33: =0.62198*1000*$E$7*K$21*$C33/($E$6-$E$7*K$21*$C33) -> 9.7039654 | ... M33: =0.62198*1000*$E$7*M$21*$C33/($E$6-$E$7*M$21*$C33) -> 12.177454 | N33: =1000*(N$19-$E$2*$A33)/($E$4+$E$3*$A33) -> -6.293399 | O33: =1000*(O$19-$E$2*$A33)/($E$4+$E$3*$A33) -> -5.0395417 | P33: =1000*(P$19-$E$2*$A33)/($E$4+$E$3*$A33) -> -3.7078523 | Q33: =1000*(Q$19-$E$2*$A33)/($E$4+$E$3*$A33) -> -2.3282347 | R33: =1000*(R$19-$E$2*$A33)/($E$4+$E$3*$A33) -> -0.90296087 | S33: =1000*(S$19-$E$2*$A33)/($E$4+$E$3*$A33) -> 0.60927253 | T33: =1000*(T$19-$E$2*$A33)/($E$4+$E$3*$A33) -> 2.2189127 | U33: =1000*(U$19-$E$2*$A33)/($E$4+$E$3*$A33) -> 3.937507 | ... AR33: =1000*(AR$19-$E$2*$A33)/($E$4+$E$3*$A33) -> 133.31965
A34: =A33+$B$11 -> 19 | B34: =A34+$E$8 -> 292.15 | C34: =IF(A34<0,EXP($A$2/B34+$A$3+$A$4*B34+$A$5*(B34^2)+$A$6*(B34^3)+$A$7*(B34^4)+$A$8*LN(B34)),EXP($B$2/B34+$B$3+$B$4*B34+$B$5*(B34^2)+$B$6*(B34^3)+$B$7*(B34^4)+$B$8*LN(B34))) -> 2197.7964 | D34: =0.62198*1000*$E$7*D$21*$C34/($E$6-$E$7*D$21*$C34) -> 1.3574623 | E34: =0.62198*1000*$E$7*E$21*$C34/($E$6-$E$7*E$21*$C34) -> 2.7208629 | F34: =0.62198*1000*$E$7*F$21*$C34/($E$6-$E$7*F$21*$C34) -> 4.0902407 | G34: =0.62198*1000*$E$7*G$21*$C34/($E$6-$E$7*G$21*$C34) -> 5.4656353 | H34: =0.62198*1000*$E$7*H$21*$C34/($E$6-$E$7*H$21*$C34) -> 6.8470862 | I34: =0.62198*1000*$E$7*I$21*$C34/($E$6-$E$7*I$21*$C34) -> 8.2346337 | J34: =0.62198*1000*$E$7*J$21*$C34/($E$6-$E$7*J$21*$C34) -> 9.6283182 | K34: =0.62198*1000*$E$7*K$21*$C34/($E$6-$E$7*K$21*$C34) -> 11.02818 | ... M34: =0.62198*1000*$E$7*M$21*$C34/($E$6-$E$7*M$21*$C34) -> 13.846603 | N34: =1000*(N$19-$E$2*$A34)/($E$4+$E$3*$A34) -> -7.0780339 | O34: =1000*(O$19-$E$2*$A34)/($E$4+$E$3*$A34) -> -5.8259619 | P34: =1000*(P$19-$E$2*$A34)/($E$4+$E$3*$A34) -> -4.4961688 | Q34: =1000*(Q$19-$E$2*$A34)/($E$4+$E$3*$A34) -> -3.1185155 | R34: =1000*(R$19-$E$2*$A34)/($E$4+$E$3*$A34) -> -1.6952712 | S34: =1000*(S$19-$E$2*$A34)/($E$4+$E$3*$A34) -> -0.18519102 | T34: =1000*(T$19-$E$2*$A34)/($E$4+$E$3*$A34) -> 1.4221571 | U34: =1000*(U$19-$E$2*$A34)/($E$4+$E$3*$A34) -> 3.1383043 | ... AR34: =1000*(AR$19-$E$2*$A34)/($E$4+$E$3*$A34) -> 132.33622
... A52: =A51+$B$11 -> 55 | B52: =A52+$E$8 -> 328.15 | C52: =IF(A52<0,EXP($A$2/B52+$A$3+$A$4*B52+$A$5*(B52^2)+$A$6*(B52^3)+$A$7*(B52^4)+$A$8*LN(B52)),EXP($B$2/B52+$B$3+$B$4*B52+$B$5*(B52^2)+$B$6*(B52^3)+$B$7*(B52^4)+$B$8*LN(B52))) -> 15759.707 | D52: =0.62198*1000*$E$7*D$21*$C52/($E$6-$E$7*D$21*$C52) -> 9.8668162 | E52: =0.62198*1000*$E$7*E$21*$C52/($E$6-$E$7*E$21*$C52) -> 20.051724 | F52: =0.62198*1000*$E$7*F$21*$C52/($E$6-$E$7*F$21*$C52) -> 30.570358 | G52: =0.62198*1000*$E$7*G$21*$C52/($E$6-$E$7*G$21*$C52) -> 41.439394 | H52: =0.62198*1000*$E$7*H$21*$C52/($E$6-$E$7*H$21*$C52) -> 52.676637 | I52: =0.62198*1000*$E$7*I$21*$C52/($E$6-$E$7*I$21*$C52) -> 64.30112 | J52: =0.62198*1000*$E$7*J$21*$C52/($E$6-$E$7*J$21*$C52) -> 76.333212 | K52: =0.62198*1000*$E$7*K$21*$C52/($E$6-$E$7*K$21*$C52) -> 88.794733 | ... M52: =0.62198*1000*$E$7*M$21*$C52/($E$6-$E$7*M$21*$C52) -> 115.10143 | N52: =1000*(N$19-$E$2*$A52)/($E$4+$E$3*$A52) -> -20.828914 | O52: =1000*(O$19-$E$2*$A52)/($E$4+$E$3*$A52) -> -19.608131 | P52: =1000*(P$19-$E$2*$A52)/($E$4+$E$3*$A52) -> -18.311569 | Q52: =1000*(Q$19-$E$2*$A52)/($E$4+$E$3*$A52) -> -16.968343 | R52: =1000*(R$19-$E$2*$A52)/($E$4+$E$3*$A52) -> -15.580665 | S52: =1000*(S$19-$E$2*$A52)/($E$4+$E$3*$A52) -> -14.108321 | T52: =1000*(T$19-$E$2*$A52)/($E$4+$E$3*$A52) -> -12.54114 | U52: =1000*(U$19-$E$2*$A52)/($E$4+$E$3*$A52) -> -10.867878 | ... AR52: =1000*(AR$19-$E$2*$A52)/($E$4+$E$3*$A52) -> 115.10143
A54: umidificazione | B54: Temperatura di partenza | E54: =DESIGN!V51 -> 19.001116 | G54: Temperatura di partenza | J54: =DESIGN!AC43-DESIGN!V27 -> -5 | K54: riscaldamento | M54: =DESIGN!$C$35 -> External Air
B55: Umidità specifica partenza | E55: =DESIGN!AC45 -> 2.2379342 | G55: Umidità specifica partenza | J55: =DESIGN!AC45 -> 2.2379342 | M55: =DESIGN!$E$37 -> -5
M56: =DESIGN!$W$45 -> 2.2379342
B57: Temperatura arrivo | E57: =DESIGN!W60 -> 19.905815 | G57: Temperatura arrivo | J57: =E54 -> 19.001116
B58: Umidità specifica arrivo | E58: =DESIGN!W61 -> 7.2486087 | G58: Umidità specifica arrivo | J58: =E55 -> 2.2379342
C60: Isoterma | H60: Riscaldamento
C61: t | D61: x | H61: t | I61: x
B62: 1 | C62: =E54 -> 19.001116 | D62: =E55 -> 2.2379342 | G62: 1 | H62: =J54 -> -5 | I62: =J55 -> 2.2379342
B63: =B62+1 -> 2 | C63: =C62+((C$102-C$62)/40) -> 19.023734 | D63: =D62+((D$102-D$62)/40) -> 2.363201 | G63: =G62+1 -> 2 | H63: =H62+((H$102-H$62)/40) -> -4.3999721 | I63: =I62+((I$102-I$62)/40) -> 2.2379342
B64: =B63+1 -> 3 | C64: =C63+((C$102-C$62)/40) -> 19.046351 | D64: =D63+((D$102-D$62)/40) -> 2.4884679 | G64: =G63+1 -> 3 | H64: =H63+((H$102-H$62)/40) -> -3.7999442 | I64: =I63+((I$102-I$62)/40) -> 2.2379342
B65: =B64+1 -> 4 | C65: =C64+((C$102-C$62)/40) -> 19.068969 | D65: =D64+((D$102-D$62)/40) -> 2.6137348 | G65: =G64+1 -> 4 | H65: =H64+((H$102-H$62)/40) -> -3.1999163 | I65: =I64+((I$102-I$62)/40) -> 2.2379342
B66: =B65+1 -> 5 | C66: =C65+((C$102-C$62)/40) -> 19.091586 | D66: =D65+((D$102-D$62)/40) -> 2.7390016 | G66: =G65+1 -> 5 | H66: =H65+((H$102-H$62)/40) -> -2.5998884 | I66: =I65+((I$102-I$62)/40) -> 2.2379342
B67: =B66+1 -> 6 | C67: =C66+((C$102-C$62)/40) -> 19.114204 | D67: =D66+((D$102-D$62)/40) -> 2.8642685 | G67: =G66+1 -> 6 | H67: =H66+((H$102-H$62)/40) -> -1.9998605 | I67: =I66+((I$102-I$62)/40) -> 2.2379342
B68: =B67+1 -> 7 | C68: =C67+((C$102-C$62)/40) -> 19.136821 | D68: =D67+((D$102-D$62)/40) -> 2.9895354 | G68: =G67+1 -> 7 | H68: =H67+((H$102-H$62)/40) -> -1.3998326 | I68: =I67+((I$102-I$62)/40) -> 2.2379342
B69: =B68+1 -> 8 | C69: =C68+((C$102-C$62)/40) -> 19.159439 | D69: =D68+((D$102-D$62)/40) -> 3.1148022 | G69: =G68+1 -> 8 | H69: =H68+((H$102-H$62)/40) -> -0.79980464 | I69: =I68+((I$102-I$62)/40) -> 2.2379342
B70: =B69+1 -> 9 | C70: =C69+((C$102-C$62)/40) -> 19.182056 | D70: =D69+((D$102-D$62)/40) -> 3.2400691 | G70: =G69+1 -> 9 | H70: =H69+((H$102-H$62)/40) -> -0.19977674 | I70: =I69+((I$102-I$62)/40) -> 2.2379342
B71: =B70+1 -> 10 | C71: =C70+((C$102-C$62)/40) -> 19.204674 | D71: =D70+((D$102-D$62)/40) -> 3.3653359 | G71: =G70+1 -> 10 | H71: =H70+((H$102-H$62)/40) -> 0.40025117 | I71: =I70+((I$102-I$62)/40) -> 2.2379342
B72: =B71+1 -> 11 | C72: =C71+((C$102-C$62)/40) -> 19.227291 | D72: =D71+((D$102-D$62)/40) -> 3.4906028 | G72: =G71+1 -> 11 | H72: =H71+((H$102-H$62)/40) -> 1.0002791 | I72: =I71+((I$102-I$62)/40) -> 2.2379342
B73: =B72+1 -> 12 | C73: =C72+((C$102-C$62)/40) -> 19.249909 | D73: =D72+((D$102-D$62)/40) -> 3.6158697 | G73: =G72+1 -> 12 | H73: =H72+((H$102-H$62)/40) -> 1.600307 | I73: =I72+((I$102-I$62)/40) -> 2.2379342
B74: =B73+1 -> 13 | C74: =C73+((C$102-C$62)/40) -> 19.272526 | D74: =D73+((D$102-D$62)/40) -> 3.7411365 | G74: =G73+1 -> 13 | H74: =H73+((H$102-H$62)/40) -> 2.2003349 | I74: =I73+((I$102-I$62)/40) -> 2.2379342
... B101: =B100+1 -> 40 | C101: =C100+((C$102-C$62)/40) -> 19.883198 | D101: =D100+((D$102-D$62)/40) -> 7.1233419 | G101: =G100+1 -> 40 | H101: =H100+((H$102-H$62)/40) -> 18.401088 | I101: =I100+((I$102-I$62)/40) -> 2.2379342
B102: =B101+1 -> 41 | C102: =E57 -> 19.905815 | D102: =E58 -> 7.2486087 | G102: =G101+1 -> 41 | H102: =J57 -> 19.001116 | I102: =J58 -> 2.2379342

Sheet DESIGN
B26: Choose your language: | E26: ENGLISH
U27: fattore | V27: =GRAFICI!E8 -> 273.15
B28: =LINGUA!B3 -> INSTRUCTIONS: insert input data in grey cells. Results appear in green cells. | U28: c.s. aria J/(°C*g)= | V28: =GRAFICI!E2 -> 1.006 | AA28: =E26 -> ENGLISH
U29: c.s. vapo J/(°C*g)= | V29: =GRAFICI!E3 -> 1.805
B30: =LINGUA!B53 -> STEP 1 | U30: c latente J/g= | V30: =GRAFICI!E4 -> 2501
U31: R Joule/Kmole*°K= | V31: =GRAFICI!E5 -> 8313.6
U32: f s | V32: =GRAFICI!E7 -> 1.004
C33: =LINGUA!B4 -> Altitude a.s.l. | E33: 0 | F33: =LINGUA!B8 -> m | G33: =IF(OR(E33<-300,E33>3000),LINGUA!B5,"") | U33: =GRAFICI!A2 -> -5674.359 | V33: =GRAFICI!B2 -> -5800.2206
U34: =GRAFICI!A3 -> 6.3925247 | V34: =GRAFICI!B3 -> 1.3914993
C35: =LINGUA!B6 -> External Air | U35: =GRAFICI!A4 -> -0.009677843 | V35: =GRAFICI!B4 -> -0.048640239
C36: =LINGUA!B9 -> Relative humidity | E36: 0.9 | F36: =LINGUA!K12 -> rH | H36: =LINGUA!B11 -> Specific humidity | J36: =IF(G33="",W45,0) -> 2.2379342 | K36: =LINGUA!K4 -> g/kg | U36: =GRAFICI!A5 -> 6.2215701e-07 | V36: =GRAFICI!B5 -> 4.1764768e-05
C37: =LINGUA!B10 -> Temperature | E37: -5 | F37: =LINGUA!K6 -> °C | U37: =GRAFICI!A6 -> 2.0747825e-09 | V37: =GRAFICI!B6 -> -1.4452093e-08
U38: =GRAFICI!A7 -> -9.484024e-13 | V38: =GRAFICI!B7 -> 0
U39: =GRAFICI!A8 -> 4.1635019 | V39: =GRAFICI!B8 -> 6.5459673
C40: =LINGUA!B7 -> Air after the humidifier | E40: =IF(OR(J41<J36),LINGUA!B24,"")
C41: =LINGUA!B9 -> Relative humidity | E41: 0.5 | F41: =LINGUA!K12 -> rH | H41: =LINGUA!B11 -> Specific humidity | J41: =Z45 -> 7.2911944 | K41: =LINGUA!K4 -> g/kg | U41: Condizioni dell'aria in ingresso | X41: Condizioni finali dell'aria | AA41: Aria miscelata | AD41: Condizioni dell'aria prima dell'umidificatore
C42: =LINGUA!B10 -> Temperature | E42: 20 | F42: =LINGUA!K6 -> °C | U42: pressione atm Pascal | W42: =101325*(1-0.0000225577*E33)^5.2559 -> 101325 | X42: pressione atm Pascal | Z42: =W42 -> 101325 | AA42: pressione atm Pascal | AC42: =Z42 -> 101325 | AD42: pressione atm Pascal | AF42: =AC42 -> 101325 | AI42: delt t
C43: =LINGUA!B17 -> Percentage of recirculation air | E43: 0 | H43: =IF(OR(AC45>AC46),LINGUA!C24,"") | U43: T t OA °K | W43: =$V$27+E37 -> 268.15 | X43: T t OA °K | Z43: =$V$27+E42 -> 293.15 | AA43: T t OA °K | AC43: =((W43*E77*(1-E43))+(Z43*E77*E43))/E77 -> 268.15 | AD43: T t OA °K | AF43: =+Z43-AI43 -> 292.15112 | AG43: =+AF43-V27 -> 19.001116 | AI43: =(100-(AC43-V27))*(1.9*(Z45-AC45)/1000)/(1.005+1.9*AC45/1000) -> 0.99888368
U44: Pvs t OA Pascal | W44: =IF(W43<$V$27,EXP($U$33/W43+$U$34+$U$35*W43+$U$36*(W43)^2+$U$37*(W43^3)+$U$38*(W43^4)+$U$39*LN(W43)),EXP($V$33/W43+$V$34+$V$35*W43+$V$36*(W43)^2+$V$37*(W43^3)+$V$38*(W43^4)+$V$39*LN(W43))) -> 402.02926 | X44: Pvs t OA Pascal | Z44: =IF(Z43<$V$27,EXP($U$33/Z43+$U$34+$U$35*Z43+$U$36*(Z43)^2+$U$37*(Z43^3)+$U$38*(Z43^4)+$U$39*LN(Z43)),EXP($V$33/Z43+$V$34+$V$35*Z43+$V$36*(Z43)^2+$V$37*(Z43^3)+$V$38*(Z43^4)+$V$39*LN(Z43))) -> 2338.8037 | AA44: Pvs t OA Pascal | AC44: =IF(AC43<$V$27,EXP($U$33/AC43+$U$34+$U$35*AC43+$U$36*(AC43)^2+$U$37*(AC43^3)+$U$38*(AC43^4)+$U$39*LN(AC43)),EXP($V$33/AC43+$V$34+$V$35*AC43+$V$36*(AC43)^2+$V$37*(AC43^3)+$V$38*(AC43^4)+$V$39*LN(AC43))) -> 402.02926 | AD44: Pvs t OA Pascal | AF44: =IF(AF43<$V$27,EXP($U$33/AF43+$U$34+$U$35*AF43+$U$36*(AF43)^2+$U$37*(AF43^3)+$U$38*(AF43^4)+$U$39*LN(AF43)),EXP($V$33/AF43+$V$34+$V$35*AF43+$V$36*(AF43)^2+$V$37*(AF43^3)+$V$38*(AF43^4)+$V$39*LN(AF43))) -> 2197.9495
U45: x OA g/kg | W45: =$V$32*1000*0.62198*E36*W44/(W42-E36*W44) -> 2.2379342 | X45: x OA g/kg | Z45: =$V$32*1000*0.62198*E41*Z44/(Z42-E41*Z44) -> 7.2911944 | AA45: x OA g/kg | AC45: =((W45*E77*(1-E43))+(Z45*E77*E43))/E77 -> 2.2379342 | AD45: x OA g/kg | AF45: =AC45 -> 2.2379342 | AI45: delta x per il calcolo del carico finale
B46: =LINGUA!B13 -> The following diagram shows the isothermal transformation in red. Blue lines represent curves at a fixed relative humidity, while cyan ones are constant-enthalpy curves. | AA46: Limite di condensazione | AC46: =621.98*V32*AC44/(101180.925-V32*AC44) -> 2.4911801 | AI46: =+Z45-AC45 -> 5.0532603
U47: Iterazione per il calcolo della temperatura di setpoint partendo dall'aria prima dell'umidificatore
U48: f2 | V48: =E41 -> 0.5
U49: t1 | V49: =AG43 -> 19.001116
U50: x1 | V50: =AF45 -> 2.2379342
U51: t | V51: =V49 -> 19.001116 | W51: =V51+(V56/V57) -> 19.278743 | X51: =W51+(W56/W57) -> 19.47105 | Y51: =X51+(X56/X57) -> 19.60432 | Z51: =Y51+(Y56/Y57) -> 19.69671 | AA51: =Z51+(Z56/Z57) -> 19.760774 | AB51: =AA51+(AA56/AA57) -> 19.805203 | AC51: =AB51+(AB56/AB57) -> 19.83602 | AD51: =AC51+(AC56/AC57) -> 19.857396 | ... BF51: =BE51+(BE56/BE57) -> 19.905814 | BH51: =BF51+(BF56/BF57) -> 19.905814 | BI51: =BH51+(BH56/BH57) -> 19.905815 | BJ51: =BI51+(BI56/BI57) -> 19.905815 | BK51: =BJ51+(BJ56/BJ57) -> 19.905815 | BL51: =BK51+(BK56/BK57) -> 19.905815 | BM51: =BL51+(BL56/BL57) -> 19.905815 | BN51: =BM51+(BM56/BM57) -> 19.905815 | BO51: =BN51+(BN56/BN57) -> 19.905815 | BP51: =BO51+(BO56/BO57) -> 19.905815 | ... EL51: =EK51+(EK56/EK57) -> 19.905815
U52: T | V52: =V51+$V$27 -> 292.15112 | W52: =W51+$V$27 -> 292.42874 | X52: =X51+$V$27 -> 292.62105 | Y52: =Y51+$V$27 -> 292.75432 | Z52: =Z51+$V$27 -> 292.84671 | AA52: =AA51+$V$27 -> 292.91077 | AB52: =AB51+$V$27 -> 292.9552 | AC52: =AC51+$V$27 -> 292.98602 | ... BF52: =BF51+$V$27 -> 293.05581 | BH52: =BH51+$V$27 -> 293.05581 | BI52: =BI51+$V$27 -> 293.05581 | BJ52: =BJ51+$V$27 -> 293.05581 | BK52: =BK51+$V$27 -> 293.05581 | BL52: =BL51+$V$27 -> 293.05582 | BM52: =BM51+$V$27 -> 293.05582 | BN52: =BN51+$V$27 -> 293.05582 | BO52: =BO51+$V$27 -> 293.05582 | ... EL52: =EL51+$V$27 -> 293.05582
U53: Pvs | V53: =IF(V52<$V$27,EXP($U$33/V52+$U$34+$U$35*V52+$U$36*(V52)^2+$U$37*(V52^3)+$U$38*(V52^4)+$U$39*LN(V52)),EXP($V$33/V52+$V$34+$V$35*V52+$V$36*(V52)^2+$V$37*(V52^3)+$V$38*(V52^4)+$V$39*LN(V52))) -> 2197.9495 | W53: =IF(W52<$V$27,EXP($U$33/W52+$U$34+$U$35*W52+$U$36*(W52)^2+$U$37*(W52^3)+$U$38*(W52^4)+$U$39*LN(W52)),EXP($V$33/W52+$V$34+$V$35*W52+$V$36*(W52)^2+$V$37*(W52^3)+$V$38*(W52^4)+$V$39*LN(W52))) -> 2236.3321 | X53: =IF(X52<$V$27,EXP($U$33/X52+$U$34+$U$35*X52+$U$36*(X52)^2+$U$37*(X52^3)+$U$38*(X52^4)+$U$39*LN(X52)),EXP($V$33/X52+$V$34+$V$35*X52+$V$36*(X52)^2+$V$37*(X52^3)+$V$38*(X52^4)+$V$39*LN(X52))) -> 2263.2618 | Y53: =IF(Y52<$V$27,EXP($U$33/Y52+$U$34+$U$35*Y52+$U$36*(Y52)^2+$U$37*(Y52^3)+$U$38*(Y52^4)+$U$39*LN(Y52)),EXP($V$33/Y52+$V$34+$V$35*Y52+$V$36*(Y52)^2+$V$37*(Y52^3)+$V$38*(Y52^4)+$V$39*LN(Y52))) -> 2282.0907 | Z53: =IF(Z52<$V$27,EXP($U$33/Z52+$U$34+$U$35*Z52+$U$36*(Z52)^2+$U$37*(Z52^3)+$U$38*(Z52^4)+$U$39*LN(Z52)),EXP($V$33/Z52+$V$34+$V$35*Z52+$V$36*(Z52)^2+$V$37*(Z52^3)+$V$38*(Z52^4)+$V$39*LN(Z52))) -> 2295.224 | AA53: =IF(AA52<$V$27,EXP($U$33/AA52+$U$34+$U$35*AA52+$U$36*(AA52)^2+$U$37*(AA52^3)+$U$38*(AA52^4)+$U$39*LN(AA52)),EXP($V$33/AA52+$V$34+$V$35*AA52+$V$36*(AA52)^2+$V$37*(AA52^3)+$V$38*(AA52^4)+$V$39*LN(AA52))) -> 2304.3696 | AB53: =IF(AB52<$V$27,EXP($U$33/AB52+$U$34+$U$35*AB52+$U$36*(AB52)^2+$U$37*(AB52^3)+$U$38*(AB52^4)+$U$39*LN(AB52)),EXP($V$33/AB52+$V$34+$V$35*AB52+$V$36*(AB52)^2+$V$37*(AB52^3)+$V$38*(AB52^4)+$V$39*LN(AB52))) -> 2310.7311 | AC53: =IF(AC52<$V$27,EXP($U$33/AC52+$U$34+$U$35*AC52+$U$36*(AC52)^2+$U$37*(AC52^3)+$U$38*(AC52^4)+$U$39*LN(AC52)),EXP($V$33/AC52+$V$34+$V$35*AC52+$V$36*(AC52)^2+$V$37*(AC52^3)+$V$38*(AC52^4)+$V$39*LN(AC52))) -> 2315.1524 | ... BF53: =IF(BF52<$V$27,EXP($U$33/BF52+$U$34+$U$35*BF52+$U$36*(BF52)^2+$U$37*(BF52^3)+$U$38*(BF52^4)+$U$39*LN(BF52)),EXP($V$33/BF52+$V$34+$V$35*BF52+$V$36*(BF52)^2+$V$37*(BF52^3)+$V$38*(BF52^4)+$V$39*LN(BF52))) -> 2325.1932 | BH53: =IF(BH52<$V$27,EXP($U$33/BH52+$U$34+$U$35*BH52+$U$36*(BH52)^2+$U$37*(BH52^3)+$U$38*(BH52^4)+$U$39*LN(BH52)),EXP($V$33/BH52+$V$34+$V$35*BH52+$V$36*(BH52)^2+$V$37*(BH52^3)+$V$38*(BH52^4)+$V$39*LN(BH52))) -> 2325.1933 | BI53: =IF(BI52<$V$27,EXP($U$33/BI52+$U$34+$U$35*BI52+$U$36*(BI52)^2+$U$37*(BI52^3)+$U$38*(BI52^4)+$U$39*LN(BI52)),EXP($V$33/BI52+$V$34+$V$35*BI52+$V$36*(BI52)^2+$V$37*(BI52^3)+$V$38*(BI52^4)+$V$39*LN(BI52))) -> 2325.1933 | BJ53: =IF(BJ52<$V$27,EXP($U$33/BJ52+$U$34+$U$35*BJ52+$U$36*(BJ52)^2+$U$37*(BJ52^3)+$U$38*(BJ52^4)+$U$39*LN(BJ52)),EXP($V$33/BJ52+$V$34+$V$35*BJ52+$V$36*(BJ52)^2+$V$37*(BJ52^3)+$V$38*(BJ52^4)+$V$39*LN(BJ52))) -> 2325.1934 | BK53: =IF(BK52<$V$27,EXP($U$33/BK52+$U$34+$U$35*BK52+$U$36*(BK52)^2+$U$37*(BK52^3)+$U$38*(BK52^4)+$U$39*LN(BK52)),EXP($V$33/BK52+$V$34+$V$35*BK52+$V$36*(BK52)^2+$V$37*(BK52^3)+$V$38*(BK52^4)+$V$39*LN(BK52))) -> 2325.1934 | BL53: =IF(BL52<$V$27,EXP($U$33/BL52+$U$34+$U$35*BL52+$U$36*(BL52)^2+$U$37*(BL52^3)+$U$38*(BL52^4)+$U$39*LN(BL52)),EXP($V$33/BL52+$V$34+$V$35*BL52+$V$36*(BL52)^2+$V$37*(BL52^3)+$V$38*(BL52^4)+$V$39*LN(BL52))) -> 2325.1934 | BM53: =IF(BM52<$V$27,EXP($U$33/BM52+$U$34+$U$35*BM52+$U$36*(BM52)^2+$U$37*(BM52^3)+$U$38*(BM52^4)+$U$39*LN(BM52)),EXP($V$33/BM52+$V$34+$V$35*BM52+$V$36*(BM52)^2+$V$37*(BM52^3)+$V$38*(BM52^4)+$V$39*LN(BM52))) -> 2325.1934 | BN53: =IF(BN52<$V$27,EXP($U$33/BN52+$U$34+$U$35*BN52+$U$36*(BN52)^2+$U$37*(BN52^3)+$U$38*(BN52^4)+$U$39*LN(BN52)),EXP($V$33/BN52+$V$34+$V$35*BN52+$V$36*(BN52)^2+$V$37*(BN52^3)+$V$38*(BN52^4)+$V$39*LN(BN52))) -> 2325.1934 | BO53: =IF(BO52<$V$27,EXP($U$33/BO52+$U$34+$U$35*BO52+$U$36*(BO52)^2+$U$37*(BO52^3)+$U$38*(BO52^4)+$U$39*LN(BO52)),EXP($V$33/BO52+$V$34+$V$35*BO52+$V$36*(BO52)^2+$V$37*(BO52^3)+$V$38*(BO52^4)+$V$39*LN(BO52))) -> 2325.1934 | ... EL53: =IF(EL52<$V$27,EXP($U$33/EL52+$U$34+$U$35*EL52+$U$36*(EL52)^2+$U$37*(EL52^3)+$U$38*(EL52^4)+$U$39*LN(EL52)),EXP($V$33/EL52+$V$34+$V$35*EL52+$V$36*(EL52)^2+$V$37*(EL52^3)+$V$38*(EL52^4)+$V$39*LN(EL52))) -> 2325.1935
U54: x | V54: =621.98*$V$32*$V$48*V53/($W$42-$V$32*$V$48*V53) -> 6.8475686 | W54: =621.98*$V$32*$V$48*W53/($W$42-$V$32*$V$48*W53) -> 6.9684869 | X54: =621.98*$V$32*$V$48*X53/($W$42-$V$32*$V$48*X53) -> 7.0533524 | Y54: =621.98*$V$32*$V$48*Y53/($W$42-$V$32*$V$48*Y53) -> 7.1127025 | Z54: =621.98*$V$32*$V$48*Z53/($W$42-$V$32*$V$48*Z53) -> 7.1541068 | AA54: =621.98*$V$32*$V$48*AA53/($W$42-$V$32*$V$48*AA53) -> 7.1829424 | AB54: =621.98*$V$32*$V$48*AB53/($W$42-$V$32*$V$48*AB53) -> 7.2030012 | AC54: =621.98*$V$32*$V$48*AC53/($W$42-$V$32*$V$48*AC53) -> 7.2169432 | ... BF54: =621.98*$V$32*$V$48*BF53/($W$42-$V$32*$V$48*BF53) -> 7.2486079 | BH54: =621.98*$V$32*$V$48*BH53/($W$42-$V$32*$V$48*BH53) -> 7.2486082 | BI54: =621.98*$V$32*$V$48*BI53/($W$42-$V$32*$V$48*BI53) -> 7.2486083 | BJ54: =621.98*$V$32*$V$48*BJ53/($W$42-$V$32*$V$48*BJ53) -> 7.2486085 | BK54: =621.98*$V$32*$V$48*BK53/($W$42-$V$32*$V$48*BK53) -> 7.2486085 | BL54: =621.98*$V$32*$V$48*BL53/($W$42-$V$32*$V$48*BL53) -> 7.2486086 | BM54: =621.98*$V$32*$V$48*BM53/($W$42-$V$32*$V$48*BM53) -> 7.2486086 | BN54: =621.98*$V$32*$V$48*BN53/($W$42-$V$32*$V$48*BN53) -> 7.2486087 | BO54: =621.98*$V$32*$V$48*BO53/($W$42-$V$32*$V$48*BO53) -> 7.2486087 | ... EL54: =621.98*$V$32*$V$48*EL53/($W$42-$V$32*$V$48*EL53) -> 7.2486087
U55: z | V55: =($V$49*($V$28+$V$29*(V54/1000))+((V54-$V$50)/1000)*(2685-$V$30))/($V$28+$V$29*(V54/1000)) -> 19.833997 | W55: =($V$49*($V$28+$V$29*(W54/1000))+((W54-$V$50)/1000)*(2685-$V$30))/($V$28+$V$29*(W54/1000)) -> 19.855662 | X55: =($V$49*($V$28+$V$29*(X54/1000))+((X54-$V$50)/1000)*(2685-$V$30))/($V$28+$V$29*(X54/1000)) -> 19.870862 | Y55: =($V$49*($V$28+$V$29*(Y54/1000))+((Y54-$V$50)/1000)*(2685-$V$30))/($V$28+$V$29*(Y54/1000)) -> 19.881489 | Z55: =($V$49*($V$28+$V$29*(Z54/1000))+((Z54-$V$50)/1000)*(2685-$V$30))/($V$28+$V$29*(Z54/1000)) -> 19.888901 | AA55: =($V$49*($V$28+$V$29*(AA54/1000))+((AA54-$V$50)/1000)*(2685-$V$30))/($V$28+$V$29*(AA54/1000)) -> 19.894063 | AB55: =($V$49*($V$28+$V$29*(AB54/1000))+((AB54-$V$50)/1000)*(2685-$V$30))/($V$28+$V$29*(AB54/1000)) -> 19.897653 | AC55: =($V$49*($V$28+$V$29*(AC54/1000))+((AC54-$V$50)/1000)*(2685-$V$30))/($V$28+$V$29*(AC54/1000)) -> 19.900148 | ... BF55: =($V$49*($V$28+$V$29*(BF54/1000))+((BF54-$V$50)/1000)*(2685-$V$30))/($V$28+$V$29*(BF54/1000)) -> 19.905815 | BH55: =($V$49*($V$28+$V$29*(BH54/1000))+((BH54-$V$50)/1000)*(2685-$V$30))/($V$28+$V$29*(BH54/1000)) -> 19.905815 | BI55: =($V$49*($V$28+$V$29*(BI54/1000))+((BI54-$V$50)/1000)*(2685-$V$30))/($V$28+$V$29*(BI54/1000)) -> 19.905815 | BJ55: =($V$49*($V$28+$V$29*(BJ54/1000))+((BJ54-$V$50)/1000)*(2685-$V$30))/($V$28+$V$29*(BJ54/1000)) -> 19.905815 | BK55: =($V$49*($V$28+$V$29*(BK54/1000))+((BK54-$V$50)/1000)*(2685-$V$30))/($V$28+$V$29*(BK54/1000)) -> 19.905815 | BL55: =($V$49*($V$28+$V$29*(BL54/1000))+((BL54-$V$50)/1000)*(2685-$V$30))/($V$28+$V$29*(BL54/1000)) -> 19.905815 | BM55: =($V$49*($V$28+$V$29*(BM54/1000))+((BM54-$V$50)/1000)*(2685-$V$30))/($V$28+$V$29*(BM54/1000)) -> 19.905815 | BN55: =($V$49*($V$28+$V$29*(BN54/1000))+((BN54-$V$50)/1000)*(2685-$V$30))/($V$28+$V$29*(BN54/1000)) -> 19.905815 | BO55: =($V$49*($V$28+$V$29*(BO54/1000))+((BO54-$V$50)/1000)*(2685-$V$30))/($V$28+$V$29*(BO54/1000)) -> 19.905815 | ... EL55: =($V$49*($V$28+$V$29*(EL54/1000))+((EL54-$V$50)/1000)*(2685-$V$30))/($V$28+$V$29*(EL54/1000)) -> 19.905815
U56: Dz | V56: =V55-V51 -> 0.83288116 | W56: =W55-W51 -> 0.57691879 | X56: =X55-X51 -> 0.39981217 | Y56: =Y55-Y51 -> 0.2771685 | Z56: =Z55-Z51 -> 0.19219139 | AA56: =AA55-AA51 -> 0.13328926 | AB56: =AB55-AB51 -> 0.092449773 | AC56: =AC55-AC51 -> 0.064128478 | ... BF56: =BF55-BF51 -> 1.5934775e-06 | BH56: =BH55-BH51 -> 1.1055264e-06 | BI56: =BI55-BI51 -> 7.6699455e-07 | BJ56: =BJ55-BJ51 -> 5.3212719e-07 | BK56: =BK55-BK51 -> 3.6918039e-07 | BL56: =BL55-BL51 -> 2.5613079e-07 | BM56: =BM55-BM51 -> 1.77699e-07 | BN56: =BN55-BN51 -> 1.2328441e-07 | BO56: =BO55-BO51 -> 8.5532516e-08 | ... EL56: =EL55-EL51 -> 0
U57: k | V57: =GRAFICI!M3 -> 3 | W57: =V57 -> 3 | X57: =W57 -> 3 | Y57: =X57 -> 3 | Z57: =Y57 -> 3 | AA57: =Z57 -> 3 | AB57: =AA57 -> 3 | AC57: =AB57 -> 3 | AD57: =AC57 -> 3 | ... BF57: =BE57 -> 3 | BH57: =BF57 -> 3 | BI57: =BH57 -> 3 | BJ57: =BI57 -> 3 | BK57: =BJ57 -> 3 | BL57: =BK57 -> 3 | BM57: =BL57 -> 3 | BN57: =BM57 -> 3 | BO57: =BN57 -> 3 | BP57: =BO57 -> 3 | ... EL57: =EK57 -> 3
U59: Errore | W59: =EL56 -> 0
U60: Temperatura °C | W60: =AVERAGE(EL51,EL55) -> 19.905815
U61: Umidità specifica g/kg | W61: =DZ54 -> 7.2486087
U64: Tabella UE*X | AI64: Tabella UR*H | AU64: Tabella UE*Y
U66: Portata minima | W66: =GRAFICI!M7 -> 0.5 | AI66: Portata minima | AK66: =W66 -> 0.5 | AU66: Portata minima | AW66: =+W66 -> 0.5
U67: Massimo numero umi | W67: =GRAFICI!M6 -> 1 | AI67: Massimo numero umi | AK67: =W67 -> 1 | AU67: Massimo numero umi | AW67: =+W67 -> 1
C69: =LINGUA!C517 -> WARNING: the pre-heating must be supplied by an external device | U69: # | V69: Code | W69: Max | X69: Uscite | Y69: d_uscite | Z69: 230 1~ | AA69: 400 3~ | AB69: #_umi | AC69: Max_flow | AD69: Min_flow | AE69: Si/No | AF69: Quale | AI69: # | AJ69: Code | AK69: Max | AL69: Uscite | AM69: d_uscite | AN69: #_umi | AO69: Max_flow | AP69: Min_flow | AQ69: Si/No | AR69: Quale | AU69: # | AV69: Code | AW69: Max | AX69: Uscite | AY69: d_uscite | AZ69: 230 1~ | BA69: 400 3~ | BB69: #_umi | BC69: Max_flow | BD69: Min_flow | BE69: Si/No | BF69: Quale
U70: 1 | V70: UE001 | W70: 1.5 | X70: 1 | Y70: 22 | Z70: 1 | AB70: =CEILING($E$84/W70,1) -> 41 | AC70: =MIN(AB70,$W$67)*W70 -> 1.5 | AD70: =AC70*$W$66 -> 0.75 | AE70: =IF(OR(AC70=$E$84,AC70>$E$84),IF(OR(AD70=$E$84,AD70<$E$84),1,0),0) -> 0 | AF70: =AE70*U70 -> 0 | AI70: 27 | AJ70: UR002HD002 | AK70: 2 | AL70: 1 | AM70: 30 | AN70: =CEILING($E$84/AK70,1) -> 31 | AO70: =MIN(AN70,$AK$67)*AK70 -> 2 | AP70: =AO70*$AK$66 -> 1 | AQ70: =IF(OR(AO70=$E$84,AO70>$E$84),IF(OR(AP70=$E$84,AP70<$E$84),1,0),0) -> 0 | AR70: =AQ70*AI70 -> 0 | AU70: 15 | AV70: UE001 | AW70: 1.5 | AX70: 1 | AY70: 22 | AZ70: 1 | BB70: =CEILING($E$84/AW70,1) -> 41 | BC70: =MIN(BB70,$W$67)*AW70 -> 1.5 | BD70: =BC70*$W$66 -> 0.75 | BE70: =IF(OR(BC70=$E$84,BC70>$E$84),IF(OR(BD70=$E$84,BD70<$E$84),1,0),0) -> 0 | BF70: =BE70*AU70 -> 0
B71: =LINGUA!B54 -> STEP 2 | U71: =U70+1 -> 2 | V71: UE003 | W71: 3 | X71: 1 | Y71: 22 | Z71: 1 | AA71: 1 | AB71: =CEILING($E$84/W71,1) -> 21 | AC71: =MIN(AB71,$W$67)*W71 -> 3 | AD71: =AC71*$W$66 -> 1.5 | AE71: =IF(OR(AC71=$E$84,AC71>$E$84),IF(OR(AD71=$E$84,AD71<$E$84),1,0),0) -> 0 | AF71: =IF(SUM(AF$70:AF70)=0,AE71,0)*U71 -> 0 | AI71: =AI70+1 -> 28 | AJ71: UR004HD002 | AK71: 4 | AL71: 1 | AM71: 30 | AN71: =CEILING($E$84/AK71,1) -> 16 | AO71: =MIN(AN71,$AK$67)*AK71 -> 4 | AP71: =AO71*$AK$66 -> 2 | AQ71: =IF(OR(AO71=$E$84,AO71>$E$84),IF(OR(AP71=$E$84,AP71<$E$84),1,0),0) -> 0 | AR71: =IF(SUM(AR$70:AR70)=0,AQ71,0)*AI71 -> 0 | AU71: =AU70+1 -> 16 | AV71: UE003 | AW71: 3 | AX71: 1 | AY71: 22 | AZ71: 1 | BA71: 1 | BB71: =CEILING($E$84/AW71,1) -> 21 | BC71: =MIN(BB71,$W$67)*AW71 -> 3 | BD71: =BC71*$W$66 -> 1.5 | BE71: =IF(OR(BC71=$E$84,BC71>$E$84),IF(OR(BD71=$E$84,BD71<$E$84),1,0),0) -> 0 | BF71: =IF(SUM(BF$70:BF70)=0,BE71,0)*AU71 -> 0
U72: =U71+1 -> 3 | V72: UE005 | W72: 5 | X72: 1 | Y72: 30 | Z72: 1 | AA72: 1 | AB72: =CEILING($E$84/W72,1) -> 13 | AC72: =MIN(AB72,$W$67)*W72 -> 5 | AD72: =AC72*$W$66 -> 2.5 | AE72: =IF(OR(AC72=$E$84,AC72>$E$84),IF(OR(AD72=$E$84,AD72<$E$84),1,0),0) -> 0 | AF72: =IF(SUM(AF$70:AF71)=0,AE72,0)*U72 -> 0 | AI72: =AI71+1 -> 29 | AJ72: UR006HD002 | AK72: 6 | AL72: 1 | AM72: 30 | AN72: =CEILING($E$84/AK72,1) -> 11 | AO72: =MIN(AN72,$AK$67)*AK72 -> 6 | AP72: =AO72*$AK$66 -> 3 | AQ72: =IF(OR(AO72=$E$84,AO72>$E$84),IF(OR(AP72=$E$84,AP72<$E$84),1,0),0) -> 0 | AR72: =IF(SUM(AR$70:AR71)=0,AQ72,0)*AI72 -> 0 | AU72: =AU71+1 -> 17 | AV72: UE005 | AW72: 5 | AX72: 1 | AY72: 30 | AZ72: 1 | BA72: 1 | BB72: =CEILING($E$84/AW72,1) -> 13 | BC72: =MIN(BB72,$W$67)*AW72 -> 5 | BD72: =BC72*$W$66 -> 2.5 | BE72: =IF(OR(BC72=$E$84,BC72>$E$84),IF(OR(BD72=$E$84,BD72<$E$84),1,0),0) -> 0 | BF72: =IF(SUM(BF$70:BF71)=0,BE72,0)*AU72 -> 0
U73: =U72+1 -> 4 | V73: UE008 | W73: 8 | X73: 1 | Y73: 30 | AA73: 1 | AB73: =CEILING($E$84/W73,1) -> 8 | AC73: =MIN(AB73,$W$67)*W73 -> 8 | AD73: =AC73*$W$66 -> 4 | AE73: =IF(OR(AC73=$E$84,AC73>$E$84),IF(OR(AD73=$E$84,AD73<$E$84),1,0),0) -> 0 | AF73: =IF(SUM(AF$70:AF72)=0,AE73,0)*U73 -> 0 | AI73: =AI72+1 -> 30 | AJ73: UR010HL002 | AK73: 10 | AL73: 1 | AM73: 30 | AN73: =CEILING($E$84/AK73,1) -> 7 | AO73: =MIN(AN73,$AK$67)*AK73 -> 10 | AP73: =AO73*$AK$66 -> 5 | AQ73: =IF(OR(AO73=$E$84,AO73>$E$84),IF(OR(AP73=$E$84,AP73<$E$84),1,0),0) -> 0 | AR73: =IF(SUM(AR$70:AR72)=0,AQ73,0)*AI73 -> 0 | AU73: =AU72+1 -> 18 | AV73: UE008 | AW73: 8 | AX73: 1 | AY73: 30 | BA73: 1 | BB73: =CEILING($E$84/AW73,1) -> 8 | BC73: =MIN(BB73,$W$67)*AW73 -> 8 | BD73: =BC73*$W$66 -> 4 | BE73: =IF(OR(BC73=$E$84,BC73>$E$84),IF(OR(BD73=$E$84,BD73<$E$84),1,0),0) -> 0 | BF73: =IF(SUM(BF$70:BF72)=0,BE73,0)*AU73 -> 0
C74: =LINGUA!B14 -> Duct | U74: =U73+1 -> 5 | V74: UE009 | W74: 9 | X74: 1 | Y74: 30 | Z74: 1 | AB74: =CEILING($E$84/W74,1) -> 7 | AC74: =MIN(AB74,$W$67)*W74 -> 9 | AD74: =AC74*$W$66 -> 4.5 | AE74: =IF(OR(AC74=$E$84,AC74>$E$84),IF(OR(AD74=$E$84,AD74<$E$84),1,0),0) -> 0 | AF74: =IF(SUM(AF$70:AF73)=0,AE74,0)*U74 -> 0 | AI74: =AI73+1 -> 31 | AJ74: UR013HL002 | AK74: 13 | AL74: 1 | AM74: 30 | AN74: =CEILING($E$84/AK74,1) -> 5 | AO74: =MIN(AN74,$AK$67)*AK74 -> 13 | AP74: =AO74*$AK$66 -> 6.5 | AQ74: =IF(OR(AO74=$E$84,AO74>$E$84),IF(OR(AP74=$E$84,AP74<$E$84),1,0),0) -> 0 | AR74: =IF(SUM(AR$70:AR73)=0,AQ74,0)*AI74 -> 0 | AU74: =AU73+1 -> 19 | AV74: UE009 | AW74: 9 | AX74: 1 | AY74: 30 | AZ74: 1 | BB74: =CEILING($E$84/AW74,1) -> 7 | BC74: =MIN(BB74,$W$67)*AW74 -> 9 | BD74: =BC74*$W$66 -> 4.5 | BE74: =IF(OR(BC74=$E$84,BC74>$E$84),IF(OR(BD74=$E$84,BD74<$E$84),1,0),0) -> 0 | BF74: =IF(SUM(BF$70:BF73)=0,BE74,0)*AU74 -> 0
C75: =LINGUA!B15 -> Internal width C1 | E75: 1200 | F75: =LINGUA!K3 -> mm | U75: =U74+1 -> 6 | V75: UE010 | W75: 10 | X75: 1 | Y75: 30 | AA75: 1 | AB75: =CEILING($E$84/W75,1) -> 7 | AC75: =MIN(AB75,$W$67)*W75 -> 10 | AD75: =AC75*$W$66 -> 5 | AE75: =IF(OR(AC75=$E$84,AC75>$E$84),IF(OR(AD75=$E$84,AD75<$E$84),1,0),0) -> 0 | AF75: =IF(SUM(AF$70:AF74)=0,AE75,0)*U75 -> 0 | AI75: =AI74+1 -> 32 | AJ75: UR020HL002 | AK75: 20 | AL75: 1 | AM75: 40 | AN75: =CEILING($E$84/AK75,1) -> 4 | AO75: =MIN(AN75,$AK$67)*AK75 -> 20 | AP75: =AO75*$AK$66 -> 10 | AQ75: =IF(OR(AO75=$E$84,AO75>$E$84),IF(OR(AP75=$E$84,AP75<$E$84),1,0),0) -> 0 | AR75: =IF(SUM(AR$70:AR74)=0,AQ75,0)*AI75 -> 0 | AU75: =AU74+1 -> 20 | AV75: UE010 | AW75: 10 | AX75: 1 | AY75: 30 | BA75: 1 | BB75: =CEILING($E$84/AW75,1) -> 7 | BC75: =MIN(BB75,$W$67)*AW75 -> 10 | BD75: =BC75*$W$66 -> 5 | BE75: =IF(OR(BC75=$E$84,BC75>$E$84),IF(OR(BD75=$E$84,BD75<$E$84),1,0),0) -> 0 | BF75: =IF(SUM(BF$70:BF74)=0,BE75,0)*AU75 -> 0
C76: =LINGUA!B16 -> Internal height C2 | E76: 1100 | F76: =LINGUA!K3 -> mm | U76: =U75+1 -> 7 | V76: UE015 | W76: 15 | X76: 1 | Y76: 30 | AA76: 1 | AB76: =CEILING($E$84/W76,1) -> 5 | AC76: =MIN(AB76,$W$67)*W76 -> 15 | AD76: =AC76*$W$66 -> 7.5 | AE76: =IF(OR(AC76=$E$84,AC76>$E$84),IF(OR(AD76=$E$84,AD76<$E$84),1,0),0) -> 0 | AF76: =IF(SUM(AF$70:AF75)=0,AE76,0)*U76 -> 0 | AI76: =AI75+1 -> 33 | AJ76: UR027HL002 | AK76: 27 | AL76: 1 | AM76: 40 | AN76: =CEILING($E$84/AK76,1) -> 3 | AO76: =MIN(AN76,$AK$67)*AK76 -> 27 | AP76: =AO76*$AK$66 -> 13.5 | AQ76: =IF(OR(AO76=$E$84,AO76>$E$84),IF(OR(AP76=$E$84,AP76<$E$84),1,0),0) -> 0 | AR76: =IF(SUM(AR$70:AR75)=0,AQ76,0)*AI76 -> 0 | AU76: =AU75+1 -> 21 | AV76: UE015 | AW76: 15 | AX76: 1 | AY76: 30 | BA76: 1 | BB76: =CEILING($E$84/AW76,1) -> 5 | BC76: =MIN(BB76,$W$67)*AW76 -> 15 | BD76: =BC76*$W$66 -> 7.5 | BE76: =IF(OR(BC76=$E$84,BC76>$E$84),IF(OR(BD76=$E$84,BD76<$E$84),1,0),0) -> 0 | BF76: =IF(SUM(BF$70:BF75)=0,BE76,0)*AU76 -> 0
C77: =LINGUA!B18 -> Air flow V | E77: 10000 | F77: =LINGUA!K7 -> m^3/h | U77: =U76+1 -> 8 | V77: UE018 | W77: 18 | X77: 1 | Y77: 30 | AA77: 1 | AB77: =CEILING($E$84/W77,1) -> 4 | AC77: =MIN(AB77,$W$67)*W77 -> 18 | AD77: =AC77*$W$66 -> 9 | AE77: =IF(OR(AC77=$E$84,AC77>$E$84),IF(OR(AD77=$E$84,AD77<$E$84),1,0),0) -> 0 | AF77: =IF(SUM(AF$70:AF76)=0,AE77,0)*U77 -> 0 | AI77: =AI76+1 -> 34 | AJ77: UR040HL002 | AK77: 40 | AL77: 1 | AM77: 40 | AN77: =CEILING($E$84/AK77,1) -> 2 | AO77: =MIN(AN77,$AK$67)*AK77 -> 40 | AP77: =AO77*$AK$66 -> 20 | AQ77: =IF(OR(AO77=$E$84,AO77>$E$84),IF(OR(AP77=$E$84,AP77<$E$84),1,0),0) -> 0 | AR77: =IF(SUM(AR$70:AR76)=0,AQ77,0)*AI77 -> 0 | AU77: =AU76+1 -> 22 | AV77: UE018 | AW77: 18 | AX77: 1 | AY77: 30 | BA77: 1 | BB77: =CEILING($E$84/AW77,1) -> 4 | BC77: =MIN(BB77,$W$67)*AW77 -> 18 | BD77: =BC77*$W$66 -> 9 | BE77: =IF(OR(BC77=$E$84,BC77>$E$84),IF(OR(BD77=$E$84,BD77<$E$84),1,0),0) -> 0 | BF77: =IF(SUM(BF$70:BF76)=0,BE77,0)*AU77 -> 0
C78: =LINGUA!B19 -> Air flow GA | E78: =(E77*29*(AF42/(V31*(V27+AG43))))/(1+1.6078*J36/1000) -> 12054.747 | F78: =LINGUA!K8 -> kg/h | U78: =U77+1 -> 9 | V78: UE025 | W78: 25 | X78: 1 | Y78: 40 | AA78: 1 | AB78: =CEILING($E$84/W78,1) -> 3 | AC78: =MIN(AB78,$W$67)*W78 -> 25 | AD78: =AC78*$W$66 -> 12.5 | AE78: =IF(OR(AC78=$E$84,AC78>$E$84),IF(OR(AD78=$E$84,AD78<$E$84),1,0),0) -> 0 | AF78: =IF(SUM(AF$70:AF77)=0,AE78,0)*U78 -> 0 | AI78: =AI77+1 -> 35 | AJ78: UR053HL002 | AK78: 53 | AL78: 2 | AM78: 40 | AN78: =CEILING($E$84/AK78,1) -> 2 | AO78: =MIN(AN78,$AK$67)*AK78 -> 53 | AP78: =AO78*$AK$66 -> 26.5 | AQ78: =IF(OR(AO78=$E$84,AO78>$E$84),IF(OR(AP78=$E$84,AP78<$E$84),1,0),0) -> 0 | AR78: =IF(SUM(AR$70:AR77)=0,AQ78,0)*AI78 -> 0 | AU78: =AU77+1 -> 23 | AV78: UE025 | AW78: 25 | AX78: 1 | AY78: 40 | BA78: 1 | BB78: =CEILING($E$84/AW78,1) -> 3 | BC78: =MIN(BB78,$W$67)*AW78 -> 25 | BD78: =BC78*$W$66 -> 12.5 | BE78: =IF(OR(BC78=$E$84,BC78>$E$84),IF(OR(BD78=$E$84,BD78<$E$84),1,0),0) -> 0 | BF78: =IF(SUM(BF$70:BF77)=0,BE78,0)*AU78 -> 0
C79: =LINGUA!B20 -> Air speed | E79: =(1000*1000)*E77/(3600*E75*E76) -> 2.1043771 | F79: =LINGUA!K5 -> m/sec | U79: =U78+1 -> 10 | V79: UE035 | W79: 35 | X79: 1 | Y79: 40 | AA79: 1 | AB79: =CEILING($E$84/W79,1) -> 2 | AC79: =MIN(AB79,$W$67)*W79 -> 35 | AD79: =AC79*$W$66 -> 17.5 | AE79: =IF(OR(AC79=$E$84,AC79>$E$84),IF(OR(AD79=$E$84,AD79<$E$84),1,0),0) -> 0 | AF79: =IF(SUM(AF$70:AF78)=0,AE79,0)*U79 -> 0 | AI79: =AI78+1 -> 36 | AJ79: UR060HL002 | AK79: 60 | AL79: 2 | AM79: 40 | AN79: =CEILING($E$84/AK79,1) -> 2 | AO79: =MIN(AN79,$AK$67)*AK79 -> 60 | AP79: =AO79*$AK$66 -> 30 | AQ79: =IF(OR(AO79=$E$84,AO79>$E$84),IF(OR(AP79=$E$84,AP79<$E$84),1,0),0) -> 0 | AR79: =IF(SUM(AR$70:AR78)=0,AQ79,0)*AI79 -> 0 | AU79: =AU78+1 -> 24 | AV79: UE035 | AW79: 35 | AX79: 1 | AY79: 40 | BA79: 1 | BB79: =CEILING($E$84/AW79,1) -> 2 | BC79: =MIN(BB79,$W$67)*AW79 -> 35 | BD79: =BC79*$W$66 -> 17.5 | BE79: =IF(OR(BC79=$E$84,BC79>$E$84),IF(OR(BD79=$E$84,BD79<$E$84),1,0),0) -> 0 | BF79: =IF(SUM(BF$70:BF78)=0,BE79,0)*AU79 -> 0
U80: =U79+1 -> 11 | V80: UE045 | W80: 45 | X80: 1 | Y80: 40 | AA80: 1 | AB80: =CEILING($E$84/W80,1) -> 2 | AC80: =MIN(AB80,$W$67)*W80 -> 45 | AD80: =AC80*$W$66 -> 22.5 | AE80: =IF(OR(AC80=$E$84,AC80>$E$84),IF(OR(AD80=$E$84,AD80<$E$84),1,0),0) -> 0 | AF80: =IF(SUM(AF$70:AF79)=0,AE80,0)*U80 -> 0 | AI80: =AI79+1 -> 37 | AJ80: UR080HL002 | AK80: 80 | AL80: 2 | AM80: 40 | AN80: =CEILING($E$84/AK80,1) -> 1 | AO80: =MIN(AN80,$AK$67)*AK80 -> 80 | AP80: =AO80*$AK$66 -> 40 | AQ80: =IF(OR(AO80=$E$84,AO80>$E$84),IF(OR(AP80=$E$84,AP80<$E$84),1,0),0) -> 1 | AR80: =IF(SUM(AR$70:AR79)=0,AQ80,0)*AI80 -> 37 | AU80: =AU79+1 -> 25 | AV80: UE045 | AW80: 45 | AX80: 1 | AY80: 40 | BA80: 1 | BB80: =CEILING($E$84/AW80,1) -> 2 | BC80: =MIN(BB80,$W$67)*AW80 -> 45 | BD80: =BC80*$W$66 -> 22.5 | BE80: =IF(OR(BC80=$E$84,BC80>$E$84),IF(OR(BD80=$E$84,BD80<$E$84),1,0),0) -> 0 | BF80: =IF(SUM(BF$70:BF79)=0,BE80,0)*AU80 -> 0
U81: =U80+1 -> 12 | V81: UE065 | W81: 65 | X81: 2 | Y81: 40 | AA81: 1 | AB81: =CEILING($E$84/W81,1) -> 1 | AC81: =MIN(AB81,$W$67)*W81 -> 65 | AD81: =AC81*$W$66 -> 32.5 | AE81: =IF(OR(AC81=$E$84,AC81>$E$84),IF(OR(AD81=$E$84,AD81<$E$84),1,0),0) -> 1 | AF81: =IF(SUM(AF$70:AF80)=0,AE81,0)*U81 -> 12 | AU81: =AU80+1 -> 26 | AV81: UE065 | AW81: 65 | AX81: 2 | AY81: 40 | BA81: 1 | BB81: =CEILING($E$84/AW81,1) -> 1 | BC81: =MIN(BB81,$W$67)*AW81 -> 65 | BD81: =BC81*$W$66 -> 32.5 | BE81: =IF(OR(BC81=$E$84,BC81>$E$84),IF(OR(BD81=$E$84,BD81<$E$84),1,0),0) -> 1 | BF81: =IF(SUM(BF$70:BF80)=0,BE81,0)*AU81 -> 26
U82: =U81+1 -> 13 | V82: UE090 | W82: 90 | X82: 2 | Y82: 40 | AA82: 1 | AB82: =CEILING($E$84/W82,1) -> 1 | AC82: =MIN(AB82,$W$67)*W82 -> 90 | AD82: =AC82*$W$66 -> 45 | AE82: =IF(OR(AC82=$E$84,AC82>$E$84),IF(OR(AD82=$E$84,AD82<$E$84),1,0),0) -> 1 | AF82: =IF(SUM(AF$70:AF81)=0,AE82,0)*U82 -> 0
G83: =IF(D93="","",IF(GRAFICI!M10="No",IF(V218>0,"",LINGUA!B22),IF(V255>0,"",LINGUA!B22))) | U83: =U82+1 -> 14 | V83: UE130 | W83: 130 | X83: 4 | Y83: 40 | AA83: 1 | AB83: =CEILING($E$84/W83,1) -> 1 | AC83: =MIN(AB83,$W$67)*W83 -> 130 | AD83: =AC83*$W$66 -> 65 | AE83: =IF(OR(AC83=$E$84,AC83>$E$84),IF(OR(AD83=$E$84,AD83<$E$84),1,0),0) -> 0 | AF83: =IF(SUM(AF$70:AF82)=0,AE83,0)*U83 -> 0
B84: =LINGUA!B21 -> Total water flow Gw | E84: =IF(E40="",E78*AI46/1000,0) -> 60.915772 | F84: =LINGUA!K8 -> kg/h | J84: =IF(E76>GRAFICI!M11,"",LINGUA!B23) | AI84: # umidificatore | AK84: =SUM(AR70:AR80) -> 37
U85: # umidificatore | W85: =SUM(AF70:AF83) -> 12 | AI85: Code umidificatore | AK85: =IF(AK84=0,"",LOOKUP(AK84,AI70:AI80,AJ70:AJ80)) -> UR080HL002 | AL85: =IF(AK84=0,"",IF(AK85="","",CONCATENATE(AK85,AL88,AL86,AL87))) -> UR080HL002010240 | AU85: # umidificatore | AW85: =SUM(BF70:BF81) -> 26
B86: =LINGUA!B52 -> Number of humidifiers | E86: 1 | F86: (1-99) | U86: Code umidificatore | W86: =IF(W85=0,"",LOOKUP(W85,U70:U83,V70:V83)) -> UE065 | AI86: Uscite | AK86: =IF(AK84=0,"",LOOKUP(AK84,AI70:AI80,AL70:AL80)) -> 2 | AL86: =IF(LEN(AK86)=1,CONCATENATE("0",AK86),CONCATENATE(AK86)) -> 02 | AU86: Code umidificatore | AW86: =IF(AW85=0,"",LOOKUP(AW85,AU70:AU81,AV70:AV81)) -> UE065
U87: Uscite | W87: =IF(W85=0,"",LOOKUP(W85,U70:U83,X70:X83)) -> 2 | X87: =IF(LEN(W87)=1,CONCATENATE("0",W87),CONCATENATE(W87)) -> 02 | AI87: D uscita | AK87: =IF(AK84=0,"",LOOKUP(AK84,AI70:AI80,AM70:AM80)) -> 40 | AL87: =IF(LEN(AK87)=1,CONCATENATE("0",AK87),CONCATENATE(AK87)) -> 40 | AU87: Uscite | AW87: =IF(AW85=0,"",LOOKUP(AW85,AU70:AU81,AX70:AX81)) -> 2 | AX87: =IF(LEN(AW87)=1,CONCATENATE("0",AW87),CONCATENATE(AW87)) -> 02
U88: D uscita | W88: =IF(W85=0,"",LOOKUP(W85,U70:U83,Y70:Y83)) -> 40 | X88: =IF(LEN(W88)=1,CONCATENATE("0",W88),CONCATENATE(W88)) -> 40 | AI88: #_umidificatori | AK88: =IF(AK84=0,"",LOOKUP(AK84,AI70:AI80,AN70:AN80)) -> 1 | AL88: =IF(LEN(AK88)=1,CONCATENATE("0",AK88),CONCATENATE(AK88)) -> 01 | AU88: D uscita | AW88: =IF(AW85=0,"",LOOKUP(AW85,AU70:AU81,AY70:AY81)) -> 40 | AX88: =IF(LEN(AW88)=1,CONCATENATE("0",AW88),CONCATENATE(AW88)) -> 40
B89: =LINGUA!B55 -> STEP 3 | U89: C'è 230 V 1p | W89: =IF(W85=0,"",LOOKUP(W85,U70:U83,Z70:Z83)) -> 0 | AU89: C'è 230 V 1p | AW89: =IF(AW85=0,"",LOOKUP(AW85,AU70:AU81,AZ70:AZ81)) -> 0
U90: C'è 400V 3p | W90: =IF(W85=0,"",LOOKUP(W85,U70:U82,AA70:AA82)) -> 1 | AU90: C'è 400V 3p | AW90: =IF(AW85=0,"",LOOKUP(AW85,AU70:AU82,BA70:BA82)) -> 1
D91: =LINGUA!C50 -> Choice of the humidifier | U91: #_umidificatori | W91: =IF(W85=0,"",LOOKUP(W85,U70:U83,AB70:AB83)) -> 1 | X91: =IF(LEN(W91)=1,CONCATENATE("0",W91),CONCATENATE(W91)) -> 01 | AU91: #_umidificatori | AW91: =IF(AW85=0,"",LOOKUP(AW85,AU70:AU81,BB70:BB81)) -> 1 | AX91: =IF(LEN(AW91)=1,CONCATENATE("0",AW91),CONCATENATE(AW91)) -> 01
D93: UR080H | F93: =MID(D93,1,2) -> UR | G93: =VLOOKUP(D93,AI134:AK181,3,0) -> heaterSteam humidifier 80 kg/h | K93: UR | U93: Umidificatori UE*X possibili | AU93: Umidificatori UE*Y possibili
K94: UE | U94: 230 V1p | W94: =IF(W89=0,"",CONCATENATE(W86,"XD000")) | X94: =IF(W85=0,"",IF(W94="","",CONCATENATE(W94,X91,X87,X88))) | AU94: 230 V1p | AW94: =IF(AW89=0,"",CONCATENATE(AW86,"YD000")) | AX94: =IF(AW85=0,"",IF(AW94="","",CONCATENATE(AW94,AX91,AX87,AX88)))
G95: =VALUE(MID($D$93,3,3)) -> 80 | K95: UG | U95: 400 V1p | W95: =IF(W94="",IF(W90=0,"",CONCATENATE(W86,"XL000")),"") -> UE065XL000 | X95: =IF(W85=0,"",IF(W95="","",CONCATENATE(W95,X91,X87,X88))) -> UE065XL000010240 | AU95: 400 V1p | AW95: =IF(AW94="",IF(AW90=0,"",CONCATENATE(AW86,"YL000")),"") -> UE065YL000 | AX95: =IF(AW85=0,"",IF(AW95="","",CONCATENATE(AW95,AX91,AX87,AX88))) -> UE065YL000010240
D96: =LINGUA!C73 -> Voltage specification | G96: =IF($E$84>$G$95,LINGUA!$B$75,"")
AI97: Tabella UR*C
D98: 400V, 3phase | G98: =IF(DESIGN!AX133=1,"",LINGUA!C65) | U98: Tabella gaSteam
AI99: Portata minima | AK99: =W66 -> 0.5
U100: Portata minima | W100: =W66 -> 0.5 | AI100: Massimo numero umi | AK100: =W67 -> 1
D101: =LINGUA!C74 -> Options specification | U101: Massimo numero umi | W101: =W67 -> 1
AI102: # | AJ102: Code | AK102: Max | AL102: Uscite | AM102: d_uscite | AN102: #_umi | AO102: Max_flow | AP102: Min_flow | AQ102: Si/No | AR102: Quale
D103: heaterSteam Titanium | G103: =IF(DESIGN!BI133=1,"",LINGUA!C66) | U103: # | V103: Code | W103: Max | X103: Uscite | Y103: d_uscite | Z103: #_umi | AA103: Max_flow | AB103: Min_flow | AC103: Si/No | AD103: Quale | AI103: 38 | AJ103: UR002CD101 | AK103: 2 | AL103: 1 | AM103: 30 | AN103: =CEILING($E$84/AK103,1) -> 31 | AO103: =MIN(AN103,$AK$100)*AK103 -> 2 | AP103: =AO103*$AK$99 -> 1 | AQ103: =IF(OR(AO103=$E$84,AO103>$E$84),IF(OR(AP103=$E$84,AP103<$E$84),1,0),0) -> 0 | AR103: =AQ103*AI103 -> 0
U104: 46 | V104: UG045HD003 | W104: 45 | X104: 2 | Y104: 40 | Z104: =CEILING($E$84/W104,1) -> 2 | AA104: =MIN(Z104,$W$101)*W104 -> 45 | AB104: =AA104*$W$100 -> 22.5 | AC104: =IF(OR(AA104=$E$84,AA104>$E$84),IF(OR(AB104=$E$84,AB104<$E$84),1,0),0) -> 0 | AD104: =AC104*U104 -> 0 | AI104: =AI103+1 -> 39 | AJ104: UR004CD101 | AK104: 4 | AL104: 1 | AM104: 30 | AN104: =CEILING($E$84/AK104,1) -> 16 | AO104: =MIN(AN104,$AK$100)*AK104 -> 4 | AP104: =AO104*$AK$99 -> 2 | AQ104: =IF(OR(AO104=$E$84,AO104>$E$84),IF(OR(AP104=$E$84,AP104<$E$84),1,0),0) -> 0 | AR104: =IF(SUM(AR$103:AR103)=0,AQ104,0)*AI104 -> 0
U105: =U104+1 -> 47 | V105: UG090HD003 | W105: 90 | X105: 2 | Y105: 40 | Z105: =CEILING($E$84/W105,1) -> 1 | AA105: =MIN(Z105,$W$101)*W105 -> 90 | AB105: =AA105*$W$100 -> 45 | AC105: =IF(OR(AA105=$E$84,AA105>$E$84),IF(OR(AB105=$E$84,AB105<$E$84),1,0),0) -> 1 | AD105: =IF(SUM(AD$104:AD104)=0,AC105,0)*U105 -> 47 | AI105: =AI104+1 -> 40 | AJ105: UR006CD101 | AK105: 6 | AL105: 1 | AM105: 30 | AN105: =CEILING($E$84/AK105,1) -> 11 | AO105: =MIN(AN105,$AK$100)*AK105 -> 6 | AP105: =AO105*$AK$99 -> 3 | AQ105: =IF(OR(AO105=$E$84,AO105>$E$84),IF(OR(AP105=$E$84,AP105<$E$84),1,0),0) -> 0 | AR105: =IF(SUM(AR$103:AR104)=0,AQ105,0)*AI105 -> 0
U106: =U105+1 -> 48 | V106: UG180HD003 | W106: 180 | X106: 4 | Y106: 40 | Z106: =CEILING($E$84/W106,1) -> 1 | AA106: =MIN(Z106,$W$101)*W106 -> 180 | AB106: =AA106*$W$100 -> 90 | AC106: =IF(OR(AA106=$E$84,AA106>$E$84),IF(OR(AB106=$E$84,AB106<$E$84),1,0),0) -> 0 | AD106: =IF(SUM(AD$104:AD105)=0,AC106,0)*U106 -> 0 | AI106: =AI105+1 -> 41 | AJ106: UR010CL101 | AK106: 10 | AL106: 1 | AM106: 30 | AN106: =CEILING($E$84/AK106,1) -> 7 | AO106: =MIN(AN106,$AK$100)*AK106 -> 10 | AP106: =AO106*$AK$99 -> 5 | AQ106: =IF(OR(AO106=$E$84,AO106>$E$84),IF(OR(AP106=$E$84,AP106<$E$84),1,0),0) -> 0 | AR106: =IF(SUM(AR$103:AR105)=0,AQ106,0)*AI106 -> 0
AI107: =AI106+1 -> 42 | AJ107: UR020CL10S | AK107: 20 | AL107: 1 | AM107: 40 | AN107: =CEILING($E$84/AK107,1) -> 4 | AO107: =MIN(AN107,$AK$100)*AK107 -> 20 | AP107: =AO107*$AK$99 -> 10 | AQ107: =IF(OR(AO107=$E$84,AO107>$E$84),IF(OR(AP107=$E$84,AP107<$E$84),1,0),0) -> 0 | AR107: =IF(SUM(AR$103:AR106)=0,AQ107,0)*AI107 -> 0
U108: # umidificatore | W108: =SUM(AD104:AD106) -> 47 | AI108: =AI107+1 -> 43 | AJ108: UR027CL101 | AK108: 27 | AL108: 1 | AM108: 40 | AN108: =CEILING($E$84/AK108,1) -> 3 | AO108: =MIN(AN108,$AK$100)*AK108 -> 27 | AP108: =AO108*$AK$99 -> 13.5 | AQ108: =IF(OR(AO108=$E$84,AO108>$E$84),IF(OR(AP108=$E$84,AP108<$E$84),1,0),0) -> 0 | AR108: =IF(SUM(AR$103:AR107)=0,AQ108,0)*AI108 -> 0
U109: Code umidificatore | W109: =IF(W108=0,"",LOOKUP(W108,U104:U106,V104:V106)) -> UG090HD003 | X109: =IF(W108=0,"",IF(W109="","",CONCATENATE(W109,X112,X110,X111))) -> UG090HD003010240 | AI109: =AI108+1 -> 44 | AJ109: UR040CL101 | AK109: 40 | AL109: 1 | AM109: 40 | AN109: =CEILING($E$84/AK109,1) -> 2 | AO109: =MIN(AN109,$AK$100)*AK109 -> 40 | AP109: =AO109*$AK$99 -> 20 | AQ109: =IF(OR(AO109=$E$84,AO109>$E$84),IF(OR(AP109=$E$84,AP109<$E$84),1,0),0) -> 0 | AR109: =IF(SUM(AR$103:AR108)=0,AQ109,0)*AI109 -> 0
F110: =IF(G98<>""," ", IF(G103<>""," ",BN134)) -> UR080HL103 | U110: Uscite | W110: =IF(W108=0,"",LOOKUP(W108,U104:U106,X104:X106)) -> 2 | X110: =IF(LEN(W110)=1,CONCATENATE("0",W110),CONCATENATE(W110)) -> 02 | AI110: =AI109+1 -> 45 | AJ110: UR060CL101 | AK110: 60 | AL110: 2 | AM110: 40 | AN110: =CEILING($E$84/AK110,1) -> 2 | AO110: =MIN(AN110,$AK$100)*AK110 -> 60 | AP110: =AO110*$AK$99 -> 30 | AQ110: =IF(OR(AO110=$E$84,AO110>$E$84),IF(OR(AP110=$E$84,AP110<$E$84),1,0),0) -> 0 | AR110: =IF(SUM(AR$103:AR109)=0,AQ110,0)*AI110 -> 0
U111: D uscita | W111: =IF(W108=0,"",LOOKUP(W108,U104:U106,Y104:Y106)) -> 40 | X111: =IF(LEN(W111)=1,CONCATENATE("0",W111),CONCATENATE(W111)) -> 40
U112: #_umidificatore | W112: =IF(W108=0,"",LOOKUP(W108,U104:U106,Z104:Z106)) -> 1 | X112: =IF(LEN(W112)=1,CONCATENATE("0",W112),CONCATENATE(W112)) -> 01
B113: =LINGUA!C558 -> STEP 4
D115: =LINGUA!C549 -> Choise of the Steam Distributor (if required)
D117: =LINGUA!C550 -> Steam distributor suggested automatically by the tool
C119: FALSE | D119: =LINGUA!C554 -> Steam distributor code | G119: =LINGUA!B57 -> No. of distributors in the duct | AI119: # umidificatore | AK119: =SUM(AR103:AR110) -> 0
D120: =VLOOKUP(1,DP!A2:D64,4,0) -> DP060D40RU | G120: =VLOOKUP(1,DP!A2:N64,14,0)*E86 -> 2 | AI120: Code umidificatore | AK120: =IF(AK119=0,"",LOOKUP(AK119,AI103:AI110,AJ103:AJ110)) | AL120: =IF(AK119=0,"",IF(AK120="","",CONCATENATE(AK120,AL123,AL121,AL122)))
AI121: Uscite | AK121: =IF(AK119=0,"",LOOKUP(AK119,AI103:AI110,AL103:AL110)) | AL121: =IF(LEN(AK121)=1,CONCATENATE("0",AK121),CONCATENATE(AK121))
D122: =LINGUA!B61 -> Humidification distance (m) | G122: =LINGUA!B20 -> Air speed | AI122: D uscita | AK122: =IF(AK119=0,"",LOOKUP(AK119,AI103:AI110,AM103:AM110)) | AL122: =IF(LEN(AK122)=1,CONCATENATE("0",AK122),CONCATENATE(AK122)) | AR122: UG230
D123: ='Steam absoprtion distance-AUTO'!$M$18 -> 1.46 | G123: ='Steam absoprtion distance-AUTO'!M15 -> 2.1043771 | AI123: #_umidificatori | AK123: =IF(AK119=0,"",LOOKUP(AK119,AI103:AI110,AN103:AN110)) | AL123: =IF(LEN(AK123)=1,CONCATENATE("0",AK123),CONCATENATE(AK123)) | AP123: =MID(D93,3,3) -> 080 | AR123: UE001 | AS123: 001;002;004;009
AR124: UE003 | AS124: 003;
D125: =LINGUA!B59 -> Max kg/h per distributor | G125: =LINGUA!B60 -> Distributor length (mm) | AR125: UE005 | AS125: 005;
D126: ='Steam absoprtion distance-AUTO'!M9 -> 45 | G126: ='Steam absoprtion distance-AUTO'!M12 -> 600 | AR126: UE006 | AS126: 006; | AX126: =IF(F93=K95,AQ133,IF(AP123=(OR(AX134,AX160,AX161,AX138)),_UE01,IF(AP123=AX135,_UE03,IF(AP123=AX162,_UE06,IF(AP123=AX136,_UE05,IF(AP123=(OR(AX137,AX139,AX140,AX142,AX144,AX143,AX165,AX166)),_UE08,_UE18)))))) -> #VALUE!
U127: Stringa degli umidificatori che rispondono ai criteri | AB127: =CONCATENATE(X94,X95,AX94,AX95,AL85,X109) -> UE065XL000010240UE065YL000010240UR080HL002010240UG090HD003010240 | AR127: UE008 | AS127: 008;010;015;025;035;045;020;027
AR128: UE018 | AS128: 018;065;090;130;040;060 | BL128: Codice finale
D130: =LINGUA!B51 -> Y connection for steam hose | G130: =LINGUA!B26 -> Quantity | O130: =LINGUA!C559 -> Chosen by the tool | U130: ref | V130: Codice | W130: # | X130: uscite | Y130: d | Z130: # | AA130: uscite | AB130: d | AC130: ref | AJ130: Modelli | AO130: Tensioni possibili | BA130: Opzional possibili | BP130: UR020H
D131: =IF(VLOOKUP(1,DP!A2:S64,19,0)<>0,VLOOKUP(1,DP!A2:S64,19,0)," ") | G131: =IF(D131=" "," ",ROUNDUP(G120/2,0)) | O131: =LINGUA!C560 -> Chosen by the user | U131: 1 | V131: =MID($AB$127,U131,6) -> UE065X | W131: =VALUE(MID($AB$127,U131+10,2)) -> 1 | X131: =VALUE(MID($AB$127,U131+12,2)) -> 2 | Y131: =VALUE(MID($AB$127,U131+14,2)) -> 40 | Z131: =IF($V131=$D$93,W131,"") | AA131: =IF($V131=$D$93,X131,"") | AB131: =IF($V131=$D$93,Y131,"") | AC131: =U131 -> 1 | AX131: =(VLOOKUP($D$93,$AI$134:$AJ$181,2,0)+1) -> 38 | BI131: =(VLOOKUP($D$93,$AI$134:$AJ$181,2,0)+1) -> 38 | BL131: =D93 -> UR080H | BP131: UR020C
U133: =U131+16 -> 17 | V133: =MID($AB$127,U133,6) -> UE065Y | W133: =VALUE(MID($AB$127,U133+10,2)) -> 1 | X133: =VALUE(MID($AB$127,U133+12,2)) -> 2 | Y133: =VALUE(MID($AB$127,U133+14,2)) -> 40 | Z133: =IF($V133=$D$93,W133,"") | AA133: =IF($V133=$D$93,X133,"") | AB133: =IF($V133=$D$93,Y133,"") | AC133: =U133 -> 17 | AP133: 208V, 1phase | AQ133: 230V, 1phase | AR133: 208V, 3phase | AS133: 230V, 3phase | AT133: 400V, 3phase | AU133: 460V, 3phase | AV133: 575V, 3phase | AW133: kg/h | AX133: =HLOOKUP($D$98,$AP$133:$AV$181,AX131,0) -> 1 | BB133: =BJ142 -> Disposable cylinder (humiSteam only) | BC133: =BJ143 -> Cleanable cylinder (humiSteam only) | BD133: =BJ144 -> heaterSteam process | BE133: =BJ145 -> heaterSteam Titanium | BF133: =BJ146 -> Pump 50 hz (gaSteam only) | BG133: =BJ147 -> Pump 60 Hz (USA Market) (gaSteam only) | BI133: =HLOOKUP($D$103,$BA$133:$BG$181,BI131,0) -> 1 | BN133: concatena | BP133: eccezione per UR20
C134: TRUE | D134: =LINGUA!C551 -> Choice of steam distributor by the user (not automatically by the tool) | I134: =IF(G115=O131,LINGUA!C560,LINGUA!C559) -> Chosen by the tool | U134: =U133+16 -> 33 | V134: =MID($AB$127,U134,6) -> UR080H | W134: =VALUE(MID($AB$127,U134+10,2)) -> 1 | X134: =VALUE(MID($AB$127,U134+12,2)) -> 2 | Y134: =VALUE(MID($AB$127,U134+14,2)) -> 40 | Z134: =IF($V134=$D$93,W134,"") -> 1 | AA134: =IF($V134=$D$93,X134,"") -> 2 | AB134: =IF($V134=$D$93,Y134,"") -> 40 | AC134: =U134 -> 33 | AI134: UE001X | AJ134: 1 | AK134: humiSteam X-plus 1,5 kg/h | AN134: UEX | AO134: 1 | AP134: 1 | AQ134: 1 | AW134: 1.5 | AX134: 001 | AZ134: UEX | BA134: 1 | BB134: 1 | BC134: 1 | BL134: =HLOOKUP(D98,AP133:AV182,50,0) -> L | BN134: =CONCATENATE(BL131&BL134&BL136) -> UR080HL103 | BP134: =CONCATENATE(BL131&BL134&BP136&BP135) -> UR080HL10S
U135: =U134+16 -> 49 | V135: =MID($AB$127,U135,6) -> UG090H | W135: =VALUE(MID($AB$127,U135+10,2)) -> 1 | X135: =VALUE(MID($AB$127,U135+12,2)) -> 2 | Y135: =VALUE(MID($AB$127,U135+14,2)) -> 40 | Z135: =IF($V135=$D$93,W135,"") | AA135: =IF($V135=$D$93,X135,"") | AB135: =IF($V135=$D$93,Y135,"") | AC135: =U135 -> 49 | AI135: UE003X | AJ135: 2 | AK135: humiSteam X-plus 3 kg/h | AO135: 2 | AP135: 1 | AQ135: 1 | AR135: 1 | AS135: 1 | AT135: 1 | AU135: 1 | AW135: 3 | AX135: 003 | BA135: 2 | BB135: 1 | BC135: 1 | BP135: S
D136: =IF(G115=O131,LINGUA!C552,"") | G136: =IF(G115=O131,LINGUA!B57,"") | U136: =U135+16 -> 65 | V136: =MID($AB$127,U136,6) | W136: =VALUE(MID($AB$127,U136+10,2)) -> #VALUE! | X136: =VALUE(MID($AB$127,U136+12,2)) -> #VALUE! | Y136: =VALUE(MID($AB$127,U136+14,2)) -> #VALUE! | Z136: =IF($V136=$D$93,W136,"") | AA136: =IF($V136=$D$93,X136,"") | AB136: =IF($V136=$D$93,Y136,"") | AC136: =U136 -> 65 | AI136: UE005X | AJ136: 3 | AK136: humiSteam X-plus 5 kg/h | AO136: 3 | AP136: 1 | AQ136: 1 | AR136: 1 | AS136: 1 | AT136: 1 | AU136: 1 | AV136: 1 | AW136: 5 | AX136: 005 | BA136: 3 | BB136: 1 | BC136: 1 | BL136: =HLOOKUP(D103,BA133:BG182,50,0) -> 103 | BP136: =MID(BL136,1,2) -> 10
...

Sheet SELECTION
B3: =LINGUA!B3 -> INSTRUCTIONS: insert input data in grey cells. Results appear in green cells. | T3: 50 Hz
T4: 60 Hz
B5: =LINGUA!B44 -> Humidifier
B6: =LINGUA!$B$27 -> Code | C6: =LINGUA!$B$28 -> Description | J6: =LINGUA!$B$26 -> Quantity | K6: =LINGUA!$B$29 -> List price | T6: =LINGUA!C541 -> No NSF Certification
B7: =DESIGN!F110 -> UR080HL103 | C7: =CONCATENATE(VLOOKUP(B7,CODICI!$B:$D,2,0),Potenze!F2) -> heaterSteam 80 kg/h , 400Vac 3~, with regulation, Titanium version -60 kW - | J7: =DESIGN!Z139 -> 1 | K7: =J7*VLOOKUP($B$7,CODICI!$B:$F,5,0) -> 6769 | T7: =LINGUA!C542 -> With NSF Certification
B9: =CONCATENATE(LINGUA!B45, " (",DESIGN!I134,")") -> Steam distributor (Chosen by the tool) | H9: =LINGUA!$B$31 -> Do you want it? (Yes or No)?
B10: =LINGUA!$B$27 -> Code | C10: =LINGUA!$B$28 -> Description | J10: =LINGUA!$B$26 -> Quantity | K10: =LINGUA!$B$29 -> List price
B11: =IF(I9=LINGUA!$B$34,DESIGN!D120,"") | C11: =IF(B11="","",IF(I9=LINGUA!$B$34,VLOOKUP($B$11,CODICI!$B:$D,2,0),"")) | J11: =IF(I9=LINGUA!$B$34,DESIGN!G120,"") | K11: =IF(B11="","",J11*IF(I9=LINGUA!$B$34,VLOOKUP($B$11,CODICI!$B:$F,5,0),""))
B12: =LINGUA!C544 -> For short absorption distance, take into account the installation of ultimateSAM distributors
B14: =CONCATENATE(LINGUA!B51, " (",DESIGN!I134,")") -> Y connection for steam hose (Chosen by the tool)
B15: =LINGUA!$B$27 -> Code | C15: =LINGUA!$B$28 -> Description | J15: =LINGUA!$B$26 -> Quantity | K15: =LINGUA!$B$29 -> List price
B16: =IF(I9=LINGUA!$B$34,DESIGN!D131," ") | C16: =IF(I9=LINGUA!$B$34,IF(B16=" ","",VLOOKUP($B$16,CODICI!$B:$C,2,0)),"") | J16: =IF(I9=LINGUA!$B$34,IF(B16<>" ",(DESIGN!G131*J7),""),"") | K16: =IF(I9=LINGUA!$B$34,IF(B16=" "," ",J16*VLOOKUP(B16,CODICI!$B:$F,5,0)),"")
B19: =LINGUA!B46 -> Steam hose | H19: =LINGUA!$B$31 -> Do you want it? (Yes or No)?
B20: =LINGUA!$B$27 -> Code | C20: =LINGUA!$B$28 -> Description | K20: =LINGUA!$B$29 -> List price
B21: =IF(I19=LINGUA!$B$34,DESIGN!V148,"") | C21: =IF(I19=LINGUA!$B$34,VLOOKUP($B$21,CODICI!$B:$D,2,0),"") | K21: =IF(I19=LINGUA!$B$34,J21*VLOOKUP($B$21,CODICI!$B:$F,5,0),"")
B24: =LINGUA!B47 -> Drain hose | H24: =LINGUA!$B$31 -> Do you want it? (Yes or No)?
B25: =LINGUA!$B$27 -> Code | C25: =LINGUA!$B$28 -> Description | K25: =LINGUA!$B$29 -> List price
B26: =IF(I24=LINGUA!$B$34,DESIGN!W152,"") | C26: =IF(I24=LINGUA!$B$34,VLOOKUP(B26,CODICI!$B:$D,2,0),"") | K26: =IF(I24=LINGUA!$B$34,J26*VLOOKUP(B26,CODICI!$B:$F,5,0),"")
B29: =LINGUA!B25 -> Active probe for ducts
B30: =LINGUA!$B$27 -> Code | C30: =LINGUA!$B$28 -> Description | K30: =LINGUA!$B$29 -> List price
B31: =DESIGN!U157 -> DPWC112000 | C31: =VLOOKUP($B31,CODICI!$B:$D,2,0) -> Active wall mounting sensor: Temperature (-10T60 °C) and humidity (10 to 90% rH) | K31: =J31*VLOOKUP($B31,CODICI!$B:$F,5,0) -> 0
B32: =DESIGN!U158 -> DPPC112000 | C32: =VLOOKUP($B32,CODICI!$B:$D,2,0) -> Active sensor for industrial environments: Temperature (-20T70 °C) and humidity (10 to 90% rH) | K32: =J32*VLOOKUP($B32,CODICI!$B:$F,5,0) -> 0
B33: =DESIGN!U159 -> DPPC212000 | C33: =VLOOKUP($B33,CODICI!$B:$D,2,0) -> Active sensor for industrial environments: Temperature (-20T70 °C) and humidity (0 to 100% rH) | K33: =J33*VLOOKUP($B33,CODICI!$B:$F,5,0) -> 0
B34: =DESIGN!U160 -> DPDC112000 | C34: =VLOOKUP($B34,CODICI!$B:$D,2,0) -> Active sensor for ducts: Temperature (-20T70 °C) and humidity (10 to 90% rH) | K34: =J34*VLOOKUP($B34,CODICI!$B:$F,5,0) -> 0
B35: =DESIGN!U161 -> DPDC212000 | C35: =VLOOKUP($B35,CODICI!$B:$D,2,0) -> Active sensor for ducts: Temperature (-20T70 °C) and humidity (0 to 100% rH) | K35: =J35*VLOOKUP($B35,CODICI!$B:$F,5,0) -> 0
B36: =DESIGN!U162 -> ASET030001 | C36: =VLOOKUP($B36,CODICI!$B:$D,2,0) -> Temperature probe (-30T90 °C) for universal use | K36: =J36*VLOOKUP($B36,CODICI!$B:$F,5,0) -> 0
B39: =LINGUA!C522 -> WTS revers osmosis system | H39: =LINGUA!$B$31 -> Do you want it? (Yes or No)? | O39: UR
B40: =LINGUA!$B$27 -> Code | C40: =LINGUA!$B$28 -> Description | J40: =LINGUA!$B$26 -> Quantity | N40: =MID(B7,1,2) -> UR | O40: UG
B41: =IF(I39=LINGUA!$B$34,IF(N40="UG",VLOOKUP(B7,Commissioning!H27:J32,3,0),IF(I41=Commissioning!G2,VLOOKUP(Commissioning!F22,Commissioning!H2:J12,3,0),(VLOOKUP(Commissioning!F22,Commissioning!H13:J23,3,0)))),"") | C41: =IF(I39=LINGUA!$B$34,VLOOKUP(B41,Commissioning!J2:K32,2,0)," ") | H41: =IF(N40=O39,LINGUA!C530," ") -> grid frequency | I41: 50 Hz | J41: 1 | K41: =IF(N40=O41,"",IF(I39=LINGUA!$B$34,J41*VLOOKUP(B41,CODICI!$B:$F,5,0)," ")) | O41: UE
B42: =IF(I39=LINGUA!$B$34,IF(N40="UG",VLOOKUP(B7,Commissioning!H27:L32,5,0),IF(I41=Commissioning!G2,VLOOKUP(Commissioning!F22,Commissioning!H2:L12,5,0),(VLOOKUP(Commissioning!F22,Commissioning!H13:L23,5,0)))),"") | C42: =IF(I39=LINGUA!$B$34,VLOOKUP(B42,LINGUA!B523:C543,2,0), " ") | J42: 1 | K42: =(IF(N40=O41,"",IF(I39=LINGUA!$B$34,J42*VLOOKUP(B42,CODICI!B444:F455,5,0)," ")))
B43: =IF(I39=LINGUA!$B$34,IF(H43=T6,LINGUA!B539,LINGUA!B540), "") | C43: =IF(I39=LINGUA!$B$34,VLOOKUP(B43,LINGUA!B523:C543,2,0), " ") | H43: Con Certificazione NSF | J43: 1 | K43: =IF(N40=O41,"",IF(I39=LINGUA!$B$34,J43*VLOOKUP(B43,CODICI!B445:F460,5,0)," "))
B46: =LINGUA!C562 -> Currency | C46: Eur | J46: =LINGUA!B36 -> Discount | K46: 0
C47: =IF(C46="Eur","€",IF(C46="GBP","£","$")) -> €
B48: =LINGUA!C563 -> Exchange rate | C48: =VLOOKUP(C46,Currencies!$A:$B,2,FALSE) -> 0 | D48: Eur/ | E48: =C46 -> Eur
I49: =LINGUA!C763 -> Total | K49: =SUM(K7,K11,K21,K26,K31,K32,K33,K34,K16,K35,K36,K41,K42,K43)*(1-K46) -> 6769
B52: =LINGUA!C546 -> Note:

Sheet OFFER
B3: =DESIGN!C35 -> External Air | E3: =DESIGN!C77 -> Air flow V | F3: =CONCATENATE(DESIGN!E77,DESIGN!F77) -> 10000m^3/h | J3: =MID(DESIGN!J36,1,3) -> 2,2
B4: =CONCATENATE(DESIGN!E36*100,"%",DESIGN!F36,) -> 90%rH | C4: =CONCATENATE(DESIGN!E37,DESIGN!F37) -> -5°C | D4: =CONCATENATE(J3,DESIGN!K36) -> 2,2g/kg | E4: =LINGUA!C556 -> Humidification load | F4: =CONCATENATE(J6," ",DESIGN!F84,) -> 60,9 kg/h | J4: =MID(DESIGN!E84,1,4) -> 60,9
B5: =CONCATENATE(DESIGN!C40,":",) -> Air after the humidifier: | J5: =MID(DESIGN!J41,1,3) -> 7,2
B6: =CONCATENATE(DESIGN!E41*100,"%",DESIGN!F41,) -> 50%rH | C6: =CONCATENATE(DESIGN!E42,DESIGN!F42) -> 20°C | D6: =CONCATENATE(J5,DESIGN!K36) -> 7,2g/kg | J6: =MID(DESIGN!E84,1,4) -> 60,9
B10: =LINGUA!B41 -> Position | C10: =LINGUA!B26 -> Quantity | D10: =LINGUA!B42 -> Code | E10: =LINGUA!B28 -> Description | F10: =LINGUA!C543 -> Net price
B11: 1 | C11: =IF(D11="","",SELECTION!J7) -> 1 | D11: =SELECTION!B7 -> UR080HL103 | E11: =IF(D11="","",SELECTION!C7) -> heaterSteam 80 kg/h , 400Vac 3~, with regulation, Titanium version -60 kW - | F11: =IF(F28=TRUE,IF(D11="","",(SELECTION!K7*(1-SELECTION!K46)))," ") -> 6769 | P11: =IF(D11="","",(SELECTION!K7*(1-SELECTION!K46))) -> 6769
B12: =IF(D12="","",MAX($B$11:B11)+1) | C12: =IF(D12="","",SELECTION!J11) | D12: =IF(SELECTION!I9=LINGUA!$B$34,SELECTION!B11,"") | E12: =IF(D12="","",SELECTION!C11) | F12: =IF($F$28=TRUE,IF(D12="","",P12), " ") | P12: =IF(D12="","",SELECTION!K11*(1-SELECTION!$K$46))
B13: =IF(D13="","",MAX($B$11:B12)+1) | C13: =IF(D13="","",SELECTION!J16) | D13: =IF(OR(SELECTION!B16=" ",SELECTION!J16=0),"",SELECTION!B16) | E13: =IF(D13="","",SELECTION!C16) | F13: =IF($F$28=TRUE,IF(D13="","",P13),"") | P13: =IF(D13="","",SELECTION!K16*(1-SELECTION!$K$46))
B14: =IF(D14="","",MAX($B$11:B13)+1) | C14: =IF(D14="","",SELECTION!J21) | D14: =IF(SELECTION!I19=LINGUA!$B$34,SELECTION!B21,"") | E14: =IF(D14="","",SELECTION!C21) | F14: =IF($F$28=TRUE,IF(D14="","",P14), " ") | P14: =IF(D14="","",SELECTION!K21*(1-SELECTION!$K$46))
B15: =IF(D15="","",MAX($B$11:B14)+1) | C15: =IF(D15="","",SELECTION!J26) | D15: =IF(SELECTION!I24=LINGUA!$B$34,SELECTION!B26,"") | E15: =IF(D15="","",SELECTION!C26) | F15: =IF($F$28=TRUE,IF(D15="","",P15), " ") | P15: =IF(D15="","",SELECTION!K26*(1-SELECTION!$K$46))
B16: =IF(D16="","",MAX($B$11:B15)+1) | C16: =IF(D16="","",SELECTION!J31) | D16: =IF(SELECTION!J31=0,"",SELECTION!B31) | E16: =IF(D16="","",SELECTION!C31) | F16: =IF($F$28=TRUE,IF(D16="","",P16), " ") | P16: =IF(D16="","",SELECTION!K31*(1-SELECTION!$K$46))
B17: =IF(D17="","",MAX($B$11:B16)+1) | C17: =IF(D17="","",SELECTION!J32) | D17: =IF(SELECTION!J32=0,"",SELECTION!B32) | E17: =IF(D17="","",SELECTION!C32) | F17: =IF($F$28=TRUE,IF(D17="","",P17), " ") | P17: =IF(D17="","",SELECTION!K32*(1-SELECTION!$K$46))
B18: =IF(D18="","",MAX($B$11:B17)+1) | C18: =IF(D18="","",SELECTION!J33) | D18: =IF(SELECTION!J33=0,"",SELECTION!B33) | E18: =IF(D18="","",SELECTION!C33) | F18: =IF($F$28=TRUE,IF(D18="","",P18), " ") | P18: =IF(D18="","",SELECTION!K33*(1-SELECTION!$K$46))
B19: =IF(D19="","",MAX($B$11:B18)+1) | C19: =IF(D19="","",SELECTION!J34) | D19: =IF(SELECTION!J34=0,"",SELECTION!B34) | E19: =IF(D19="","",SELECTION!C34) | F19: =IF($F$28=TRUE,IF(D19="","",P19), " ") | P19: =IF(D19="","",SELECTION!K34*(1-SELECTION!$K$46))
B20: =IF(D20="","",MAX($B$11:B19)+1) | C20: =IF(D20="","",SELECTION!J35) | D20: =IF(SELECTION!J35=0,"",SELECTION!B35) | E20: =IF(D20="","",SELECTION!C35) | F20: =IF($F$28=TRUE,IF(D20="","",P20), " ") | P20: =IF(D20="","",SELECTION!K35*(1-SELECTION!$K$46))
B21: =IF(D21="","",MAX($B$11:B20)+1) | C21: =IF(D21="","",SELECTION!J36) | D21: =IF(SELECTION!J36=0,"",SELECTION!B36) | E21: =IF(D21="","",SELECTION!C36) | F21: =IF($F$28=TRUE,IF(D21="","",P21), " ") | P21: =IF(D21="","",SELECTION!K36*(1-SELECTION!$K$46))
B22: =IF(D22="","",MAX($B$11:B21)+1) | C22: =IF(SELECTION!N40=SELECTION!O41,"",IF(D22="","",SELECTION!J41)) | D22: =IF(SELECTION!N40=SELECTION!O41,"",IF(SELECTION!J41=0,"",SELECTION!B41)) | E22: =IF(D22="","",SELECTION!C41) | F22: =IF($F$28=TRUE,IF(D22="","",P22), " ") | P22: =IF(D22="","",SELECTION!K41*(1-SELECTION!$K$46))
B23: =IF(D23="","",MAX($B$11:B22)+1) | C23: =IF(D23="","",SELECTION!J42) | D23: =IF(SELECTION!N40=SELECTION!O41,"",IF(SELECTION!J42=0,"",SELECTION!B42)) | E23: =IF(D23="","",SELECTION!C42) | F23: =IF($F$28=TRUE,IF(D23="","",P23), " ") | P23: =IF(D23="","",SELECTION!K42*(1-SELECTION!$K$46))
B24: =IF(D24="","",MAX($B$11:B23)+1) | C24: =IF(D24="","",SELECTION!J43) | D24: =IF(SELECTION!N40=SELECTION!O41,"",IF(SELECTION!J43=0,"",SELECTION!B43)) | E24: =IF(D24="","",SELECTION!C43) | F24: =IF($F$28=TRUE,IF(D24="","",P24), " ") | P24: =IF(D24="","",SELECTION!K43*(1-SELECTION!$K$46))
E26: =LINGUA!$B$30 -> TOTAL | F26: =SUM(P11:P24) -> 6769
E28: =LINGUA!C521 -> View Partial net prices | F28: TRUE
B31: =LINGUA!C546 -> Note:
B32: =SELECTION!$B$53 -> 0

Sheet Steam absoprtion distance-AUTO
E2: =LINGUA!B3 -> INSTRUCTIONS: insert input data in grey cells. Results appear in green cells.
AD4: ca | AE4: 1.006 | AF4: kJ/kg*°K
B6: Input | G6: =LINGUA!B6 -> External Air | L6: Output
C8: =LINGUA!B45 -> Steam distributor | H8: =LINGUA!B10 -> Temperature | M8: =LINGUA!B59 -> Max kg/h per distributor
C9: =DESIGN!D120 -> DP060D40RU | H9: =DESIGN!E37 -> -5 | M9: =LOOKUP(AF36,AB15:AB35,AE15:AE35) -> 45
C11: =LINGUA!B57 -> No. of distributors in the duct | H11: =LINGUA!B9 -> Relative humidity | M11: =LINGUA!B60 -> Distributor length (mm)
C12: =DESIGN!G120 -> 2 | H12: =DESIGN!E36 -> 0.9 | M12: =LOOKUP(AF36,AB15:AB35,AD15:AD35) -> 600
C14: =LINGUA!B58 -> Humidifier capacity (kg/h) | M14: =LINGUA!B20 -> Air speed | AB14: # | AC14: code | AD14: L mm | AE14: Max kg/h
C15: =DP!AA1 -> 80 | G15: =LINGUA!B14 -> Duct | M15: =AG47 -> 2.1043771 | AB15: 1 | AC15: DP030D22RU | AD15: 300 | AE15: 4 | AF15: =IF(AC15=$C$9,1,0)*AB15 -> 0
AB16: =AB15+1 -> 2 | AC16: DP035D22R0 | AD16: 332 | AE16: 4 | AF16: =IF(AC16=$C$9,1,0)*AB16 -> 0
H17: =LINGUA!B18 -> Air flow V | M17: =LINGUA!B61 -> Humidification distance (m) | AB17: =AB16+1 -> 3 | AC17: DP045D22R0 | AD17: 438 | AE17: 6 | AF17: =IF(AC17=$C$9,1,0)*AB17 -> 0
H18: =DESIGN!E77 -> 10000 | M18: =ROUNDUP(IF(AND(G28="",G29=""),0.05+IF((3.26/(LN(0.119*AE51*((C15/(C12*(M12/1000)))^(0.26))*(AG47^(0.086))))^2)<0,0,(3.26/(LN(0.119*AE51*((C15/(C12*(M12/1000)))^(0.26))*(AG47^(0.086))))^2)),"")*1.1,2) -> 1.46 | P18: = | AB18: =AB17+1 -> 4 | AC18: DP060D22R0 | AD18: 597 | AE18: 9 | AF18: =IF(AC18=$C$9,1,0)*AB18 -> 0
AB19: =AB18+1 -> 5 | AC19: DP085D22R0 | AD19: 835 | AE19: 9 | AF19: =IF(AC19=$C$9,1,0)*AB19 -> 0
H20: =LINGUA!B16 -> Internal height C2 | M20: =ROUNDUP((M18*1.1),2) -> 1.61 | AB20: =AB19+1 -> 6 | AC20: DP030D30RU | AD20: 300 | AE20: 15 | AF20: =IF(AC20=$C$9,1,0)*AB20 -> 0
H21: =DESIGN!E76 -> 1100 | AB21: =AB20+1 -> 7 | AC21: DP035D30R0 | AD21: 343 | AE21: 5 | AF21: =IF(AC21=$C$9,1,0)*AB21 -> 0
AB22: =AB21+1 -> 8 | AC22: DP045D30R0 | AD22: 427 | AE22: 8 | AF22: =IF(AC22=$C$9,1,0)*AB22 -> 0
H23: =LINGUA!B15 -> Internal width C1 | AB23: =AB22+1 -> 9 | AC23: DP045D30RU | AD23: 450 | AE23: 15 | AF23: =IF(AC23=$C$9,1,0)*AB23 -> 0
H24: =DESIGN!E75 -> 1200 | AB24: =AB23+1 -> 10 | AC24: DP060D30R0 | AD24: 596 | AE24: 12 | AF24: =IF(AC24=$C$9,1,0)*AB24 -> 0
L25: =LINGUA!B62 -> The humidification distance is calculated using the work of Gundacker | AB25: =AB24+1 -> 11 | AC25: DP060D30RU | AD25: 600 | AE25: 15 | AF25: =IF(AC25=$C$9,1,0)*AB25 -> 0
AB26: =AB25+1 -> 12 | AC26: DP085D30R0 | AD26: 850 | AE26: 18 | AF26: =IF(AC26=$C$9,1,0)*AB26 -> 0
AB27: =AB26+1 -> 13 | AC27: DP105D30R0 | AD27: 1048 | AE27: 18 | AF27: =IF(AC27=$C$9,1,0)*AB27 -> 0
D28: =IF(OR(G28<>"",G29<>"",G30<>"",),"ERROR", "") | G28: =IF(M12>H24,LINGUA!B63,"") | AB28: =AB27+1 -> 14 | AC28: DP125D30R0 | AD28: 1245 | AE28: 18 | AF28: =IF(AC28=$C$9,1,0)*AB28 -> 0
G29: =IF((M9*C12)<C15,LINGUA!B64,"") | AB29: =AB28+1 -> 15 | AC29: DP165D30R0 | AD29: 1640 | AE29: 18 | AF29: =IF(AC29=$C$9,1,0)*AB29 -> 0
G30: =IF(C15/H18/1.2*1000+DESIGN!J36>AE50*1000,LINGUA!B519,"") | AB30: =AB29+1 -> 16 | AC30: DP060D40RU | AD30: 600 | AE30: 45 | AF30: =IF(AC30=$C$9,1,0)*AB30 -> 16
AB31: =AB30+1 -> 17 | AC31: DP085D40R0 | AD31: 834 | AE31: 25 | AF31: =IF(AC31=$C$9,1,0)*AB31 -> 0
AB32: =AB31+1 -> 18 | AC32: DP105D40R0 | AD32: 1015 | AE32: 35 | AF32: =IF(AC32=$C$9,1,0)*AB32 -> 0
AB33: =AB32+1 -> 19 | AC33: DP125D40R0 | AD33: 1222 | AE33: 45 | AF33: =IF(AC33=$C$9,1,0)*AB33 -> 0
AB34: =AB33+1 -> 20 | AC34: DP165D40R0 | AD34: 1636 | AE34: 45 | AF34: =IF(AC34=$C$9,1,0)*AB34 -> 0
AB35: =AB34+1 -> 21 | AC35: DP205D40R0 | AD35: 2025 | AE35: 45 | AF35: =IF(AC35=$C$9,1,0)*AB35 -> 0
AF36: =SUM(AF15:AF35) -> 16
AB39: a | AC39: -5674.359 | AD39: -5800.2206 | AE39: c.s. aria J/(°C*g)= | AF39: 1.006
AB40: b | AC40: 6.3925247 | AD40: 1.3914993 | AE40: c.s. vapo J/(°C*g)= | AF40: 1.805
AB41: c | AC41: -0.009677843 | AD41: -0.048640239 | AE41: c latente J/g= | AF41: 2501
AB42: d | AC42: 6.2215701e-07 | AD42: 4.1764768e-05 | AE42: R Joule/Kmole*°K= | AF42: 8313.6
AB43: e | AC43: 2.0747825e-09 | AD43: -1.4452093e-08 | AE43: coefficiente fs | AF43: 1.004
AB44: f | AC44: -9.484024e-13 | AD44: 0 | AE44: coefficiente psi | AF44: 0.62198
AB45: g | AC45: 4.1635019 | AD45: 6.5459673
AB46: t in | AC46: =H9 -> -5 | AD46: t fin | AE46: =DESIGN!E42 -> 20 | AF46: density | AG46: =1.293*(AC50/101325)*(273.15/DESIGN!AF43)*(1/(1+1.6078*DESIGN!AF45/1000)) -> 1.2045708
AB47: % in | AC47: =H12 -> 0.9 | AF47: Air velocity m/sec | AG47: =DESIGN!E79 -> 2.1043771
AB48: T in | AC48: =AC46+273.15 -> 268.15 | AD48: T fin | AE48: =AE46+273.15 -> 293.15 | AF48: d x | AG48: =AG49-AC51*1000 -> 6.6666346
AB49: Psat in | AC49: =IF(AC46<0,EXP($AC$39/AC48+$AC$40+$AC$41*AC48+$AC$42*AC48^2+$AC$43*AC48^3+$AC$44*AC48^4+$AC$45*LN(AC48)),EXP($AD$39/AC48+$AD$40+$AD$41*AC48+$AD$42*AC48^2+$AD$43*AC48^3+$AD$44*AC48^4+$AD$45*LN(AC48))) -> 402.02926 | AD49: Psat fin | AE49: =IF(AE46<0,EXP($AC$39/AE48+$AC$40+$AC$41*AE48+$AC$42*AE48^2+$AC$43*AE48^3+$AC$44*AE48^4+$AC$45*LN(AE48)),EXP($AD$39/AE48+$AD$40+$AD$41*AE48+$AD$42*AE48^2+$AD$43*AE48^3+$AD$44*AE48^4+$AD$45*LN(AE48))) -> 2338.8037 | AF49: x finale | AG49: =IF(C15/H18/1.2*1000+DESIGN!J36<=AE50*1000,C15/H18/1.2*1000+DESIGN!J36,AE50*1000) -> 8.9046008
AB50: P atm | AC50: =DESIGN!W42 -> 101325 | AD50: x sat | AE50: =0.62198*1.004*AE49/(AC50-1.004*AE49) -> 0.014756057 | AF50: t finale | AG50: =DESIGN!Z43-273.15 -> 20
AB51: umi spec in kg/kg | AC51: =$AF$43*$AF$44*AC47*AC49/(AC50-$AF$43*AC47*AC49) -> 0.0022379662 | AD51: eff sat | AE51: =AG48/(1000*(AE50-AC51)) -> 0.53256003

Sheet TENDER TEXT
C1: UR | E1: UE | G1: UG
C2: ITALIANO | E2: ITALIANO | G2: ITALIANO
